 Dungeon Crawl Stone Soup version 0.29.1-1-gd02db6906a (webtiles) character file.

Game seed: 12020479601293754562

10423928 sleeves the Genius of the Arcane (level 27, 249/249 HPs)
             Began as a Gnoll Air Elementalist on Sept 27, 2022.
             Was the Champion of Sif Muna.
             Escaped with the Orb
             ... and 15 runes!
             The game lasted 09:18:27 (160360 turns).

sleeves the Genius of the Arcane (GnAE)           Turns: 160360, Time: 09:18:27

Health: 249/249    AC: 59    Str: 21      XL:     27
Magic:  53/54      EV: 19    Int: 41 (44) God:    Sif Muna [******]
Gold:   13840      SH: 32    Dex: 21      Spells: 7/80 levels left

rFire   + + +      SeeInvis .   R - staff of fire
rCold   + . .      Faith    .   A - +5 tower shield of the Sun {Str+2}
rNeg    + + +      Spirit   .   n - +8 orange crystal plate armour {Archmagi, Int+3 Clar}
rPois   ∞          Reflect  .   c - +1 helmet "Suhod" {rF++ rCorr Dex+3 Stlth+}
rElec   +          Harm     .   p - +0 cloak "Taotsom" {Will+ Int+2}
rCorr   +          Rampage  .   O - +2 pair of gloves {Str+3}
Will    ++++.      Archmagi +   f - +2 pair of boots {Fly}
Stlth   ++........ Clarity  +   J - amulet of Pessimism {Acrobat rElec Dex+3}
HPRegen 0.51/turn               b - ring "Jyck" {rF++ rN+ Int+6 Slay+5 Stlth+}
MPRegen 0.34/turn               i - ring "Xewiytu" {Str+6 Int+9}

@: lich-form, flying, studying 4 skills
A: draining attack, torment immunity, no potions, fangs 1, strong nose,
distributed training, talons 1
0: Orb of Zot
}: 15/15 runes: decaying, serpentine, slimy, silver, golden, iron, obsidian,
icy, bone, abyssal, demonic, glowing, magical, fiery, dark
a: End Transformation, Renounce Religion, Channel Magic, Forget Spell, Divine
Exegesis


You escaped.
You worshipped Sif Muna.
Sif Muna was exalted by your worship.
You were an undead lich.
You visited 18 branches of the dungeon, and saw 86 of its levels.
You visited Pandemonium 1 time, and saw 11 of its levels.
You visited the Abyss 8 times.
You completed 1 ziggurat, and saw 27 of its levels.
You also visited: Trove, Bailey, Ice Cave, Wizlab and Desolation.

You collected 16654 gold pieces.
You spent 2814 gold pieces at shops.

Inventory:

Hand Weapons
 x - the +7 Singing Sword {vorpal, sonic wave}
   (You found it on level 11 of a ziggurat)

   It inflicts extra damage upon your enemies.
   It radiates damaging sonic waves as it strikes, especially in combat
   involving dangerous or numerous foes.
 L - the +3 mace "Butsufan" {protect, rC++ rN+ Str+4 Int-2}
   (You found it on level 3 of the Elven Halls)

   It grants its wielder temporary protection when it strikes (+7 to AC).
   Str:       It affects your strength (+4).
   Int:       It affects your intelligence (-2).
   rC:        It greatly protects you from cold.
   rN:        It protects you from negative energy.
 N - the +4 flail of the Depths {vorpal, *Rage Will- Str+10 Int+4}
   (You found it on level 25 of a ziggurat)

   It inflicts extra damage upon your enemies.
   Str:       It affects your strength (+10).
   Int:       It affects your intelligence (+4).
   *Rage:     It berserks you when you make melee attacks (+20% chance).
   Will:      It decreases your willpower.
Missiles
 w - 35 silver javelins (quivered)
Armour
 c - the +1 helmet "Suhod" (worn) {rF++ rCorr Dex+3 Stlth+}
   (You found it on level 4 of the Snake Pit)

   Dex:       It affects your dexterity (+3).
   rF:        It greatly protects you from fire.
   rCorr:     It protects you from acid and corrosion.
   Stlth:     It makes you more stealthy.
 f - a +2 pair of boots of flying (worn)
   (You found it on level 7 of Cocytus)
 n - the +8 orange crystal plate armour (worn) {Archmagi, Int+3 Clar}
   (You found it in the Desolation of Salt)

   Int:       It affects your intelligence (+3).
   Clar:      It protects you against confusion.
 p - the +0 cloak "Taotsom" (worn) {Will+ Int+2}
   (You found it in the Desolation of Salt)

   Int:       It affects your intelligence (+2).
   Will:      It increases your willpower.
 A - the +5 tower shield of the Sun (worn) {Str+2}
   (You took it off a daeva on level 1 of the Abyss)

   Str:       It affects your strength (+2).
 O - a +2 pair of gloves of strength (worn)
   (You bought it in a shop on level 2 of the Orcish Mines)
 P - the +3 crown of Dyrovepreva {rElec Int+2 SInv}
   (You found it on level 25 of a ziggurat)

   Int:       It affects your intelligence (+2).
   rElec:     It insulates you from electricity.
   SInv:      It lets you see invisible.
 V - the quicksilver dragon scales of Sizil {Fly Will+ Dex+2}
   (You took it off a gnoll sergeant in a bailey)

   Dex:       It affects your dexterity (+2).
   Fly:       It grants you flight.
   Will:      It increases your willpower.
Magical Staves
 R - a staff of fire (weapon)
   (You found it in an ice cave)
Jewellery
 a - the ring "Jikok" {rC+ Str+3 Int+4 SInv}
   (You found it on level 22 of a ziggurat)

   [ring of protection from cold]

   Str:       It affects your strength (+3).
   Int:       It affects your intelligence (+4).
   rC:        It protects you from cold.
   SInv:      It lets you see invisible.
 b - the ring "Jyck" (left hand) {rF++ rN+ Int+6 Slay+5 Stlth+}
   (You found it in a treasure trove)

   [ring of intelligence]

   Int:       It affects your intelligence (+6).
   Slay:      It affects your accuracy & damage with ranged weapons and melee
   (+5).
   rF:        It greatly protects you from fire.
   rN:        It protects you from negative energy.
   Stlth:     It makes you more stealthy.
 i - the ring "Xewiytu" (right hand) {Str+6 Int+9}
   (You bought it in a shop on level 2 of the Elven Halls)

   [ring of strength]

   Str:       It affects your strength (+6).
   Int:       It affects your intelligence (+9).
 F - the ring "Jimue" {rF+ Will+ Int+6 Dex+3 Slay+2}
   (You found it on level 3 of the Tomb of the Ancients)

   [ring of intelligence]

   Int:       It affects your intelligence (+6).
   Dex:       It affects your dexterity (+3).
   Slay:      It affects your accuracy & damage with ranged weapons and melee
   (+2).
   rF:        It protects you from fire.
   Will:      It increases your willpower.
 J - the amulet of Pessimism (around neck) {Acrobat rElec Dex+3}
   (You took it off a spriggan druid on level 1 of the Swamp)

   [amulet of the acrobat]

   It increases your evasion while moving and waiting.
   Dex:       It affects your dexterity (+3).
   rElec:     It insulates you from electricity.
 Q - the amulet "Vuylecve" {Regen+ rCorr Str+8 Dex-3 Stlth-}
   (You found it on level 3 of the Crypt)

   [amulet of regeneration]

   Str:       It affects your strength (+8).
   Dex:       It affects your dexterity (-3).
   Regen:     It increases your rate of health regeneration.
   rCorr:     It protects you from acid and corrosion.
   Stlth:     It makes you less stealthy.
 S - the dreamshard necklace {*Dream Drain}
   (You took it off a deep elf zephyrmancer on level 3 of the Elven Halls)

   [amulet of nothing]

   It shatters if its wearer takes lethal or near-lethal damage, preventing the
   blow and releasing protective dreams that heal and fight for the wearer.
   Drain:     It drains your maximum health when unequipped.
Wands
 B - a wand of digging (9)
   (You found it on level 3 of the Elven Halls)
 T - a wand of roots (52)
   (You found it on level 7 of the Dungeon)
 Y - a wand of quicksilver (31)
   (You found it on level 12 of the Dungeon)
Scrolls
 e - 10 scrolls of vulnerability
 j - 16 scrolls of enchant armour
 l - 12 scrolls of immolation
 q - 13 scrolls of fear
 v - 5 scrolls of torment
 z - 2 scrolls of summoning
 C - 21 scrolls of teleportation
 H - 20 scrolls of fog
 U - 11 scrolls of blinking
 X - a scroll of magic mapping
Potions
 d - 10 potions of flight
 g - 14 potions of curing
 h - 6 potions of resistance
 k - a potion of mutation
 m - 13 potions of heal wounds
 r - 7 potions of ambrosia
 s - 9 potions of haste
 E - 10 potions of brilliance
 G - 5 potions of magic
 M - 5 potions of invisibility
 W - 17 potions of might
Miscellaneous
 o - the horn of Geryon
   (You took it off Geryon in the Vestibule of Hell)
 t - a phial of floods
   (You found it on level 3 of the Elven Halls)
 u - a condenser vane
   (You found it on level 9 of the Dungeon)
 y - a tin of tremorstones (2/2)
   (You found it in the Desolation of Salt)
 D - a phantom mirror
   (You found it on level 10 of the Dungeon)
 I - a box of beasts
   (You found it in an ice cave)
 K - a +1 figurine of a ziggurat
 Z - a lightning rod (4/4)
   (You found it on level 7 of Cocytus)


   Skills:
 O Level 27 Fighting
 O Level 27 Short Blades
 O Level 27 Long Blades
 O Level 27 Axes
 O Level 27 Maces & Flails
 O Level 27 Polearms
 O Level 27 Staves
 O Level 27 Ranged Weapons
 O Level 27 Throwing
 O Level 27 Armour
 O Level 27 Dodging
 O Level 27 Stealth
 O Level 27 Shields
 O Level 27 Unarmed Combat
 O Level 27 Spellcasting
 O Level 27 Conjurations
 O Level 27 Hexes
 + Level 25.9 Summonings
 + Level 25.9 Necromancy
 + Level 25.9 Translocations
 + Level 25.9 Transmutations
 + Level 25.9 Fire Magic
 O Level 27 Ice Magic
 + Level 26.3 Air Magic
 O Level 27 Earth Magic
 + Level 25.9 Poison Magic
 O Level 27 Invocations
 O Level 27 Evocations


You had 7 spell levels left.
You knew the following spells:

 Your Spells              Type           Power      Damage    Failure   Level
a - Polar Vortex          Ice            80%        N/A       4%          9
b - Lehudib's Crystal Sp  Conj/Erth      80%        10d18     1%          8
c - Swiftness             Air            100%       N/A       0%          3
d - Ignition              Fire           92%        3d23      1%          8
e - Necromutation         Tmut/Necr      92%        N/A       1%          8
f - Fire Storm            Conj/Fire      93%        8d23      5%          9
g - Shatter               Erth           80%        3d58*     4%          9
h - Disjunction           Tloc           79%        N/A       1%          8
m - Passage of Golubria   Tloc           100%       N/A       0%          4
n - Spellforged Servitor  Conj/Summ      79%        N/A       1%          7

Your spell library contained the following spells:

 Spells                   Type           Power      Damage    Failure   Level
 Apportation              Tloc           100%       N/A       0%          1
 Beastly Appendage        Tmut           100%       N/A       0%          1
 Foxfire                  Conj/Fire      100%       2x1d9     0%          1
 Freeze                   Ice            100%       1d11      0%          1
 Magic Dart               Conj           100%       1d8       0%          1
 Necrotise                Necr           100%       1d9       0%          1
 Sandblast                Erth           100%       2d20      0%          1
 Shock                    Conj/Air       100%       1d9       0%          1
 Slow                     Hex            100%       N/A       0%          1
 Sting                    Tmut/Pois      100%       1d8       0%          1
 Summon Small Mammal      Summ           100%       N/A       0%          1
 Blink                    Tloc           100%       N/A       0%          2
 Call Imp                 Summ           100%       N/A       0%          2
 Ensorcelled Hibernation  Hex/Ice        100%       N/A       0%          2
 Passwall                 Tmut/Erth      100%       N/A       0%          2
 Poisonous Vapours        Pois/Air       100%       N/A       0%          2
 Scorch                   Fire           100%       2d10      0%          2
 Searing Ray              Conj           100%       2d8       0%          2
 Static Discharge         Conj/Air       100%       3-16/arc  0%          2
 Sublimation of Blood     Necr           100%       N/A       0%          2
 Wereblood                Tmut           100%       N/A       0%          2
 Call Canine Familiar     Summ           100%       N/A       0%          3
 Confusing Touch          Hex            100%       N/A       0%          3
 Conjure Flame            Conj/Fire      100%       6-21      0%          3
 Dazzling Flash           Conj/Hex       100%       N/A       0%          3
 Frozen Ramparts          Ice            100%       1d16      0%          3
 Gell's Gravitas          Tloc           100%       N/A       0%          3
 Ignite Poison            Fire/Tmut/Pois 100%       N/A       0%          3
 Inner Flame              Hex/Fire       100%       N/A       0%          3
 Lesser Beckoning         Tloc           100%       N/A       0%          3
 Mephitic Cloud           Conj/Pois/Air  100%       N/A       0%          3
 Ozocubu's Armour         Ice            100%       N/A       0%          3
 Portal Projectile        Hex/Tloc       100%       N/A       0%          3
 Spider Form              Tmut/Pois      100%       N/A       0%          3
 Stone Arrow              Conj/Erth      100%       3d13      0%          3
 Summon Guardian Golem    Hex/Summ       100%       N/A       0%          3
 Teleport Other           Tloc           100%       N/A       0%          3
 Tukima's Dance           Hex            100%       N/A       0%          3
 Vampiric Draining        Necr           100%       2d13      0%          3
 Airstrike                Air            79%        2d(12-28) 0%          4
 Anguish                  Hex/Necr       93%        N/A       0%          4
 Animate Armour           Summ/Erth      100%       N/A       0%          4
 Animate Dead             Necr           100%       N/A       0%          4
 Cause Fear               Hex            80%        N/A       0%          4
 Corpse Rot               Necr/Pois/Air  100%       N/A       0%          4
 Dispel Undead            Necr           100%       3d31      0%          4
 Flame Wave               Conj/Fire      100%       2d21      0%          4
 Fulminant Prism          Conj/Hex       80%        3d34      0%          4
 Hailstorm                Conj/Ice       100%       3d20      0%          4
 Ice Form                 Ice/Tmut       100%       N/A       0%          4
 Iskenderun's Mystic Bla  Conj/Tloc      100%       2d19      0%          4
 Leda's Liquefaction      Hex/Erth       80%        N/A       0%          4
 Olgreb's Toxic Radiance  Pois           100%       N/A       0%          4
 Petrify                  Tmut/Erth      100%       N/A       0%          4
 Sticky Flame             Conj/Fire      100%       2d11      0%          4
 Summon Ice Beast         Ice/Summ       100%       N/A       0%          4
 Summon Lightning Spire   Summ/Air       100%       N/A       0%          4
 Agony                    Necr           100%       N/A       0%          5
 Alistair's Intoxication  Tmut/Pois      100%       N/A       0%          5
 Blade Hands              Tmut           79%        N/A       0%          5
 Borgnjor's Vile Clutch   Necr/Erth      93%        N/A       0%          5
 Fireball                 Conj/Fire      93%        3d34      0%          5
 Freezing Cloud           Conj/Ice/Air   80%        6-21      0%          5
 Irradiate                Conj/Tmut      79%        3d38      0%          5
 Iskenderun's Battlesphe  Conj           100%       2d15      0%          5
 Lee's Rapid Deconstruct  Erth           80%        3d37*     0%          5
 Lightning Bolt           Conj/Air       80%        1d107     0%          5
 Manifold Assault         Tloc           100%       N/A       0%          5
 Metabolic Englaciation   Hex/Ice        80%        N/A       0%          5
 Silence                  Hex/Air        80%        N/A       0%          5
 Summon Forest            Summ/Tloc      79%        N/A       0%          5
 Summon Mana Viper        Hex/Summ       100%       N/A       0%          5
 Yara's Violent Unravell  Hex/Tmut       79%        3d29      0%          5
 Conjure Ball Lightning   Conj/Air       80%        3x3d30    0%          6
 Death Channel            Necr           92%        N/A       0%          6
 Dispersal                Tloc           79%        N/A       0%          6
 Eringya's Noxious Bog    Tmut/Pois      79%        N/A       0%          6
 Iron Shot                Conj/Erth      80%        9d15      0%          6
 Simulacrum               Ice/Necr       93%        N/A       0%          6
 Starburst                Conj/Fire      93%        6d23      0%          6
 Statue Form              Tmut/Erth      100%       N/A       0%          6
 Summon Cactus Giant      Summ           79%        N/A       0%          6
 Dragon Form              Tmut           79%        N/A       1%          7
 Enfeeble                 Hex            80%        N/A       1%          7
 Haunt                    Necr/Summ      92%        N/A       1%          7
 Malign Gateway           Summ/Tloc      79%        N/A       1%          7
 Monstrous Menagerie      Summ           79%        N/A       1%          7
 Orb of Destruction       Conj           80%        9d18      1%          7
 Ozocubu's Refrigeration  Ice            80%        4d25      1%          7
 Storm Form               Tmut/Air       79%        N/A       1%          7
 Summon Hydra             Summ           79%        N/A       1%          7
 Borgnjor's Revivificati  Necr           92%        N/A       1%          8
 Discord                  Hex            80%        N/A       1%          8
 Infestation              Necr           92%        N/A       1%          8
 Maxwell's Capacitive Co  Air            79%        ∞         1%          8
 Summon Horrible Things   Summ           79%        N/A       1%          8
 Chain Lightning          Conj/Air       80%        3d106     4%          9
 Death's Door             Necr           92%        N/A       7%          9
 Dragon's Call            Summ           79%        N/A       7%          9


Dungeon Overview and Level Annotations

Branches:
Dungeon (15/15)            Temple (1/1) D:5            Lair (5/5) D:9
  Swamp (4/4) Lair:3        Snake (4/4) Lair:2        Slime (5/5) Lair:5
    Orc (2/2) D:9             Elf (3/3) Orc:2        Vaults (5/5) D:14
  Crypt (3/3) Vaults:3       Tomb (3/3) Crypt:3      Depths (4/4) D:15
   Hell (visited)             Dis (7/7) Hell            Geh (7/7) Hell
    Coc (7/7) Hell            Tar (7/7) Hell            Zot (5/5) Depths:4
 Bailey (visited)           IceCv (visited)          WizLab (visited)
Desolation (visited)

Altars:
Ashenzari
Cheibriados
Dithmenos
Elyvilon
Fedhas
Gozag
Hepliaklqana
Kikubaaqudgha
Makhleb
Nemelex Xobeh
Okawaru
Qazlal
Ru
Sif Muna
Trog
Uskayaw
Vehumet
Wu Jian
Xom
Yredelemnul
Zin
The Shining One
Jiyva
Lugonu

Shops:
D:1 (   D:6 *   Orc:2 :(*[   Elf:1 [=*[(   Elf:2 ::=   Snake:3 =   Vaults:4 *
Depths:3 [!

Portals:
Hell: Lair:5 Depths:1 Depths:2 Depths:3 Depths:4
Abyss: Depths:1 Depths:3
Pandemonium: Depths:2

Annotations:
D:5 Duvessa
Slime:3 exclusion: upstairs
Zot:3 exclusion: downstairs


Innate Abilities, Weirdness & Mutations

You are an undead lich.
Your unarmed attacks are suffused with negative energy.
You are immune to unholy pain and torment.
Your necromantic spells are more powerful.
You cannot drink.
You are immune to poison.
You have very sharp teeth.
Your uncanny sense of smell can sniff out nearby items.
Your experience applies equally to all skills.
You have sharp toenails.


Message History

The royal mummy hits your fire vortex!!
Your fire vortex dissipates!
The flying skull is engulfed in blazing flames.
You feel your intelligence returning.
Unknown command.
Unknown command.
Unknown command.
A mummy comes into view.
You destroy the flying skull!
Sif Muna accepts your kill.
You destroy the mummy!
Sif Muna accepts your kill.
The winds around you start to calm down.
The death scarab's many legs skitter faintly.
The death scarab is engulfed in blazing flames. x3
You hear a loud "Zot"!
The death scarab is engulfed in blazing flames.
The royal mummy is engulfed in blazing flames.
The royal mummy casts a spell at you. Something smites you!
The royal mummy is engulfed in blazing flames.
The mummy priest hits your fire vortex!!
Your fire vortex hits the mummy priest.
Your fire vortex burns the mummy priest!
Your fire vortex dissipates!
The royal mummy casts a spell.
The royal mummy is engulfed in blazing flames.
Unknown command.
You are engulfed in whirling frost.
You block the death scarab's attack. x2
You hear a loud "Zot"!
You block the death scarab's attack. x2
The death scarab is engulfed in blazing flames.
You block the death scarab's attack. x2
The royal mummy mumbles some strange words.
You hear a loud "Zot"!
The death scarab is engulfed in blazing flames.
A mummy comes into view.
You block the death scarab's attack.
Unknown command.
Unknown command.
Unknown command.
Casting: Fire Storm (dangerous; 13% risk of failure)
Confirm with . or Enter, or press ? or * to list all spells.
Casting: Ignition (mildly dangerous; 1% risk of failure)
Press: ? - help, Dir - look around, f - activate You feel a strong surge of power!
The air bursts into flame!
The fireball engulfs the death scarab!!!
You destroy the death scarab!
The death scarab's corpse disappears in a puff of smoke!
The fireball engulfs the death scarab!!
You destroy the death scarab!
The death scarab's corpse disappears in a puff of smoke!
The fireball engulfs the death scarab!!
You destroy the death scarab!
The death scarab's corpse disappears in a puff of smoke!
The fireball engulfs the death scarab.
The death scarab is moderately damaged.
The fireball engulfs the death scarab!!
The death scarab is almost destroyed.
The fireball engulfs the death scarab!!
You destroy the death scarab!
The death scarab's corpse disappears in a puff of smoke!
The fireball engulfs the emperor scorpion!
The emperor scorpion is lightly wounded.
The fireball engulfs the emperor scorpion!!!
The emperor scorpion is moderately wounded.
The fireball engulfs the mummy priest!!
The mummy priest is severely damaged.
The fireball engulfs the royal mummy!!
The royal mummy is lightly damaged.
The fireball engulfs the royal mummy!!!
You destroy the royal mummy!
Sif Muna accepts your kill.
The fireball engulfs the royal mummy!!
The royal mummy is severely damaged.
The fireball engulfs the royal mummy!!
The royal mummy is almost destroyed.
The fireball engulfs the mummy!!!
The mummy is burned terribly!
You destroy the mummy!
Sif Muna accepts your kill.
The fireball engulfs the flying skull!
The flying skull resists.
The flying skull is moderately damaged.
The fireball engulfs the mummy!!!
The mummy is burned terribly!
You destroy the mummy!
Sif Muna accepts your kill.
The fireball engulfs the mummy!!!
The mummy is burned terribly!
You destroy the mummy!
Sif Muna accepts your kill.
The fireball engulfs the mummy!
The mummy is burned terribly!
The mummy is severely damaged.
The fireball engulfs the death scarab!!
You destroy the death scarab!
The death scarab's corpse disappears in a puff of smoke!
The fireball engulfs the royal mummy!!
The royal mummy is severely damaged.
The fireball engulfs the mummy priest!!
You destroy the mummy priest!
Sif Muna accepts your kill.
The fireball engulfs the royal mummy!!!
The royal mummy is heavily damaged.
The fireball engulfs the royal mummy!!!
The royal mummy is almost destroyed.
The fireball engulfs the royal mummy!!
The royal mummy is heavily damaged.
The fireball engulfs the flying skull!
The flying skull resists.
You destroy the flying skull!
Sif Muna accepts your kill.
The fireball engulfs the death scarab!!
The death scarab is almost destroyed.
The fireball engulfs the mummy!!!
The mummy is burned terribly!
You destroy the mummy!
Sif Muna accepts your kill.
The fireball engulfs the death scarab!!!
You destroy the death scarab!
The death scarab's corpse disappears in a puff of smoke!
The fireball engulfs the royal mummy!!
You destroy the royal mummy!
Sif Muna accepts your kill.
The fireball engulfs the royal mummy!!
The royal mummy is severely damaged.
The fireball engulfs the emperor scorpion!!
The emperor scorpion is moderately wounded.
The fireball engulfs the royal mummy!!
You destroy the royal mummy!
Sif Muna accepts your kill.
The emperor scorpion disappears in a puff of smoke! x2
The fireball engulfs the royal mummy!!!
The royal mummy is almost destroyed.
You feel extremely nervous for a moment...
You feel horribly lethargic.
You feel as though you will be slow longer.
You feel extremely nervous for a moment...
You feel a surge of unholy energy.
You feel extremely nervous for a moment...
You feel a surge of unholy energy.
You feel extremely nervous for a moment...
You are engulfed in negative energy!
You feel weakened. The winds around you calm down.
You hear a hideous shriek!
The flying skull gives a hideous shriek!
You feel your intelligence returning.
You hit the royal mummy but do no damage.
You burn the royal mummy!!!
You destroy the royal mummy!
Sif Muna accepts your kill.
You feel extremely nervous for a moment...
You feel horribly lethargic.
You feel as though you will be slow longer.
You feel your intelligence returning.
You miss the flying skull. You block the flying skull's attack.
You hit the flying skull! You burn the flying skull!!
You destroy the flying skull!
Sif Muna accepts your kill.
You barely miss the flying skull. Your bite misses the flying skull.
The flying skull barely misses you.
The guardian mummy shoots a sling bullet.
The sling bullet hits you but does no damage.
You block the flying skull's attack.
You miss the flying skull. You block the flying skull's attack.
The guardian mummy shoots a sling bullet.
You block the sling bullet.
You hit the flying skull! You burn the flying skull!
You destroy the flying skull!
Sif Muna accepts your kill.
An ettin skeleton comes into view.
A royal mummy comes into view.
The guardian mummy shoots a sling bullet.
You block the sling bullet.
The guardian mummy shoots a sling bullet.
You block the sling bullet.
The royal mummy mumbles some strange words.
The guardian mummy shoots a sling bullet.
You block the sling bullet. The royal mummy casts a spell at you.
Something smites you!
Found 123 gold pieces and a rapier.
The royal mummy gestures wildly while chanting.
Casting: Ignition (mildly dangerous; 1% risk of failure)
Confirm with . or Enter, or press ? or * to list all spells.
Casting: Ignition (mildly dangerous; 1% risk of failure)
Press: ? - help, Dir - look around, f - activate You feel a strong surge of power!
The air bursts into flame!
The fireball engulfs the emperor scorpion!!
The emperor scorpion is moderately wounded.
The fireball engulfs the emperor scorpion!
The emperor scorpion is lightly wounded.
The fireball engulfs the emperor scorpion!!
The emperor scorpion is moderately wounded.
The fireball engulfs the emperor scorpion!!
The emperor scorpion is moderately wounded.
The fireball engulfs the royal mummy!
The royal mummy is lightly damaged.
The fireball engulfs the guardian mummy!!!
You destroy the guardian mummy!
Sif Muna accepts your kill.
The fireball engulfs the ettin skeleton!!
The ettin skeleton is moderately damaged.
The fireball engulfs the ettin skeleton!!!
The ettin skeleton is almost destroyed.
The fireball engulfs the royal mummy.
The royal mummy is lightly damaged.
The fireball engulfs the ettin skeleton!
You destroy the ettin skeleton!
Sif Muna accepts your kill.
The fireball engulfs the emperor scorpion!!!
The emperor scorpion is severely wounded.
The fireball engulfs the emperor scorpion!!
The emperor scorpion is severely wounded.
The fireball engulfs the emperor scorpion but does no damage.
The emperor scorpion is severely wounded.
* * * LOW MAGIC WARNING * * *
You feel extremely nervous for a moment...
You feel weird for a moment.
The royal mummy casts a spell.
You block the emperor scorpion's attack. x2
The emperor scorpion claws you but does no damage.
Found five items.
The emperor scorpion disappears in a puff of smoke!
You see here a +0 trident.
Found four items.
The emperor scorpion stings you but does no damage.
You block the emperor scorpion's attack. x2
The emperor scorpion attacks as you move away!
You block the emperor scorpion's attack. x2
The emperor scorpion claws you but does no damage.
Found a +4 ring of protection, a glowing whip and a glowing leather armour.
The emperor scorpion misses you.
You block the emperor scorpion's attack. x2
The emperor scorpion closely misses you.
The emperor scorpion completely misses you. x2
The royal mummy casts a spell.
You block the emperor scorpion's attack.
The emperor scorpion claws you but does no damage.
The emperor scorpion claws you.
The emperor scorpion attacks as you move away!
You block the emperor scorpion's attack. x2
The emperor scorpion misses you.
Found Xutaakh's Directory of the Mountains and Conjuring.
The death scarab enters a dispersal trap!
The emperor scorpion blinks! x3; The death scarab blinks!
The royal mummy blinks!
The emperor scorpion blinks! x3; You blink.
The death scarab blinks!
The emperor scorpion misses you.
The emperor scorpion closely misses you. x2
You block the emperor scorpion's attack. x2
The emperor scorpion closely misses you.
The death scarab closely misses you.
The emperor scorpion attacks as you move away!
You block the emperor scorpion's attack. x3
The death scarab fails to trigger a net trap.
You block the death scarab's attack.
You block the emperor scorpion's attack.
The emperor scorpion closely misses you. x2
The emperor scorpion completely misses you.
The emperor scorpion barely misses you. The emperor scorpion misses you.
You block the emperor scorpion's attack.
The emperor scorpion claws you but does no damage. x2
The death scarab completely misses you.
Casting: Ignition (mildly dangerous; 1% risk of failure)
Confirm with . or Enter, or press ? or * to list all spells.
Casting: Ignition (mildly dangerous; 1% risk of failure)
Press: ? - help, Dir - look around, f - activate You feel a strong surge of power!
The air bursts into flame!
The fireball engulfs the emperor scorpion!
The emperor scorpion is moderately wounded.
The fireball engulfs the emperor scorpion!!!
The emperor scorpion is moderately wounded.
The fireball engulfs the death scarab!!
The death scarab is almost destroyed.
The fireball engulfs the emperor scorpion!
The emperor scorpion is severely wounded.
The fireball engulfs the emperor scorpion!!!
The emperor scorpion is heavily wounded.
The fireball engulfs the death scarab!!
You destroy the death scarab!
The death scarab's corpse disappears in a puff of smoke!
The fireball engulfs the death scarab!!
You destroy the death scarab!
The death scarab's corpse disappears in a puff of smoke!
The fireball engulfs the royal mummy!!
The royal mummy is lightly damaged.
The fireball engulfs the emperor scorpion!!
The emperor scorpion is almost dead.
The fireball engulfs the emperor scorpion!!!
The emperor scorpion is almost dead.
The fireball engulfs the emperor scorpion!!
You kill the emperor scorpion!
The emperor scorpion's corpse disappears in a puff of smoke!
The fireball engulfs the death scarab!!
You destroy the death scarab!
The death scarab's corpse disappears in a puff of smoke!
The fireball engulfs the emperor scorpion!!
The emperor scorpion is severely wounded.
The fireball engulfs the emperor scorpion!
The emperor scorpion is almost dead.
The fireball engulfs the emperor scorpion.
The emperor scorpion is almost dead.
The fireball engulfs the emperor scorpion!!
You kill the emperor scorpion!
The emperor scorpion's corpse disappears in a puff of smoke!
The fireball engulfs the emperor scorpion!!
You kill the emperor scorpion!
The emperor scorpion's corpse disappears in a puff of smoke!
* * * LOW MAGIC WARNING * * *
A mummy priest comes into view.
The royal mummy gestures at you while chanting.
Something smites you!
The emperor scorpion enters a dispersal trap!
The emperor scorpion blinks!
The mummy priest blinks!
The emperor scorpion blinks! x2; The royal mummy blinks!
You blink.
The emperor scorpion blinks!
The royal mummy gestures wildly while chanting.
The mummy priest calls down the wrath of its god upon you.
Something smites you! You block the death scarab's attack.
The death scarab misses you. The royal mummy casts a spell at you.
Something smites you! The royal mummy barely misses you.
Casting: Ignition (mildly dangerous; 1% risk of failure)
Confirm with . or Enter, or press ? or * to list all spells.
You feel a surge of power!
A great freezing vortex appears around you.
* * * LOW MAGIC WARNING * * *
You destroy the death scarab!
The death scarab's corpse disappears in a puff of smoke!
You block the royal mummy's attack.
You are too injured to fight recklessly!
You are too injured to fight recklessly!
You hit the royal mummy. You burn the royal mummy!! You bite the royal mummy.
The royal mummy is heavily damaged.
You block the emperor scorpion's attack. x2
The emperor scorpion closely misses you.
The royal mummy casts a spell.
You block the emperor scorpion's attack.
The emperor scorpion claws you but does no damage.
The emperor scorpion misses you.
You hit the royal mummy. You burn the royal mummy!!
The royal mummy is almost destroyed.
You kill the emperor scorpion!
The emperor scorpion's corpse disappears in a puff of smoke!
You kill the emperor scorpion!
The emperor scorpion's corpse disappears in a puff of smoke!
The death scarab bites you but does no damage.
You block the royal mummy's attack.
The mummy priest mumbles some strange prayers to its god against you.
Something smites you!
You hit the royal mummy but do no damage.
You burn the royal mummy!!!
You destroy the royal mummy!
Sif Muna accepts your kill.
The death scarab disappears in a puff of smoke!
You feel extremely nervous for a moment...
You feel a surge of unholy energy.
You destroy the mummy priest!
Sif Muna accepts your kill.
You feel extremely nervous for a moment...
You feel horribly lethargic.
You feel as though you will be slow longer.
Found a book of Transfigurations.
The winds around you start to calm down.
Found five items.
You are engulfed in whirling frost.
Found four items.
The winds around you calm down.
Found five items.
Found four items.
You feel less invigorated.
You start resting.
Your transformation is almost over.
You feel yourself come back to life.
You feel yourself speed up.
You start resting.
HP restored.
Unknown command.
Casting: Polar Vortex (dangerous; 11% risk of failure)
Confirm with . or Enter, or press ? or * to list all spells.
You feel a surge of power!
Your body is suffused with negative energy!
You now have 13413 gold pieces (gained 19).
You now have 13439 gold pieces (gained 26).
You now have 13460 gold pieces (gained 21).
You now have 13474 gold pieces (gained 14).
You see here a +2 scale mail of fire resistance.
You see here a book of the Warp.
You see here the +1 dagger of the Feeding Pill Bug {pain, Int+4}.
You now have 13499 gold pieces (gained 25).
You now have 13533 gold pieces (gained 34).
You now have 13542 gold pieces (gained 9).
h - 6 potions of resistance (gained 1)
Things that are here:
3 stones; a box of beasts You now have 13575 gold pieces (gained 33).
You see here a +0 spear of flaming.
F - the ring of Asiwoleh {+Blink rC+ rCorr Str+5 Dex-5} You drop the ring of Asiwoleh {+Blink rC+ rCorr Str+5 Dex-5}.
You see here a tin of tremorstones (2/2).
F - the ring "Jimue" {rF+ Will+ Int+6 Dex+3 Slay+2}
Okay, then.
Unknown command.
You're wearing all the rings you can.
Remove which one? (? for menu, Esc to cancel) < or
b - the ring "Jyck" {rF++ rN+ Int+6 Slay+5 Stlth+} > or
a - the ring "Jikok" {rC+ Str+3 Int+4 SInv} You remove the ring "Jikok" {rC+ Str+3 Int+4 SInv}.
You feel stronger.
You feel clever.
i - the ring "Xewiytu" (right hand) {Str+6 Int+9} You see here a staff of death.
You now have 13598 gold pieces (gained 23).
You now have 13633 gold pieces (gained 35).
You now have 13654 gold pieces (gained 21).
You now have 13675 gold pieces (gained 21).
You now have 13687 gold pieces (gained 12).
Things that are here:
3 stones; a box of beasts You see here a +6 ring of dexterity.
You see here a phantom mirror.
Your pack is full.
You see here the amulet of the Four Winds {rN+ Will+++ Clar}.
Your pack is full.
You see here the amulet of Zohomypo {Regen+ Dex+5}.
You see here a phantom mirror.
You see here a +6 ring of dexterity.
Things that are here:
3 stones; a box of beasts
Okay, then.
Found 33 gold pieces.
Found 145 gold pieces and an amulet of faith.
Found 223 gold pieces and a book of Lightning.
Found 71 gold pieces.
Found 38 gold pieces and a glowing dagger.
Found 37 gold pieces.
Found 9 gold pieces.
Found 182 gold pieces and a morningstar.
You now have 13716 gold pieces (gained 29).
Found 7 stones and 193 gold pieces.
You now have 13745 gold pieces (gained 29).
Found 108 gold pieces and a glowing battleaxe.
You now have 13761 gold pieces (gained 16).
You see here 5 stones.
Found 13 gold pieces.
You now have 13782 gold pieces (gained 21).
You now have 13814 gold pieces (gained 32).
Your transformation is almost over.
You now have 13840 gold pieces (gained 26).
You feel yourself come back to life.
Found 5 poisoned darts.
Things that are here:
a +0 plate armour; a +1 great mace of freezing
Casting: Necromutation (mildly dangerous; 1% risk of failure)
Confirm with . or Enter, or press ? or * to list all spells.
You feel a surge of power!
Your body is suffused with negative energy!
Found a potion of lignification.
Found 51 gold pieces.
Found a golden rune of Zot.
You pick up the golden rune and feel its power.
You have collected all the runes!
Now go and win!
Press } to see all the runes you have collected.
Unknown command.
Magic restored.
Found a chain mail.
Found a ring mail.
You reach down and open the door.
There is an open door here.
You see here a +0 mace.
There is a one-way staircase leading up here.
A mysterious force pulls you upwards. The hatch slams shut behind you.
You reach down and open the door.
There is an open door here.
There is an open door here.
There is a one-way staircase leading up here.
A mysterious force pulls you upwards. The hatch slams shut behind you.
There is a one-way staircase leading down here.
As you read the scroll of teleportation, it crumbles to dust.
You feel strangely unstable.
You start waiting.
Your surroundings suddenly seem different.
A guardian mummy comes into view.
You block the guardian mummy's attack.
You hit the guardian mummy! You burn the guardian mummy!!
The guardian mummy is severely damaged.
You hit the guardian mummy! You burn the guardian mummy!!!
You destroy the guardian mummy!
Sif Muna accepts your kill.
You feel extremely nervous for a moment...
You feel horribly lethargic.
You feel yourself slow down.
Your transformation is almost over.
You feel yourself speed up.
You feel yourself come back to life.
There is a staircase back to the Crypt here.
You fly upwards.
Welcome back to the Crypt!
There is a staircase to the Tomb here.
Unknown command.
Search for what [Enter for "tomb", or ? for help]?
Okay, then.
(D) Dungeon (T) Temple (L) Lair (S) Swamp (P) Snake Pit (M) Slime Pits (O) Orcish Mines (E) Elven Halls (V) Vaults (C) Crypt (W) Tomb (U) Depths (H) Hell (I) Dis (G) Gehenna (X) Cocytus (Y) Tartarus (Z) Zot
Where to? (Enter - Tomb:1 @ (x,y), ? - help)
What level of the Realm of Zot? (default 1, ? - help)
There is an open gate here.
There is an open gate here.
There is an open gate here.
There is an open door here.
There is a dry fountain here.
There is an open gate here.
There is an open door, spattered with blood here.
Items here: ( )))) [[.
There is an open door, spattered with blood here.
You see here a +0 trident.
There is an open door here.
There is an open door here.
There is a large open door here.
There is an open gate here.
You see here a +0 battleaxe.
There is a large open door here.
There is a stone staircase leading up, spattered with blood here.
You fly upwards.
There is a stone staircase leading down, spattered with blood here.
There is an open gate here.
There is a stone staircase leading up here.
You fly upwards.
There is a stone staircase leading down here.
You see here a +0 short sword.
There is an open gate here.
Things that are here:
a +0 plate armour; a +0 great sword of draining
Items here: ))) [[.
You see here a +0 scimitar.
There is a staircase back to the Vaults, spattered with blood here.
You fly upwards.
Welcome back to the Vaults!
There is a staircase to the Crypt, spattered with blood here.
You see here a +0 flail.
There is an open door here.
There is a stone staircase leading up here.
Things that are here:
a +0 robe; a +0 dagger of venom You fly upwards.
There is a stone staircase leading down here.
There is a large open door here.
There is an open door here.
There is an open door here.
There is an open door here.
You see here a +0 arbalest.
Things that are here:
a +0 ring mail; a +0 mace
There is a stone staircase leading up, spattered with blood here.
You fly upwards.
There is a stone staircase leading down here.
There is an open door here.
Things that are here:
a +0 ring mail; a +0 long sword; a +0 hand crossbow
There is an open door, spattered with blood here.
There is a gate leading back out of this place here.
You fly up through the gate.
Welcome back to the Dungeon!
There is a gate to the Vaults here.
There is a huge open gate here.
There is a stone staircase leading down here.
You fly downwards.
There is a stone staircase leading up, spattered with blood here.
There is a staircase to the Depths here.
You fly downwards.
Welcome back to the Depths!
There is a staircase back to the Dungeon here.
There is a stone staircase leading down here.
You fly downwards.
There is a stone staircase leading up here.
There is a large open door here.
There is a large open door here.
You see here a +1 battleaxe of freezing.
There is a fountain of sparkling water here.
Things that are here:
a +0 plate armour; a +5 vorpal broad axe
Things that are here:
a +0 robe; a +0 trident
There is a large open door here.
Items here: ))))) = ? [[[[.
There is a large open door, spattered with blood here.
Items here: ( )) [.
Things that are here:
a +0 dire flail; a +0 dire flail
There is a stone staircase leading down, spattered with blood here.
A golden dragon is nearby!
The golden dragon roars deafeningly!
Things that are here:
a +0 troll leather armour; a +2 great sword of flaming
There is a large open door here.
Casting: Necromutation (mildly dangerous; 1% risk of failure)
Confirm with . or Enter, or press ? or * to list all spells.
Aiming: Lehudib's Crystal Spear (mildly dangerous; 1% risk of failure)
Press: ? - help, Shift-Dir - straight line, f - golden dragon
Aim: a golden dragon (91% to hit)
You feel a surge of power!
The crystal spear hits the golden dragon!!!!
The golden dragon is almost dead.
Casting: Lehudib's Crystal Spear (mildly dangerous; 1% risk of failure)
Confirm with . or Enter, or press ? or * to list all spells.
Aiming: Lehudib's Crystal Spear (mildly dangerous; 1% risk of failure)
Press: ? - help, Shift-Dir - straight line, f/p - golden dragon
Aim: a golden dragon (almost dead, 91% to hit)
You feel a surge of power!
The crystal spear hits the golden dragon!!!!
You kill the golden dragon!
Sif Muna accepts your kill.
You feel your strength returning.
(D) Dungeon (T) Temple (L) Lair (S) Swamp (P) Snake Pit (M) Slime Pits (O) Orcish Mines (E) Elven Halls (V) Vaults (C) Crypt (W) Tomb (U) Depths (H) Hell (I) Dis (G) Gehenna (X) Cocytus (Y) Tartarus (Z) Zot
Where to? (Enter - Zot:5, ? - help)
Things that are here:
a +0 troll leather armour; a +2 great sword of flaming
There is a stone staircase leading down, spattered with blood here.
You fly downwards.
There is a stone staircase leading up, spattered with blood here.
Items here: ))))) = [.
Things that are here:
a +0 robe; a +0 dagger
There is a stone staircase leading down here.
You fly downwards.
There is a stone staircase leading up here.
There is an open door here.
There is a gate to the Realm of Zot here.
You fly down through the gate.
Welcome back to the Realm of Zot!
There is a gate leading back out of this place here.
There is an open door here.
Magic restored.
There is an open door here.
There is a stone staircase leading down here.
You fly downwards.
There is a stone staircase leading up here.
Things that are here:
a +0 cloak; a +0 rapier
Things that are here:
a +0 scimitar; a +1 trident of venom
There is an open door here.
There is an open door, spattered with blood here.
There is a stone staircase leading down here.
There is a stone staircase leading down here.
You fly downwards.
Level annotation: exclusion: downstairs
There is a stone staircase leading up here.
There is a stone staircase leading down here.
You fly downwards.
There is a stone staircase leading up here.
There is an open door here.
You see here a +0 mace.
There is an open door here.
Things that are here:
a +0 halberd; a +0 flail
There is a stone staircase leading down here.
You fly downwards.
There is a stone staircase leading up here.
Okay, then.
Unknown command.
(D) Dungeon (T) Temple (L) Lair (S) Swamp (P) Snake Pit (M) Slime Pits (O) Orcish Mines (E) Elven Halls (V) Vaults (C) Crypt (W) Tomb (U) Depths (H) Hell (I) Dis (G) Gehenna (X) Cocytus (Y) Tartarus (Z) Zot
Where to? (Enter - Zot:5, ? - help)
Okay, then.
You see here a +0 dire flail.
You see here a +12 club.
You see here a +0 mace.
You see here a +0 flail.
You see here the Orb of Zot.
You pick up the Orb of Zot!
The Orb lets out a hideous shriek!
The lords of Pandemonium are not amused.
Beware!
Now all you have to do is get back out of the dungeon!
You feel yourself speed up.
Really fly into that permanent teleport trap?
You enter a permanent teleport trap!
Your surroundings suddenly seem different.
A profane servitor comes into view. It is wielding a +2 whip.
A profane servitor is nearby!
Casting: Lehudib's Crystal Spear (mildly dangerous; 1% risk of failure)
Confirm with . or Enter, or press ? or * to list all spells.
You feel a surge of power!
Your body is suffused with negative energy!
There is a stone staircase leading up here.
You fly upwards.
There is a stone staircase leading down here.
An Orb Guardian comes into view.
You can't go up here!
Casting: Necromutation (mildly dangerous; 1% risk of failure)
Confirm with . or Enter, or press ? or * to list all spells.
Aiming: Lehudib's Crystal Spear (mildly dangerous; 1% risk of failure)
Press: ? - help, Shift-Dir - straight line, f - Orb Guardian
Aim: an Orb Guardian (80% to hit)
You feel a surge of power!
The crystal spear hits the Orb Guardian!!!!
You kill the Orb Guardian!
Sif Muna accepts your kill.
(D) Dungeon (T) Temple (L) Lair (S) Swamp (P) Snake Pit (M) Slime Pits (O) Orcish Mines (E) Elven Halls (V) Vaults (C) Crypt (W) Tomb (U) Depths (H) Hell (I) Dis (G) Gehenna (X) Cocytus (Y) Tartarus (Z) Zot
Where to? (Enter - Zot:4 @ (x,y), ? - help)
Your extra speed is starting to run out.
You see here 5 stones.
You feel yourself slow down.
There is an open door here.
You see here a +2 vorpal hand axe.
An Orb Guardian comes into view.
Casting: Lehudib's Crystal Spear (mildly dangerous; 1% risk of failure)
Confirm with . or Enter, or press ? or * to list all spells.
You feel a surge of power!
You summon a servant imbued with your destructive magic!
Your spellforged servitor casts a spell at the Orb Guardian.
The crystal spear hits the Orb Guardian!!!
The Orb Guardian hits your spellforged servitor!
The Orb Guardian hits your spellforged servitor!!
Your spellforged servitor points at the Orb Guardian and mumbles some strange words.
The crystal spear hits the Orb Guardian!!!
The Orb Guardian dies!
Sif Muna accepts your kill.
There is an open door here.
There is a stone staircase leading up here.
You fly upwards.
Level annotation: exclusion: downstairs
There is a stone staircase leading down here.
A rust devil comes into view.
The rust devil moves out of view.
There is a stone staircase leading up here.
You fly upwards.
There is a stone staircase leading down here.
You see here a +0 halberd.
Your transformation is almost over.
Things that are here:
a +0 cloak; a +0 rapier
There is an open door, spattered with blood here.
You feel yourself come back to life.
There is an open door here.
Things that are here:
a +0 scimitar; a +1 trident of venom
Things that are here:
a +0 cloak; a +0 rapier
There is a stone staircase leading up here.
You fly upwards.
There is a stone staircase leading down here.
There is an open door here.
There is an open door here.
There is a gate leading back out of this place here.
You fly up through the gate.
Welcome back to the Depths!
There is a gate to the Realm of Zot here.
Casting: Spellforged Servitor (safe; 1% risk of failure)
Confirm with . or Enter, or press ? or * to list all spells.
You feel a surge of power!
Your body is suffused with negative energy!
Unknown command.
There is an open door here.
A smoke demon comes into view.
You can't go up here!
The smoke demon roars!
There is a stone staircase leading up here.
You fly upwards.
There is a stone staircase leading down here.
Magic restored.
There is a stone staircase leading up here.
You fly upwards.
There is a stone staircase leading down here.
A walking crystal tome comes into view.
Casting: Necromutation (mildly dangerous; 1% risk of failure)
Confirm with . or Enter, or press ? or * to list all spells.
Aiming: Lehudib's Crystal Spear (mildly dangerous; 1% risk of failure)
Press: ? - help, Shift-Dir - straight line, f - walking crystal tome
Aim: a walking crystal tome (wandering, hasn't noticed you, 95% to hit)
You feel a surge of power!
The crystal spear hits the walking crystal tome!!!
The walking crystal tome is severely damaged.
The walking crystal tome's pages rustle loudly.
Casting: Lehudib's Crystal Spear (mildly dangerous; 1% risk of failure)
Confirm with . or Enter, or press ? or * to list all spells.
Aiming: Lehudib's Crystal Spear (mildly dangerous; 1% risk of failure)
Press: ? - help, Shift-Dir - straight line, f/p - walking crystal tome
Aim: a walking crystal tome (severely damaged, 95% to hit)
You feel a surge of power!
The crystal spear hits the walking crystal tome!!!!
You destroy the walking crystal tome!
Sif Muna accepts your kill.
Aiming: Dig
Press: ? - help, Shift-Dir - straight line A rock wall.
This square is covered in magical glow.
The rock shatters into small pieces.
There is an escape hatch in the ceiling here.
A mysterious force pulls you upwards. The hatch slams shut behind you.
Your transformation is almost over.
A Tzitzimitl comes into view.
The Tzitzimitl roars!
Casting: Lehudib's Crystal Spear (mildly dangerous; 1% risk of failure)
Confirm with . or Enter, or press ? or * to list all spells.
You don't know that spell.
Casting: Lehudib's Crystal Spear (mildly dangerous; 1% risk of failure)
Confirm with . or Enter, or press ? or * to list all spells.
You feel a surge of power!
You summon a servant imbued with your destructive magic!
Your spellforged servitor casts a spell at the Tzitzimitl.
The crystal spear hits the Tzitzimitl!!!
You feel yourself come back to life.
Your spellforged servitor points at the Tzitzimitl and mumbles some strange words.
The crystal spear hits the Tzitzimitl!!!
The Tzitzimitl dies!
Sif Muna accepts your kill.
You feel your strength returning.
There is an open door here.
There is an open door here.
There is a staircase back to the Dungeon here.
You fly upwards.
Welcome back to the Dungeon!
There is a staircase to the Depths here.
There is a stone staircase leading up, spattered with blood here.
You fly upwards.
There is a stone staircase leading down here.
Casting: Spellforged Servitor (safe; 1% risk of failure)
Confirm with . or Enter, or press ? or * to list all spells.
You feel a surge of power!
Your body is suffused with negative energy!
Unknown command.
You see here a +0 arbalest.
A Brimstone Fiend comes into view.
The Brimstone Fiend roars!
Casting: Necromutation (mildly dangerous; 1% risk of failure)
Confirm with . or Enter, or press ? or * to list all spells.
You feel a surge of power!
You summon a servant imbued with your destructive magic!
Your spellforged servitor gestures at the Brimstone Fiend while chanting.
The crystal spear hits the Brimstone Fiend!!!
The Brimstone Fiend gestures at your spellforged servitor.
The sphere of damnation explodes!
The damnation engulfs your spellforged servitor!!
Your spellforged servitor gestures at the Brimstone Fiend while chanting.
The crystal spear hits the Brimstone Fiend!!!
The Brimstone Fiend dies!
Sif Muna accepts your kill.
There is a stone staircase leading up here.
You fly upwards.
There is a stone staircase leading down, spattered with blood here.
There is a stone staircase leading up here.
You fly upwards.
There is a stone staircase leading down here. 4 hell hounds come into view.
You can't go up here!
The hell hound barks!
The hell hound moves out of view.
Casting: Spellforged Servitor (safe; 1% risk of failure)
Confirm with . or Enter, or press ? or * to list all spells.
You don't know that spell.
The hell hound breathes flames at you. The blast of flame misses you.
The hell hound breathes flames at you.
The blast of flame hits you but does no damage.
There is a stone staircase leading up, spattered with blood here.
The hell hound breathes flames at you.
The blast of flame hits the hell hound.
The hell hound completely resists.
The blast of flame misses the hell hound.
The blast of flame hits you but does no damage.
You block the hell hound's attack.
You fly upwards.
There is a stone staircase leading down here.
There is a stone staircase leading up here.
You fly upwards.
There is a stone staircase leading down here.
There is an escape hatch in the ceiling here.
A mysterious force pulls you upwards. The hatch slams shut behind you.
You see here a +0 shortbow.
A Brimstone Fiend comes into view.
You can't go up here!
The Brimstone Fiend moves out of view.
Casting: Spellforged Servitor (safe; 1% risk of failure)
Confirm with . or Enter, or press ? or * to list all spells.
You feel a surge of power!
You summon a servant imbued with your destructive magic!
Your transformation is almost over.
Your spellforged servitor points at the Brimstone Fiend and mumbles some strange words.
The crystal spear hits the Brimstone Fiend!!!
Casting: Spellforged Servitor (safe; 1% risk of failure)
Confirm with . or Enter, or press ? or * to list all spells.
You don't know that spell.
The Brimstone Fiend barely misses your spellforged servitor.
The Brimstone Fiend hits your spellforged servitor.
The Brimstone Fiend barely misses your spellforged servitor.
You hit the Brimstone Fiend.
The Brimstone Fiend is severely wounded.
You completely miss the Brimstone Fiend.
You bite the Brimstone Fiend, but do no damage.
The Brimstone Fiend is severely wounded.
Your spellforged servitor points at the Brimstone Fiend and mumbles some strange words.
The crystal spear hits the Brimstone Fiend!!
The Brimstone Fiend gestures at your spellforged servitor.
The sphere of damnation explodes!
The damnation engulfs your spellforged servitor!!!
The damnation engulfs you!!
The damnation engulfs the Brimstone Fiend.
The Brimstone Fiend completely resists.
Casting: Spellforged Servitor (safe; 1% risk of failure)
Confirm with . or Enter, or press ? or * to list all spells.
Aiming: Lehudib's Crystal Spear (mildly dangerous; 1% risk of failure)
Press: ? - help, Shift-Dir - straight line, f - Brimstone Fiend
Aim: a Brimstone Fiend (almost dead, not watching you, ally target, 93% to hit)
You feel a surge of power!
The crystal spear hits the Brimstone Fiend!!!!
You kill the Brimstone Fiend!
Sif Muna accepts your kill.
You feel yourself come back to life.
Things that are here:
a +0 robe; a +0 dagger
There is an open door here.
There is a stone staircase leading up here.
You fly upwards.
Your summoned ally is left behind.
There is a stone staircase leading down here.
There is a stone staircase leading up here.
You fly upwards.
There is a stone staircase leading down here.
Magic restored.
There is a stone staircase leading up here.
You fly upwards.
There is a stone staircase leading down here.
Things that are here:
a +0 leather armour; a +0 hand axe
Things that are here:
a +0 leather armour; a +0 club
There is a stone staircase leading up, spattered with blood here.
You fly upwards.
Level annotation: Duvessa
There is a stone staircase leading down here.
HP restored.
There is an open door here.
There is a stone staircase leading up here.
You fly upwards.
There is a stone staircase leading down here.
There is a stone staircase leading up here.
You fly upwards.
There is a stone staircase leading down here. 3 golden eyes come into view.
You can't go up here!
A golden eye comes into view.
The golden eye turns its gaze towards you.
The golden eye moves out of view.
There is a stone staircase leading up here.
You fly upwards.
There is a stone staircase leading down here.
There is an open door here.
There is an open door here.
There is a stone staircase leading up here.
You fly upwards.
There is a stone staircase leading down here.
A demonspawn black sun, a soul eater and a demonspawn warmonger come into view.
The demonspawn black sun is wielding a +1 great sword of electrocution.
The demonspawn warmonger is wielding a +1 vorpal dire flail and wearing a +1 chain mail of willpower.
Casting: Lehudib's Crystal Spear (mildly dangerous; 1% risk of failure)
Confirm with . or Enter, or press ? or * to list all spells.
You feel a surge of power!
Your body is suffused with negative energy!
Casting: Necromutation (mildly dangerous; 1% risk of failure)
Confirm with . or Enter, or press ? or * to list all spells.
You feel a surge of power!
A great freezing vortex appears around you.
The demonspawn warmonger unwields a +1 vorpal dire flail.
The demonspawn warmonger wields a +3 arbalest of freezing.
It is covered in frost.
The demonspawn warmonger shoots a bolt.
You block the bolt. You block the soul eater's attack.
The demonspawn black sun completely misses you.
The demonspawn warmonger shoots a bolt.
You block the bolt. You block the soul eater's attack.
The demonspawn black sun closely misses you.
The demonspawn black sun attacks as you move away!
You block the demonspawn black sun's attack.
You kill the soul eater!
Sif Muna accepts your kill.
The demonspawn warmonger shoots a bolt.
You block the bolt.
The demonspawn black sun attacks as you move away!
You block the demonspawn black sun's attack.
Sif Muna accepts your kill.
You feel a bit more experienced. Sif Muna accepts your kill.
You feel a bit more experienced.
The winds around you start to calm down.
You are engulfed in whirling frost.
You are engulfed in whirling frost.
The winds around you calm down.
There is a stone staircase leading down here.
A hellion comes into view.
Casting: Polar Vortex (dangerous; 4% risk of failure)
Confirm with . or Enter, or press ? or * to list all spells.
Aiming: Fire Storm (dangerous; 5% risk of failure)
Press: ? - help, Dir - move target You feel a strong surge of power!
A raging storm of fire appears!
The great blast of fire engulfs the hellion!!!!
You kill the hellion!
Sif Muna accepts your kill.
(D) Dungeon (T) Temple (L) Lair (S) Swamp (P) Snake Pit (M) Slime Pits (O) Orcish Mines (E) Elven Halls (V) Vaults (C) Crypt (W) Tomb (U) Depths (H) Hell (I) Dis (G) Gehenna (X) Cocytus (Y) Tartarus (Z) Zot
Where to? (Enter - D:1 @ (x,y), ? - help)
The anaconda hisses angrily.
The five-headed hydra roars!
There is a staircase leading out of the dungeon here.
You have escaped!

####### #.....#
##.8.8.##
########.......#
......##8......###
########..###..#L#
#######...#S#..#.#
.....##8..#h#..#.#
###.......#b#..#.#
###.###8..#h#..#.#
..#.# #...#D#..#.#
#.#.####..###..#.#
#.....##8........#
###.####.........#


There were no monsters in sight!

Vanquished Creatures
  Cerebov (Pan)
  Asmodeus (Geh:7)
  Dissolution (Slime:2)
  the Royal Jelly (Slime:5)
  Ereshkigal (Tar:7)
  Gloorx Vloq (Pan)
  Lom Lobon (Pan)
  Mnoleg (Pan)
  the Serpent of Hell (Tar:7)
  8 dread liches
  Dispater (Dis:7)
  Khufu (Crypt:3)
  7 ancient liches
  11 orbs of fire
  Mennas (Tomb:3)
  4 juggernauts
  3 pandemonium lords
  9 royal mummies (Tomb:3)
  9 shard shrikes
  Margery (Vaults:2)
  Parghit (Zot:4)
  3 Killer Klowns (Zot:5)
  Saint Roka (Orc:1)
  2 curse toes
  Nikola (Swamp:3)
  5 golden dragons
  5 caustic shrikes
  2 profane servitors
  Geryon (Hell)
  18 bone dragons
  19 doom hounds
  An electric golem (Zot:4)
  17 Brimstone Fiends
  2 pearl dragons (Zig:11)
  3 iron giants
  23 Tzitzimimeh
  19 Ice Fiends
  7 hellephants
  10 tentacled monstrosities
  Jorgrun (Swamp:1)
  A walking earthen tome (Zig:23)
  8 liches
  Mlioglotl (Swamp:1)
  10 tainted leviathans
  20 Hell Sentinels
  10 Orb Guardians
  6 quicksilver dragons
  A walking crystal tome (Depths:2)
  8 deep elf blademasters
  10 titans
  6 deep elf master archers
  22 searing wretches
  17 Executioners
  28 tentacled starspawn
  A walking divine tome (Depths:2)
  4 shadow dragons
  6 sphinxes
  14 acid blobs
  11 ancient champions
  Frances (Swamp:1)
  Kirke (D:14)
  10 draconian monks
  10 tengu reavers
  4 storm dragons
  6 rockslimes
  Donald (Swamp:3)
  13 azure jellies
  3 daevas (Zig:11)
  8 nagarajas
  10 draconian knights
  2 fenstrider witches
  A revenant (Crypt:3)
  6 demonspawn warmongers
  16 narguns
  5 deep elf sorcerers
  19 fire giants
  3 imperial myrmidons (Desolation)
  11 frost giants
  A ghost moth (shapeshifter) (Abyss:2)
  4 iron dragons
  3 emperor scorpions
  2 quicksilver elementals
  7 draconian scorchers
  3 shard shrike simulacra
  18 vault wardens
  Aizul (Snake:1)
  13 cacodemons
  12 draconian shifters
  7 ghouls
  Louise (Elf:2)
  12 orc warlords
  5 deep elf elementalists
  12 quicksilver oozes
  4 ghost moths
  40 balrugs
  9 reapers
  13 demonspawn blood saints
  3 curse skulls
  2 caustic shrike zombies
  7 draconian stormcallers
  13 draconian annihilators
  3 angels
  29 very ugly things
  6 demonspawn corrupters
  3 war gargoyles
  A spriggan defender (Depths:1)
  17 stone giants
  19 ironbound preservers
  A caustic shrike skeleton (Abyss:2)
  8 bennus (Tomb:3)
  4 ophanim (Zig:11)
  9 vampire knights
  9 putrid mouths
  3 elemental wellsprings
  10 green draconians
  9 ironbound thunderhulks
  9 deep elf demonologists
  2 dire elephants
  A starflower (Abyss:2)
  3 eleionomae
  An entropy weaver (shapeshifter) (Vaults:5)
  2 apis (Zig:11)
  4 demonspawn black suns
  5 red draconians
  A spectral titan (Tar:1)
  3 entropy weavers
  8 yellow draconians
  16 wendigos
  9 deep elf annihilators
  7 purple draconians
  7 lorocyprocas
  3 white draconians
  5 bunyips
  8 black draconians
  3 halazid warlocks (Desolation)
  15 spark wasps
  4 eidola
  A spectral quicksilver dragon (Zig:14)
  15 mummy priests
  3 iron golems (Hell)
  9 green deaths
  16 jiangshi
  7 deep elf death magi
  16 ettins
  18 yaktaur captains
  14 blizzard demons
  A shambling mangrove (Swamp:4)
  A spectral iron giant (Tar:4)
  3 crystal guardians
  Josephine (Snake:1)
  A spectral fenstrider witch (Tar:1)
  7 deep elf high priests
  7 merfolk impalers
  14 merfolk javelineers
  19 fire dragons
  The ghost of pdpol the Spry, a journeyman FeSu of Gozag (Orc:1)
  11 great orbs of eyes
  41 vault guards
  7 ragged hierophants (Desolation)
  10 rakshasas
  7 ice dragons
  7 spriggan air magi
  31 hydras
  A spectral spriggan (Tar:1)
  4 peacekeepers
  4 hell beasts
  4 juggernaut simulacra
  5 servants of whispers (Desolation)
  7 ghost crabs
  7 salamander tyrants
  3 caustic shrike simulacra
  9 two-headed ogres
  A stoker (Zig:25)
  11 ironbound frosthearts
  10 anacondas
  3 boulder beetles
  7 death knights
  23 naga warriors
  3 alligator snapping turtles
  28 centaur warriors
  39 dancing weapons
  4 merfolk avatars
  13 merfolk aquamancers
  4 satyrs
  14 hell hogs
  6 tengu warriors
  9 deep troll earth magi
  8 alligators
  51 death scarabs
  5 vampire magi
  8 death yaks
  An azure jelly zombie (Crypt:2)
  19 orc high priests
  A quicksilver ooze zombie (Crypt:1)
  24 soul eaters
  20 naga sharpshooters
  16 spriggans
  19 thrashing horrors
  2 crystal echidnas
  10 shock serpents
  21 hell knights
  6 spriggan berserkers
  Amaemon (Lair:1)
  13 sun demons
  26 deep elf knights
  A spectral anaconda (Tar:1)
  10 sixfirhies
  31 wretched stars
  8 fire crabs
  9 iron trolls
  37 skeletal warriors
  5 salamander mystics
  3 cherubim (Zig:11)
  7 goliath frogs
  7 spatial maelstroms
  49 deep trolls
  A goliath frog (shapeshifter) (Depths:2)
  4 pharaoh ants (Zig:12)
  A storm dragon skeleton (Hell)
  6 shadow demons
  24 shadow wraiths
  10 flayed ghosts
  A quicksilver dragon simulacrum (Coc:2)
  13 sea snakes
  A spark wasp zombie (Depths:1)
  2 steelbarb worms (Zig:12)
  7 bog bodies
  9 spriggan druids
  15 glowing orange brains
  An orb spider (shapeshifter) (Abyss:3)
  27 deep elf archers
  13 wizards
  6 spriggan simulacra
  An obsidian statue (Zig:10)
  5 naga ritualists
  An orange crystal statue (Zig:10)
  A spectral iron dragon (Tar:2)
  32 harpies
  27 ironbound convokers
  A bunyip skeleton (Pan)
  17 necromancers
  5 nameless horrors
  4 phantasmal warriors
  9 swamp dragons
  36 deep elf pyromancers
  32 deep elf zephyrmancers
  18 lindwurms
  11 orc knights
  7 orc sorcerers
  A wolf spider zombie (Crypt:2)
  8 shining eyes
  31 ugly things
  2 wolf spiders
  14 mana vipers
  13 manticores
  10 worldbinders
  32 salamanders
  3 oklob plants
  A will-o-the-wisp (Swamp:2)
  A manticore (shapeshifter) (Depths:4)
  14 cyclopes
  A spectral centaur (Tar:2)
  26 moths of wrath
  32 black mambas
  10 guardian serpents
  A fire giant skeleton (Crypt:2)
  A moth of wrath (shapeshifter) (Abyss:1)
  Maurice (D:10)
  2 centaur zombies (D:15)
  A stone giant zombie (WizLab)
  2 eyes of devastation
  3 guardian serpents (shapeshifter)
  A dire elephant zombie (Abyss:2)
  5 merfolk sirens
  6 elephants (Lair:4)
  7 molten gargoyles
  2 titan simulacra
  22 vault sentinels
  9 cane toads
  11 water nymphs
  2 ice statues
  33 smoke demons
  9 naga magi
  4 rust devils
  4 torpor snails
  A gargoyle (Depths:3)
  5 apocalypse crabs
  14 orange demons
  14 tormentors
  An elf skeleton (Vaults:3)
  An unseen horror (shapeshifter) (Elf:3)
  34 hellions
  7 demonic crawlers
  A cane toad (shapeshifter) (D:14)
  An unseen horror (Pan)
  59 yaktaurs
  8 efreet
  10 freezing wraiths
  A kobold demonologist (D:8)
  3 centaur skeletons
  2 rime drakes (shapeshifter)
  A golden dragon simulacrum (Depths:3)
  29 guardian mummies
  A purple draconian skeleton (Crypt:1)
  8 komodo dragons
  An elf (Depths:3)
  7 ice devils
  2 harpy zombies
  A human skeleton (Vaults:1)
  A spectral naga (Crypt:3)
  An anaconda simulacrum (Coc:3)
  6 rime drakes
  A yaktaur skeleton (Vaults:1)
  17 ancient zymes
  14 hellwings
  2 red devils
  A spectral harpy (Tar:6)
  20 hornets
  A silent spectre (Zig:16)
  11 trolls
  2 wolf spider simulacra (D:15)
  10 tyrant leeches
  A bloated husk (Zig:4)
  7 meliai
  54 large abominations
  A merfolk (shapeshifter) (Vaults:5)
  45 saltlings (Desolation)
  59 merfolk
  10 polar bears
  12 wind drakes
  A slime creature (shapeshifter) (Vaults:5)
  A snapping turtle (Zig:22)
  An iron dragon simulacrum (Zig:24)
  4 tarantellas
  A blink frog (shapeshifter) (D:9)
  50 raiju
  8 dream sheep
  19 blink frogs
  88 slime creatures
  An ettin zombie (Tomb:2)
  A fire giant simulacrum (Vaults:3)
  2 jumping spiders (Zig:12)
  6 air elementals
  126 starcursed masses
  69 flying skulls
  2 culicivoras (Zig:12)
  9 vampires
  3 ettin skeletons
  6 shadows
  3 ushabtiu (Tomb:2)
  17 wraiths
  21 ynoxinuls
  A dire elephant simulacrum (Coc:1)
  4 fire bats
  3 hogs (D:14)
  9 humans
  5 wyverns
  5 basilisks
  30 water elementals
  61 yaks
  17 golden eyes
  4 steam dragons
  17 fire elementals
  17 neqoxecs
  3 redbacks
  A fire bat zombie (Crypt:2)
  6 vampire mosquitoes
  11 chaos spawn
  12 wargs
  52 nagas
  2 naga zombies
  18 swamp worms
  2 acid dragons
  2 harpy simulacra
  12 hell hounds
  11 water moccasins
  A hydra simulacrum (Coc:3)
  33 small abominations
  2 glowing shapeshifter skeletons
  A floating eye (shapeshifter) (Vaults:5)
  55 orc warriors
  10 ice beasts
  3 sky beasts
  A black bear (D:6)
  11 swamp drakes
  2 elf simulacra
  36 wolves
  An ettin simulacrum (Coc:7)
  20 centaurs
  A swamp dragon skeleton (Crypt:1)
  18 ogres
  7 boggarts
  A phantom (D:5)
  8 kobold brigands
  A human zombie (Vaults:1)
  A vine stalker zombie (Crypt:2)
  11 necrophages
  A glowing shapeshifter simulacrum (Zig:24)
  10 gnoll sergeants
  4 scorpions
  6 bullfrogs
  3 earth elementals
  A naga simulacrum (Coc:7)
  A wyvern zombie (Crypt:2)
  Dowan (D:5)
  16 wights
  2 spectral ogres (Orc:1)
  A spectral wolf (Depths:3)
  A shapeshifter skeleton (Crypt:2)
  3 electric eels (D:10)
  A crimson imp (Abyss:1)
  4 howler monkeys (D:9)
  6 quasits
  8 lava snakes
  7 hounds
  A human simulacrum (Vaults:5)
  6 gnoll boudas (Bailey)
  31 orc priests
  Crazy Yiuf (D:3)
  4 jellies
  4 iron imps
  Jessica (D:2)
  Terence (D:2)
  Natasha (twice) (D:4)
  37 orc wizards
  3 spectral orcs (Orc:1)
  2 centaur simulacra
  An acid dragon skeleton (Crypt:2)
  A hound zombie (Crypt:2)
  24 mummies
  Robin (D:2)
  25 gnolls
  10 adders
  4 shadow imps
  22 white imps
  5 ufetubi
  An orc simulacrum (Orc:1)
  2 worms (D:2)
  4 dart slugs
  83 orcs
  7 bats
  11 endoplasms
  4 giant cockroaches
  20 goblins
  3 hobgoblins
  4 quokkas
  7 ball pythons
  A ball python skeleton (Crypt:1)
  A giant cockroach zombie (Crypt:1)
  22 kobolds
  5 rats
  A rat skeleton (Crypt:1)
  8 ball lightnings (Pan)
  A bush (Lair:3)
  31 fire vortices
  4 lurking horrors
  12 starspawn tentacles
4486 creatures vanquished.

Vanquished Creatures (collateral kills)
  Antaeus (Coc:7)
  2 ancient liches
  5 orbs of fire
  A juggernaut (Depths:4)
  4 shard shrikes (Coc:7)
  A Killer Klown (Zot:5)
  A curse toe (Zot:4)
  5 caustic shrikes
  6 profane servitors
  Jory (Depths:4)
  6 golden dragons
  21 bone dragons
  10 Tzitzimimeh
  2 iron giants
  2 Brimstone Fiends
  2 doom hounds (Tar:7)
  7 hellephants
  5 Hell Sentinels
  2 electric golems (Zot:5)
  6 tainted leviathans
  9 tentacled monstrosities
  11 Ice Fiends
  A lich (Crypt:3)
  7 searing wretches
  17 Orb Guardians
  12 titans
  A deep elf master archer (Zig:17)
  4 quicksilver dragons
  A walking divine tome (Depths:2)
  6 acid blobs
  10 tentacled starspawn
  7 ancient champions
  7 Executioners
  3 death cobs
  3 storm dragons
  A tengu reaver (Vaults:5)
  5 shadow dragons
  3 draconian monks
  An azure jelly (Slime:5)
  A draconian knight (Zot:5)
  A nagaraja (Zig:10)
  A daeva (Abyss:1)
  A revenant (Abyss:1)
  Roxanne (Snake:3)
  A demonspawn warmonger (Pan)
  8 rockslimes
  9 fire giants
  5 iron dragons
  10 narguns
  4 draconian scorchers
  An orc warlord (Depths:3)
  5 vault wardens (Vaults:5)
  7 cacodemons
  5 quicksilver elementals
  4 frost giants
  2 spectral juggernauts
  12 balrugs
  A shard shrike simulacrum (Coc:7)
  2 draconian shifters (Zot:2)
  5 draconian annihilators
  2 spriggan defenders (Depths:2)
  13 very ugly things
  A draconian stormcaller (Zot:5)
  10 war gargoyles
  A deep elf elementalist (Abyss:2)
  A demonspawn corrupter (Pan)
  3 quicksilver oozes
  A demonspawn blood saint (Pan)
  2 elemental wellsprings
  6 stone giants
  7 wendigos
  7 reapers
  A green draconian (Zot:4)
  5 white draconians
  5 purple draconians
  A spectral titan (Tar:1)
  A demonspawn black sun (Pan)
  6 putrid mouths
  2 black draconians (Zot:3)
  An entropy weaver (Abyss:3)
  3 yellow draconians
  10 red draconians
  A spark wasp (Depths:2)
  6 eidola
  4 iron golems
  8 ettins
  A merfolk impaler (Depths:2)
  8 green deaths (Pan)
  5 blizzard demons (Pan)
  2 mummy priests
  A fire dragon (Depths:1)
  5 great orbs of eyes
  A deep elf high priest (Vaults:5)
  A vault guard (Vaults:5)
  2 ice dragons (Depths:4)
  A spectral spriggan (Tar:4)
  7 salamander tyrants (Geh:7)
  A caustic shrike simulacrum (Coc:7)
  A hell beast (Pan)
  2 spriggan air magi
  An anaconda (Zig:10)
  A stoker (Geh:6)
  8 rakshasas
  A spriggan skeleton (Abyss:2)
  A centaur warrior (Depths:3)
  A death knight (Abyss:2)
  A death yak (IceCv)
  2 dancing weapons
  3 deep troll shamans (Depths:2)
  32 hell hogs
  3 deep troll earth magi
  2 tengu warriors
  A spectral dire elephant (Tar:4)
  A titan zombie (Depths:3)
  6 soul eaters
  27 thrashing horrors
  A spriggan berserker (Depths:2)
  16 sun demons
  17 hell knights
  2 spectral nagas (Tar:1)
  3 crystal echidnas
  19 wretched stars
  8 iron trolls
  5 sixfirhies (Pan)
  A spatial maelstrom (Zig:16)
  2 quicksilver dragon simulacra (Coc:7)
  A shadow wraith (Tar:7)
  A skeletal warrior (Tomb:2)
  2 golden dragon zombies
  2 flayed ghosts
  10 starcursed masses
  4 deep trolls
  A spriggan simulacrum (Coc:3)
  A glowing orange brain (Slime:5)
  2 deep elf archers
  A phantasmal warrior (Abyss:2)
  An obsidian statue (Zig:10)
  2 glowing orange brains (shapeshifter)
  An orange crystal statue (Zig:10)
  2 wizards
  A mana viper (Zig:10)
  A necromancer (Hell)
  A wolf spider (Abyss:2)
  5 ugly things
  A shining eye (Slime:5)
  A tengu skeleton (Vaults:5)
  A salamander (Abyss:2)
  2 spectral centaurs
  2 will-o-the-wisps
  A worldbinder (Abyss:1)
  7 moths of wrath
  An ice statue (Coc:7)
  A guardian serpent (shapeshifter) (Abyss:3)
  4 rust devils
  5 apocalypse crabs
  9 hellions
  6 orange demons
  4 molten gargoyles
  6 efreet
  23 smoke demons
  A demonic crawler (Abyss:2)
  11 hellwings
  A kobold demonologist (D:8)
  6 tormentors
  An anaconda simulacrum (Abyss:2)
  2 iron giant simulacra
  A red devil (Hell)
  6 guardian mummies (Crypt:3)
  4 freezing wraiths
  12 ancient zymes
  A meliai (Depths:2)
  A spectral harpy (Tar:1)
  3 harpy zombies
  2 tengu conjurers
  5 wind drakes (Pan)
  A hornet (Swamp:2)
  A shadow dragon simulacrum (Coc:2)
  A spectral swamp dragon (Tar:1)
  A tengu simulacrum (Coc:1)
  26 raiju
  A blink frog (shapeshifter) (Abyss:2)
  5 blink frogs
  23 slime creatures
  An iron dragon simulacrum (Coc:7)
  A stone giant simulacrum (Coc:3)
  A jumping spider (shapeshifter) (Abyss:2)
  A centaur simulacrum (Abyss:2)
  2 dire elephant simulacra
  A shadow (Abyss:2)
  3 wraiths
  6 ynoxinuls
  2 flying skulls (Abyss:2)
  4 vampires
  An ushabti (Tomb:1)
  35 large abominations
  3 water elementals (Depths:2)
  2 alligator snapping turtle simulacra
  4 fire bats
  6 chaos spawn
  6 neqoxecs
  5 golden eyes
  2 wargs (Depths:3)
  A harpy simulacrum (Coc:7)
  2 hell hounds (Abyss:1)
  An ice beast (Abyss:2)
  2 centaurs (Depths:3)
  A wolf (Depths:3)
  2 earth elementals
  26 small abominations
  6 wights (Abyss:1)
  A spectral wolf (Depths:3)
  6 quasits
  A human simulacrum (Vaults:5)
  10 iron imps
  4 white imps
  2 ufetubi (Abyss:3)
  2 ball lightnings (Pan)
  3 creeping infernos
  8 fire vortices
  2 lurking horrors
  18 starspawn tentacles
1009 creatures vanquished.

Vanquished Creatures (others)
  A death cob (Zot:4)
  A ghost moth (Zot:5)
  A draconian annihilator (Pan)
  A demonspawn blood saint (Pan)
  A deep elf annihilator (Pan)
  A wendigo (Coc:3)
  A vault guard (D:14)
  A rakshasa (Pan)
  2 hydras (Swamp:4)
  2 spriggan air magi (Pan)
  2 caustic shrike simulacra (Coc:7)
  A stoker (Geh:6)
  A merfolk aquamancer (Zig:22)
  A deep elf knight (Elf:1)
  A sixfirhy (Pan)
  An ironbound convoker (Vaults:5)
  2 deep elf pyromancers
  2 wizards (Pan)
  A lindwurm (Swamp:4)
  A storm dragon simulacrum (Zig:24)
  A hellion (Geh:7)
  A bunyip simulacrum (Coc:2)
  A golden dragon simulacrum (Coc:3)
  3 wind drakes (Pan)
  A bloated husk (Swamp:3)
  A polar bear (IceCv)
  A hornet (shapeshifter) (Vaults:5)
  A saltling (Desolation)
  An air elemental (Zig:17)
  A harpy simulacrum (Coc:7)
  A small abomination (Abyss:3)
  3 swamp drakes (Swamp:4)
  2 large abominations (Abyss:1)
  An ettin simulacrum (Coc:2)
  A nameless horror (Depths:2)
  An electric eel (Elf:3)
  A white imp (Abyss:2)
  An ufetubus (Abyss:1)
  An orc (Orc:2)
  13 ball lightnings (Pan)
  2 blocks of ice (Pan)
  2 bushes (Elf:2)
  2 demonic plants (Pan)
  63 fire vortices
  6 foxfires (Abyss:3)
  28 fungi
  3 lurking horrors
  58 plants
  62 starspawn tentacles
  A withered plant (D:12)
289 creatures vanquished.

Grand Total: 5784 creatures vanquished

Notes
Turn   | Place    | Note
-------+----------+-------------------------------------------
     0 | D:1      | sleeves the Gnoll Air Elementalist began the quest for the
                  | Orb.
     0 | D:1      | Reached XP level 1. HP: 13/13 MP: 6/6
     6 | D:1      | Noticed a polar bear
     6 | D:1      | Noticed a five-headed hydra
     7 | D:1      | Noticed an anaconda
     7 | D:1      | Noticed a hog
   120 | D:1      | Reached skill level 2 in Conjurations
   231 | D:1      | Found Esohucai's Weapon Boutique.
   310 | D:1      | Reached XP level 2. HP: 20/20 MP: 3/7
  1047 | D:2      | Reached skill level 5 in Spellcasting
  1047 | D:2      | Reached XP level 3. HP: 25/25 MP: 3/9
  1220 | D:2      | Noticed Robin
  1222 | D:2      | Reached skill level 1 in Invocations
  1225 | D:2      | Killed Robin
  1226 | D:2      | Reached skill level 1 in Fighting
  1226 | D:2      | Reached skill level 1 in Short Blades
  1226 | D:2      | Reached skill level 1 in Long Blades
  1226 | D:2      | Reached skill level 1 in Axes
  1226 | D:2      | Reached skill level 1 in Maces & Flails
  1226 | D:2      | Reached skill level 1 in Polearms
  1226 | D:2      | Reached skill level 1 in Staves
  1226 | D:2      | Reached skill level 1 in Ranged Weapons
  1226 | D:2      | Reached skill level 1 in Throwing
  1226 | D:2      | Reached skill level 1 in Armour
  1226 | D:2      | Reached skill level 1 in Shields
  1226 | D:2      | Reached skill level 1 in Unarmed Combat
  1226 | D:2      | Reached skill level 1 in Evocations
  1312 | D:2      | Reached XP level 4. HP: 32/32 MP: 7/11
  1371 | D:2      | Noticed Terence
  1382 | D:2      | Killed Terence
  1383 | D:2      | Reached skill level 1 in Hexes
  1383 | D:2      | Reached skill level 1 in Summonings
  1383 | D:2      | Reached skill level 1 in Necromancy
  1383 | D:2      | Reached skill level 1 in Translocations
  1383 | D:2      | Reached skill level 1 in Transmutations
  1383 | D:2      | Reached skill level 1 in Fire Magic
  1383 | D:2      | Reached skill level 1 in Ice Magic
  1383 | D:2      | Reached skill level 1 in Earth Magic
  1383 | D:2      | Reached skill level 1 in Poison Magic
  1571 | D:2      | Noticed Jessica
  1576 | D:2      | Killed Jessica
  1790 | D:2      | Reached XP level 5. HP: 37/37 MP: 5/12
  2660 | D:3      | Found a sparkling altar of Nemelex Xobeh.
  2729 | D:3      | Reached skill level 2 in Invocations
  2790 | D:3      | Found a runed translucent door.
  2791 | D:3      | Noticed Crazy Yiuf
  2797 | D:3      | Learned a level 2 spell: Static Discharge
  2801 | D:3      | Learned a level 3 spell: Swiftness
  2805 | D:3      | Learned a level 3 spell: Mephitic Cloud
  2810 | D:3      | Learned a level 4 spell: Airstrike
  2871 | D:3      | Found a sacrificial altar of Ru.
  2914 | D:3      | Found a faded altar of an unknown god.
  3077 | D:3      | Found a glowing silver altar of Zin.
  3233 | D:4      | Reached XP level 6. HP: 44/44 MP: 14/14
  3270 | D:4      | Reached skill level 2 in Fighting
  3270 | D:4      | Reached skill level 2 in Short Blades
  3270 | D:4      | Reached skill level 2 in Long Blades
  3270 | D:4      | Reached skill level 2 in Axes
  3270 | D:4      | Reached skill level 2 in Maces & Flails
  3270 | D:4      | Reached skill level 2 in Polearms
  3270 | D:4      | Reached skill level 2 in Staves
  3270 | D:4      | Reached skill level 2 in Ranged Weapons
  3270 | D:4      | Reached skill level 2 in Throwing
  3270 | D:4      | Reached skill level 2 in Armour
  3270 | D:4      | Reached skill level 5 in Dodging
  3270 | D:4      | Reached skill level 2 in Shields
  3270 | D:4      | Reached skill level 2 in Unarmed Combat
  3270 | D:4      | Reached skill level 2 in Evocations
  3591 | D:4      | HP: 15/44 [ogre/+0 giant club (29)]
  3619 | D:4      | Reached XP level 7. HP: 47/51 MP: 15/15
  3654 | D:4      | Reached skill level 2 in Hexes
  3654 | D:4      | Reached skill level 2 in Summonings
  3654 | D:4      | Reached skill level 2 in Necromancy
  3654 | D:4      | Reached skill level 2 in Translocations
  3654 | D:4      | Reached skill level 2 in Transmutations
  3654 | D:4      | Reached skill level 2 in Fire Magic
  3654 | D:4      | Reached skill level 2 in Ice Magic
  3654 | D:4      | Reached skill level 2 in Earth Magic
  3654 | D:4      | Reached skill level 2 in Poison Magic
  3658 | D:4      | Reached skill level 3 in Conjurations
  3877 | D:3      | Killed Crazy Yiuf
  3878 | D:3      | Reached skill level 5 in Stealth
  3999 | D:4      | Reached skill level 3 in Invocations
  4268 | D:4      | Noticed Natasha
  4271 | D:4      | Killed Natasha
  4370 | D:4      | Noticed Natasha
  4373 | D:4      | Killed Natasha
  4374 | D:4      | Reached skill level 6 in Air Magic
  4498 | D:5      | Entered Level 5 of the Dungeon
  4517 | D:5      | Noticed Dowan
  4518 | D:5      | Noticed Duvessa
  4549 | D:5      | Reached skill level 3 in Fighting
  4549 | D:5      | Reached skill level 3 in Short Blades
  4549 | D:5      | Reached skill level 3 in Long Blades
  4549 | D:5      | Reached skill level 3 in Axes
  4549 | D:5      | Reached skill level 3 in Maces & Flails
  4549 | D:5      | Reached skill level 3 in Polearms
  4549 | D:5      | Reached skill level 3 in Staves
  4549 | D:5      | Reached skill level 3 in Ranged Weapons
  4549 | D:5      | Reached skill level 3 in Throwing
  4549 | D:5      | Reached skill level 3 in Armour
  4549 | D:5      | Reached skill level 3 in Shields
  4549 | D:5      | Reached skill level 3 in Unarmed Combat
  4549 | D:5      | Reached skill level 3 in Evocations
  4566 | D:5      | Reached XP level 8. HP: 58/58 MP: 16/16
  4653 | D:5      | Found a staircase to the Ecumenical Temple.
  4672 | Temple   | Entered the Ecumenical Temple
  4710 | Temple   | Became a worshipper of Sif Muna the Loreminder
  4748 | D:5      | Reached skill level 6 in Spellcasting
  5105 | D:5      | Found a shimmering altar of Xom.
  5282 | D:5      | Found a blossoming altar of Fedhas.
  5583 | D:6      | Reached skill level 3 in Hexes
  5583 | D:6      | Reached skill level 3 in Summonings
  5583 | D:6      | Reached skill level 3 in Necromancy
  5583 | D:6      | Reached skill level 3 in Translocations
  5583 | D:6      | Reached skill level 3 in Transmutations
  5583 | D:6      | Reached skill level 3 in Fire Magic
  5583 | D:6      | Reached skill level 3 in Ice Magic
  5583 | D:6      | Reached skill level 3 in Earth Magic
  5583 | D:6      | Reached skill level 3 in Poison Magic
  5583 | D:6      | Reached skill level 4 in Invocations
  5615 | D:6      | Reached * piety under Sif Muna
  5616 | D:6      | Reached skill level 6 in Dodging
  5712 | D:6      | Found a radiant altar of Vehumet.
  5875 | D:5      | Killed Dowan
  6288 | D:6      | Reached XP level 9. HP: 65/65 MP: 18/18
  6292 | D:6      | Learned a level 3 spell: Ignite Poison
  6340 | D:6      | Reached skill level 4 in Fighting
  6340 | D:6      | Reached skill level 4 in Short Blades
  6340 | D:6      | Reached skill level 4 in Long Blades
  6340 | D:6      | Reached skill level 4 in Axes
  6340 | D:6      | Reached skill level 4 in Maces & Flails
  6340 | D:6      | Reached skill level 4 in Polearms
  6340 | D:6      | Reached skill level 4 in Staves
  6340 | D:6      | Reached skill level 4 in Ranged Weapons
  6340 | D:6      | Reached skill level 4 in Throwing
  6340 | D:6      | Reached skill level 4 in Armour
  6340 | D:6      | Reached skill level 4 in Shields
  6340 | D:6      | Reached skill level 4 in Unarmed Combat
  6340 | D:6      | Reached skill level 4 in Conjurations
  6340 | D:6      | Reached skill level 4 in Evocations
  6596 | D:6      | Found Vudull's Assorted Antiques.
  6679 | D:7      | Noticed a troll
  6682 | D:7      | Killed a troll
  6683 | D:7      | Reached skill level 6 in Stealth
  7114 | D:7      | Reached skill level 5 in Invocations
  7182 | D:7      | Found a hazy altar of Hepliaklqana.
  7269 | D:7      | Found a flagged portal.
  7284 | Bailey   | Entered a bailey
  7292 | Bailey   | Reached skill level 7 in Spellcasting
  7376 | Bailey   | Reached ** piety under Sif Muna
  7425 | Bailey   | Reached skill level 4 in Hexes
  7425 | Bailey   | Reached skill level 4 in Summonings
  7425 | Bailey   | Reached skill level 4 in Necromancy
  7425 | Bailey   | Reached skill level 4 in Translocations
  7425 | Bailey   | Reached skill level 4 in Transmutations
  7425 | Bailey   | Reached skill level 4 in Fire Magic
  7425 | Bailey   | Reached skill level 4 in Ice Magic
  7425 | Bailey   | Reached skill level 4 in Earth Magic
  7425 | Bailey   | Reached skill level 4 in Poison Magic
  7503 | Bailey   | Reached skill level 5 in Fighting
  7503 | Bailey   | Reached skill level 5 in Short Blades
  7503 | Bailey   | Reached skill level 5 in Long Blades
  7503 | Bailey   | Reached skill level 5 in Axes
  7503 | Bailey   | Reached skill level 5 in Maces & Flails
  7503 | Bailey   | Reached skill level 5 in Polearms
  7503 | Bailey   | Reached skill level 5 in Staves
  7503 | Bailey   | Reached skill level 5 in Ranged Weapons
  7503 | Bailey   | Reached skill level 5 in Throwing
  7503 | Bailey   | Reached skill level 5 in Armour
  7503 | Bailey   | Reached skill level 5 in Shields
  7503 | Bailey   | Reached skill level 5 in Unarmed Combat
  7503 | Bailey   | Reached skill level 5 in Evocations
  7503 | Bailey   | Reached XP level 10. HP: 69/74 MP: 20/20
  7523 | Bailey   | Reached skill level 7 in Air Magic
  7576 | Bailey   | Reached skill level 7 in Dodging
  7624 | Bailey   | Identified the ring "Rycan" {Fire rN+}
  7697 | Bailey   | Identified the quicksilver dragon scales of Sizil {Fly
                  | Will+ Dex+2}
  8228 | D:7      | Found a shadowy altar of Dithmenos.
  8365 | D:8      | Found a large runed translucent door.
  8366 | D:8      | Found a large runed translucent door.
  8367 | D:8      | Found a shimmering altar of Xom.
  8369 | D:8      | Noticed a red ugly thing
  8465 | D:8      | Reached skill level 5 in Conjurations
  8783 | D:8      | Reached skill level 6 in Invocations
  8841 | D:8      | Reached skill level 7 in Stealth
  8916 | D:8      | Found an ornate altar of the Wu Jian Council.
  9032 | D:8      | Reached *** piety under Sif Muna
  9032 | D:8      | Noticed a kobold demonologist
  9041 | D:8      | Noticed a kobold demonologist
  9401 | D:8      | Found a snail-covered altar of Cheibriados.
 10149 | D:9      | Noticed a centaur warrior
 10334 | D:9      | Reached skill level 6 in Fighting
 10334 | D:9      | Reached skill level 6 in Short Blades
 10334 | D:9      | Reached skill level 6 in Long Blades
 10334 | D:9      | Reached skill level 6 in Axes
 10334 | D:9      | Reached skill level 6 in Maces & Flails
 10334 | D:9      | Reached skill level 6 in Polearms
 10334 | D:9      | Reached skill level 6 in Staves
 10334 | D:9      | Reached skill level 6 in Ranged Weapons
 10334 | D:9      | Reached skill level 6 in Throwing
 10334 | D:9      | Reached skill level 6 in Armour
 10334 | D:9      | Reached skill level 6 in Shields
 10334 | D:9      | Reached skill level 6 in Unarmed Combat
 10334 | D:9      | Reached skill level 6 in Evocations
 10482 | D:9      | Reached skill level 5 in Hexes
 10482 | D:9      | Reached skill level 5 in Summonings
 10482 | D:9      | Reached skill level 5 in Necromancy
 10482 | D:9      | Reached skill level 5 in Translocations
 10482 | D:9      | Reached skill level 5 in Transmutations
 10482 | D:9      | Reached skill level 5 in Fire Magic
 10482 | D:9      | Reached skill level 5 in Ice Magic
 10482 | D:9      | Reached skill level 5 in Earth Magic
 10482 | D:9      | Reached skill level 5 in Poison Magic
 10482 | D:9      | Reached XP level 11. HP: 81/81 MP: 20/22
 10720 | D:9      | Found a staircase to the Lair.
 10732 | D:9      | Reached skill level 8 in Spellcasting
 10985 | D:9      | Found a staircase to the Orcish Mines.
 11034 | D:9      | Found a stormy altar of Qazlal.
 11167 | D:9      | Reached **** piety under Sif Muna
 11455 | D:9      | Reached skill level 7 in Invocations
 11529 | D:10     | Entered Level 10 of the Dungeon
 11692 | D:10     | Reached skill level 8 in Dodging
 11827 | D:10     | Noticed Maurice
 11840 | D:10     | Killed Maurice
 12104 | D:10     | Noticed a two-headed ogre
 12107 | D:10     | Killed a two-headed ogre
 12311 | D:10     | Reached skill level 8 in Stealth
 12311 | D:10     | Reached skill level 6 in Conjurations
 12421 | D:10     | Noticed a death yak
 12438 | D:10     | Killed a death yak
 12439 | D:10     | Reached skill level 8 in Air Magic
 12521 | D:10     | Noticed a deep elf pyromancer
 12656 | D:10     | Killed a deep elf pyromancer
 12697 | D:10     | Noticed a two-headed ogre
 12834 | D:10     | Killed a two-headed ogre
 12835 | D:10     | Reached skill level 7 in Fighting
 12835 | D:10     | Reached skill level 7 in Short Blades
 12835 | D:10     | Reached skill level 7 in Long Blades
 12835 | D:10     | Reached skill level 7 in Axes
 12835 | D:10     | Reached skill level 7 in Maces & Flails
 12835 | D:10     | Reached skill level 7 in Polearms
 12835 | D:10     | Reached skill level 7 in Staves
 12835 | D:10     | Reached skill level 7 in Ranged Weapons
 12835 | D:10     | Reached skill level 7 in Throwing
 12835 | D:10     | Reached skill level 7 in Armour
 12835 | D:10     | Reached skill level 7 in Shields
 12835 | D:10     | Reached skill level 7 in Unarmed Combat
 12835 | D:10     | Reached skill level 7 in Evocations
 12967 | D:11     | Noticed a centaur warrior
 12977 | D:11     | Killed a centaur warrior
 12978 | D:11     | Reached XP level 12. HP: 91/91 MP: 16/24
 13397 | D:12     | Reached skill level 6 in Hexes
 13397 | D:12     | Reached skill level 6 in Summonings
 13397 | D:12     | Reached skill level 6 in Necromancy
 13397 | D:12     | Reached skill level 6 in Translocations
 13397 | D:12     | Reached skill level 6 in Transmutations
 13397 | D:12     | Reached skill level 6 in Fire Magic
 13397 | D:12     | Reached skill level 6 in Ice Magic
 13397 | D:12     | Reached skill level 6 in Earth Magic
 13397 | D:12     | Reached skill level 6 in Poison Magic
 13578 | D:12     | Reached skill level 8 in Invocations
 13737 | D:12     | Reached skill level 9 in Spellcasting
 13852 | Lair:1   | Entered Level 1 of the Lair of Beasts
 14048 | Lair:1   | Reached ***** piety under Sif Muna
 14164 | Lair:1   | Found a frozen archway.
 14188 | IceCv    | Entered an ice cave
 14297 | IceCv    | Reached skill level 9 in Dodging
 14473 | IceCv    | Noticed a death yak
 14519 | IceCv    | HP: 43/92 [death yak (19)]
 14522 | IceCv    | Killed a death yak
 14750 | IceCv    | HP: 45/92 [something (8)]
 15056 | IceCv    | HP: 43/92 [something (7)]
 15059 | IceCv    | HP: 18/92 [something (5)]
 15493 | IceCv    | Noticed a death yak
 15512 | IceCv    | Reached skill level 9 in Stealth
 15603 | IceCv    | Reached skill level 7 in Conjurations
 15604 | IceCv    | HP: 46/92 [/static electricity (2)]
 15658 | IceCv    | HP: 43/92 [/static electricity (4)]
 15691 | IceCv    | HP: 46/92 [/static electricity (3)]
 15896 | IceCv    | Reached skill level 8 in Fighting
 15896 | IceCv    | Reached skill level 8 in Short Blades
 15896 | IceCv    | Reached skill level 8 in Long Blades
 15896 | IceCv    | Reached skill level 8 in Axes
 15896 | IceCv    | Reached skill level 8 in Maces & Flails
 15896 | IceCv    | Reached skill level 8 in Polearms
 15896 | IceCv    | Reached skill level 8 in Staves
 15896 | IceCv    | Reached skill level 8 in Ranged Weapons
 15896 | IceCv    | Reached skill level 8 in Throwing
 15896 | IceCv    | Reached skill level 8 in Armour
 15896 | IceCv    | Reached skill level 8 in Shields
 15896 | IceCv    | Reached skill level 8 in Unarmed Combat
 15896 | IceCv    | Reached skill level 8 in Evocations
 16148 | IceCv    | Noticed a death yak
 16148 | IceCv    | Noticed a death yak
 16157 | IceCv    | Killed a death yak
 16157 | IceCv    | Noticed a death yak
 16161 | IceCv    | Killed a death yak
 16162 | IceCv    | Reached XP level 13. HP: 75/98 MP: 26/26
 16388 | IceCv    | Reached skill level 9 in Invocations
 16633 | IceCv    | HP: 37/99 [ironbound frostheart/creeping frost (16)]
 16965 | IceCv    | HP: 44/99 [ironbound frostheart (8)]
 17195 | IceCv    | Reached skill level 7 in Hexes
 17195 | IceCv    | Reached skill level 7 in Summonings
 17195 | IceCv    | Reached skill level 7 in Necromancy
 17195 | IceCv    | Reached skill level 7 in Translocations
 17195 | IceCv    | Reached skill level 7 in Transmutations
 17195 | IceCv    | Reached skill level 7 in Fire Magic
 17195 | IceCv    | Reached skill level 7 in Ice Magic
 17195 | IceCv    | Reached skill level 9 in Air Magic
 17195 | IceCv    | Reached skill level 7 in Earth Magic
 17195 | IceCv    | Reached skill level 7 in Poison Magic
 17787 | Lair:1   | Received a gift from Sif Muna
 17793 | Lair:1   | Reached skill level 10 in Spellcasting
 17970 | Lair:1   | Learned a level 2 spell: Blink
 17976 | Lair:1   | Learned a level 5 spell: Freezing Cloud
 18094 | Lair:1   | Found a blossoming altar of Fedhas.
 18101 | Lair:1   | HP: 47/99 [oklob plant/splash of acid (31)]
 18629 | Lair:1   | Identified a scroll of acquirement
 18729 | Lair:1   | Noticed Amaemon
 18738 | Lair:1   | Killed Amaemon
 19027 | Lair:2   | Identified the +4 plate armour "Ocecair" {rElec Slay+3}
 19697 | Lair:2   | Reached skill level 10 in Dodging
 20084 | Lair:2   | Found a staircase to the Snake Pit.
 20769 | Lair:3   | Reached skill level 9 in Fighting
 20769 | Lair:3   | Reached skill level 9 in Short Blades
 20769 | Lair:3   | Reached skill level 9 in Long Blades
 20769 | Lair:3   | Reached skill level 9 in Axes
 20769 | Lair:3   | Reached skill level 9 in Maces & Flails
 20769 | Lair:3   | Reached skill level 9 in Polearms
 20769 | Lair:3   | Reached skill level 9 in Staves
 20769 | Lair:3   | Reached skill level 9 in Ranged Weapons
 20769 | Lair:3   | Reached skill level 9 in Throwing
 20769 | Lair:3   | Reached skill level 9 in Armour
 20769 | Lair:3   | Reached skill level 9 in Shields
 20769 | Lair:3   | Reached skill level 9 in Unarmed Combat
 20769 | Lair:3   | Reached skill level 9 in Evocations
 20875 | Lair:3   | Reached skill level 10 in Stealth
 21082 | Lair:3   | Found a staircase to the Swamp.
 21175 | Lair:3   | Found a runed translucent door.
 21670 | Lair:4   | Reached skill level 10 in Invocations
 21670 | Lair:4   | Reached XP level 14. HP: 99/108 MP: 22/28
 21671 | Lair:4   | Reached skill level 8 in Conjurations
 21997 | Lair:4   | Identified the +2 chain mail "Tyczun" {Str+4 Int+2}
 22043 | Lair:4   | Received a gift from Sif Muna
 22046 | Lair:4   | Got Sif Muna's Treatise on Forms and Concussion {god gift}
 22568 | Lair:4   | You are sucked into a shaft and drop 1 floor!
 22568 | Lair:5   | Entered Level 5 of the Lair of Beasts
 22587 | Lair:5   | Reached skill level 8 in Hexes
 22587 | Lair:5   | Reached skill level 8 in Summonings
 22587 | Lair:5   | Reached skill level 8 in Necromancy
 22587 | Lair:5   | Reached skill level 8 in Translocations
 22587 | Lair:5   | Reached skill level 8 in Transmutations
 22587 | Lair:5   | Reached skill level 8 in Fire Magic
 22587 | Lair:5   | Reached skill level 8 in Ice Magic
 22587 | Lair:5   | Reached skill level 8 in Earth Magic
 22587 | Lair:5   | Reached skill level 8 in Poison Magic
 22770 | Lair:5   | HP: 54/108 [/static electricity (4)]
 23202 | Lair:4   | Identified the +6 halberd "Dragon's Tongue" {drain, rPois
                  | rF+ rC+}
 23625 | Lair:5   | HP: 53/109 [/static electricity (4)]
 24022 | Lair:5   | Found a staircase to the Slime Pits.
 24026 | Lair:5   | Identified the +1 robe of the Evening {Will- Regen+ Int+6
                  | Stlth+}
 24051 | Lair:5   | Reached skill level 11 in Spellcasting
 24573 | Lair:5   | Reached skill level 10 in Air Magic
 24693 | Lair:5   | Found a burning altar of Makhleb.
 24760 | Lair:5   | Reached skill level 11 in Dodging
 24763 | Lair:5   | HP: 52/109 [smoke demon/divine providence (11)]
 24766 | Lair:5   | Reached skill level 10 in Fighting
 24766 | Lair:5   | Reached skill level 10 in Short Blades
 24766 | Lair:5   | Reached skill level 10 in Long Blades
 24766 | Lair:5   | Reached skill level 10 in Axes
 24766 | Lair:5   | Reached skill level 10 in Maces & Flails
 24766 | Lair:5   | Reached skill level 10 in Polearms
 24766 | Lair:5   | Reached skill level 10 in Staves
 24766 | Lair:5   | Reached skill level 10 in Ranged Weapons
 24766 | Lair:5   | Reached skill level 10 in Throwing
 24766 | Lair:5   | Reached skill level 10 in Armour
 24766 | Lair:5   | Reached skill level 10 in Shields
 24766 | Lair:5   | Reached skill level 10 in Unarmed Combat
 24766 | Lair:5   | Reached skill level 10 in Evocations
 25352 | Lair:5   | Found a gateway to Hell.
 25554 | Orc:1    | Entered Level 1 of the Orcish Mines
 25567 | Orc:1    | Received a gift from Sif Muna
 25719 | Orc:1    | Got Sif Muna's Codex of Enthralling Metal {god gift}
 25739 | Orc:1    | Found a runed translucent gate.
 25739 | Orc:1    | Found a runed translucent gate.
 25741 | Orc:1    | Found a runed translucent gate.
 25803 | Orc:1    | Reached XP level 15. HP: 115/115 MP: 30/30
 25875 | Orc:1    | Reached skill level 11 in Invocations
 26081 | Orc:1    | HP: 57/115 [warg (10)]
 26083 | Orc:1    | Reached skill level 11 in Stealth
 26095 | Orc:1    | HP: 57/115 [/static electricity (3)]
 26756 | Orc:1    | Noticed pdpol's ghost (journeyman FeSu)
 26782 | Orc:1    | Killed pdpol's ghost
 26885 | Orc:2    | Entered Level 2 of the Orcish Mines
 27048 | Orc:2    | HP: 56/115 [orc priest/+0 dagger (3)]
 27092 | Orc:2    | HP: 54/115 [orc warrior/bolt (15)]
 27092 | Orc:2    | Received a gift from Sif Muna
 27100 | Orc:2    | Got Sif Muna's Directory of Baneful Jinxing {god gift}
 27420 | Orc:2    | Reached skill level 9 in Conjurations
 27429 | Orc:2    | Found a staircase to the Elven Halls.
 27691 | Orc:2    | Noticed Saint Roka
 27772 | Orc:1    | HP: 50/116 [Saint Roka/divine providence (14)]
 28069 | Orc:1    | HP: 54/116 [Saint Roka/divine providence (13)]
 30180 | D:13     | Received a gift from Sif Muna
 30181 | D:13     | Reached skill level 9 in Hexes
 30181 | D:13     | Reached skill level 9 in Summonings
 30181 | D:13     | Reached skill level 9 in Necromancy
 30181 | D:13     | Reached skill level 9 in Translocations
 30181 | D:13     | Reached skill level 9 in Transmutations
 30181 | D:13     | Reached skill level 9 in Fire Magic
 30181 | D:13     | Reached skill level 9 in Ice Magic
 30181 | D:13     | Reached skill level 9 in Earth Magic
 30181 | D:13     | Reached skill level 9 in Poison Magic
 30186 | D:13     | HP: 57/117 [centaur warrior/arrow (14)]
 30398 | D:13     | Got Sif Muna's Vellum of Changed Glaciation {god gift}
 31857 | D:14     | Noticed Kirke
 31866 | D:14     | Killed Kirke
 32135 | D:14     | Reached skill level 12 in Spellcasting
 32140 | D:14     | Reached XP level 16. HP: 109/124 MP: 19/32
 32248 | D:14     | Found a gate to the Vaults.
 32392 | D:14     | Reached skill level 11 in Fighting
 32392 | D:14     | Reached skill level 11 in Short Blades
 32392 | D:14     | Reached skill level 11 in Long Blades
 32392 | D:14     | Reached skill level 11 in Axes
 32392 | D:14     | Reached skill level 11 in Maces & Flails
 32392 | D:14     | Reached skill level 11 in Polearms
 32392 | D:14     | Reached skill level 11 in Staves
 32392 | D:14     | Reached skill level 11 in Ranged Weapons
 32392 | D:14     | Reached skill level 11 in Throwing
 32392 | D:14     | Reached skill level 11 in Armour
 32392 | D:14     | Reached skill level 11 in Shields
 32392 | D:14     | Reached skill level 11 in Unarmed Combat
 32392 | D:14     | Reached skill level 11 in Evocations
 32482 | D:14     | Found a snail-covered altar of Cheibriados.
 32929 | D:15     | Entered Level 15 of the Dungeon
 32942 | D:15     | Reached skill level 12 in Invocations
 33138 | D:15     | Reached skill level 12 in Dodging
 33464 | D:15     | Found an opulent altar of Gozag.
 33568 | D:15     | Found a glowing silver altar of Zin.
 33700 | D:15     | HP: 62/125 [yaktaur/bolt (10)]
 34052 | D:15     | Reached skill level 12 in Stealth
 34115 | D:15     | Found a staircase to the Depths.
 34289 | D:15     | Received a gift from Sif Muna
 34293 | D:15     | Reached skill level 11 in Air Magic
 34455 | D:15     | Found a broken altar of Ashenzari.
 34506 | D:15     | Learned a level 5 spell: Lightning Bolt
 34681 | Orc:1    | HP: 57/125 [Saint Roka/divine providence (8)]
 34682 | Orc:1    | Killed Saint Roka
 35358 | Orc:2    | Found Toitapt's Antique Armour Emporium.
 35359 | Orc:2    | Found Tisoij's Antique Weapon Emporium.
 35361 | Orc:2    | Found Zoaxoixt's General Store.
 35361 | Orc:2    | Found Nama's Book Shoppe.
 35366 | Orc:2    | Bought a scroll of identify for 30 gold pieces
 35377 | Orc:2    | Bought a pair of embroidered gloves for 157 gold pieces
 35377 | Orc:2    | Bought a runed helmet for 157 gold pieces
 35917 | Snake:1  | Entered Level 1 of the Snake Pit
 36070 | Snake:1  | Noticed Aizul
 36259 | Snake:1  | Reached skill level 10 in Conjurations
 36487 | Snake:1  | Killed Aizul
 37138 | Snake:1  | Noticed Josephine
 37146 | Snake:1  | Received a gift from Sif Muna
 37154 | Snake:1  | Killed Josephine
 37460 | Snake:1  | Found a sparkling altar of Nemelex Xobeh.
 37491 | Snake:2  | Reached XP level 17. HP: 133/133 MP: 31/33
 37891 | Snake:2  | Reached skill level 10 in Hexes
 37891 | Snake:2  | Reached skill level 10 in Summonings
 37891 | Snake:2  | Reached skill level 10 in Necromancy
 37891 | Snake:2  | Reached skill level 10 in Translocations
 37891 | Snake:2  | Reached skill level 10 in Transmutations
 37891 | Snake:2  | Reached skill level 10 in Fire Magic
 37891 | Snake:2  | Reached skill level 10 in Ice Magic
 37891 | Snake:2  | Reached skill level 10 in Earth Magic
 37891 | Snake:2  | Reached skill level 10 in Poison Magic
 38915 | Snake:3  | Identified Roxanne's Essays on Stones
 38915 | Snake:3  | Noticed Roxanne
 39007 | Snake:3  | Reached skill level 13 in Invocations
 39069 | Snake:3  | Reached skill level 12 in Fighting
 39069 | Snake:3  | Reached skill level 12 in Short Blades
 39069 | Snake:3  | Reached skill level 12 in Long Blades
 39069 | Snake:3  | Reached skill level 12 in Axes
 39069 | Snake:3  | Reached skill level 12 in Maces & Flails
 39069 | Snake:3  | Reached skill level 12 in Polearms
 39069 | Snake:3  | Reached skill level 12 in Staves
 39069 | Snake:3  | Reached skill level 12 in Ranged Weapons
 39069 | Snake:3  | Reached skill level 12 in Throwing
 39069 | Snake:3  | Reached skill level 12 in Armour
 39069 | Snake:3  | Reached skill level 12 in Shields
 39069 | Snake:3  | Reached skill level 12 in Unarmed Combat
 39069 | Snake:3  | Reached skill level 12 in Evocations
 39332 | Snake:3  | Found Ystruneel's One-of-a-Kind Rings.
 39355 | Snake:3  | Reached skill level 13 in Spellcasting
 40092 | Snake:3  | Reached skill level 13 in Dodging
 40235 | Snake:4  | Entered Level 4 of the Snake Pit
 40316 | Snake:4  | Received a gift from Sif Muna
 40429 | Snake:4  | Got Sif Muna's Compendium of Shivering Mustering {god gift}
 40512 | Snake:4  | Reached skill level 13 in Stealth
 40609 | Snake:3  | HP: 67/134 [poisoned by a nagaraja (splash of poison)]
 40614 | Snake:3  | HP: 61/134 [poisoned by a nagaraja (splash of poison)]
 41502 | Snake:4  | Reached XP level 18. HP: 136/141 MP: 25/35
 41592 | Snake:4  | Identified the +1 helmet "Suhod" {rF++ rCorr Dex+3 Stlth+}
 42077 | Snake:4  | Reached skill level 12 in Air Magic
 42465 | Snake:4  | Reached skill level 11 in Conjurations
 42861 | Snake:4  | Got a serpentine rune of Zot
 43119 | Swamp:1  | Entered Level 1 of the Swamp
 43351 | Swamp:1  | Noticed Mlioglotl
 43362 | Swamp:1  | Killed Mlioglotl
 43518 | Swamp:1  | Found a runed translucent door.
 43768 | Swamp:1  | Noticed Frances
 43782 | Swamp:1  | Killed Frances
 43901 | Swamp:1  | Identified the +1 ring mail of the Cartwright {Dex+2}
 43926 | Swamp:1  | Noticed Jorgrun
 43932 | Swamp:1  | Killed Jorgrun
 43933 | Swamp:1  | Reached skill level 14 in Invocations
 44340 | Swamp:1  | Received a gift from Sif Muna
 44550 | Swamp:1  | Got Sif Muna's Octavo of Shapeshifting {god gift}
 44561 | Swamp:1  | Reached skill level 11 in Hexes
 44561 | Swamp:1  | Reached skill level 11 in Summonings
 44561 | Swamp:1  | Reached skill level 11 in Necromancy
 44561 | Swamp:1  | Reached skill level 11 in Translocations
 44561 | Swamp:1  | Reached skill level 11 in Transmutations
 44561 | Swamp:1  | Reached skill level 11 in Fire Magic
 44561 | Swamp:1  | Reached skill level 11 in Ice Magic
 44561 | Swamp:1  | Reached skill level 11 in Earth Magic
 44561 | Swamp:1  | Reached skill level 11 in Poison Magic
 44562 | Swamp:1  | HP: 46/142 [cloud of freezing vapour (29)]
 45113 | Swamp:1  | Reached skill level 13 in Fighting
 45113 | Swamp:1  | Reached skill level 13 in Short Blades
 45113 | Swamp:1  | Reached skill level 13 in Long Blades
 45113 | Swamp:1  | Reached skill level 13 in Axes
 45113 | Swamp:1  | Reached skill level 13 in Maces & Flails
 45113 | Swamp:1  | Reached skill level 13 in Polearms
 45113 | Swamp:1  | Reached skill level 13 in Staves
 45113 | Swamp:1  | Reached skill level 13 in Ranged Weapons
 45113 | Swamp:1  | Reached skill level 13 in Throwing
 45113 | Swamp:1  | Reached skill level 13 in Armour
 45113 | Swamp:1  | Reached skill level 13 in Shields
 45113 | Swamp:1  | Reached skill level 13 in Unarmed Combat
 45113 | Swamp:1  | Reached skill level 13 in Evocations
 45197 | Swamp:1  | Identified the +4 spear "Bacsy" {vamp, rC+ rCorr Int+2}
 45197 | Swamp:1  | Identified the amulet of Pessimism {Acrobat rElec Dex+3}
 45209 | Swamp:1  | HP: 71/143 [cloud of freezing vapour (5)]
 45945 | Swamp:2  | Reached skill level 14 in Spellcasting
 46486 | Swamp:2  | Acquired 708 gold pieces
 46564 | Swamp:3  | Received a gift from Sif Muna
 46565 | Swamp:3  | Got Sif Muna's Papyrus of Transformation and Contamination
                  | {god gift}
 46578 | Swamp:3  | Noticed Donald
 46592 | Swamp:3  | Killed Donald
 46765 | Swamp:3  | Reached XP level 19. HP: 114/149 MP: 11/37
 47125 | Swamp:3  | Reached skill level 14 in Dodging
 47273 | Swamp:3  | Noticed Nikola
 47286 | Swamp:3  | Paralysed by a fenstrider witch for 4 turns
 47327 | Swamp:3  | HP: 35/149 [Nikola/arc of chain lightning (41)]
 47778 | Swamp:3  | HP: 73/149 [cloud of freezing vapour (10)]
 47780 | Swamp:3  | HP: 35/149 [cloud of freezing vapour (19)]
 47781 | Swamp:3  | Killed Nikola
 47782 | Swamp:3  | HP: 13/149 [cloud of freezing vapour (9)]
 48358 | Swamp:4  | Entered Level 4 of the Swamp
 48547 | Swamp:4  | Reached skill level 14 in Stealth
 48627 | Swamp:4  | Paralysed by a fenstrider witch for 3 turns
 49441 | Swamp:4  | Received a gift from Sif Muna
 49449 | Swamp:4  | Learned a level 5 spell: Fireball
 49716 | Swamp:4  | Got a decaying rune of Zot
 50024 | Vaults:1 | Entered Level 1 of the Vaults
 51561 | Vaults:1 | HP: 74/151 [entropy weaver (12)]
 51565 | Vaults:1 | Reached skill level 15 in Invocations
 51566 | Vaults:1 | HP: 47/151 [poisoned by a redback]
 52341 | Vaults:1 | Reached skill level 12 in Conjurations
 52400 | Vaults:1 | Received a gift from Sif Muna
 52401 | Vaults:1 | Got Sif Muna's Tome of the Alluring Sky {god gift}
 52789 | Vaults:1 | Reached XP level 20. HP: 146/158 MP: 35/38
 52978 | Vaults:2 | Reached skill level 13 in Air Magic
 52984 | Vaults:2 | HP: 74/158 [ironbound thunderhulk/bolt of lightning[a
                  | boggart] (19)]
 53299 | Vaults:2 | Reached skill level 14 in Fighting
 53299 | Vaults:2 | Reached skill level 14 in Short Blades
 53299 | Vaults:2 | Reached skill level 14 in Long Blades
 53299 | Vaults:2 | Reached skill level 14 in Axes
 53299 | Vaults:2 | Reached skill level 14 in Maces & Flails
 53299 | Vaults:2 | Reached skill level 14 in Polearms
 53299 | Vaults:2 | Reached skill level 14 in Staves
 53299 | Vaults:2 | Reached skill level 14 in Ranged Weapons
 53299 | Vaults:2 | Reached skill level 14 in Throwing
 53299 | Vaults:2 | Reached skill level 14 in Armour
 53299 | Vaults:2 | Reached skill level 14 in Shields
 53299 | Vaults:2 | Reached skill level 14 in Unarmed Combat
 53299 | Vaults:2 | Reached skill level 14 in Evocations
 54086 | Vaults:2 | Reached skill level 12 in Hexes
 54086 | Vaults:2 | Reached skill level 12 in Summonings
 54086 | Vaults:2 | Reached skill level 12 in Necromancy
 54086 | Vaults:2 | Reached skill level 12 in Translocations
 54086 | Vaults:2 | Reached skill level 12 in Transmutations
 54086 | Vaults:2 | Reached skill level 12 in Fire Magic
 54086 | Vaults:2 | Reached skill level 12 in Ice Magic
 54086 | Vaults:2 | Reached skill level 12 in Earth Magic
 54086 | Vaults:2 | Reached skill level 12 in Poison Magic
 54160 | Vaults:2 | Noticed Margery
 54169 | Vaults:2 | Killed Margery
 54557 | Vaults:2 | Reached skill level 15 in Spellcasting
 54961 | Vaults:2 | Identified the +2 robe "Jom Xoem" {Will+}
 55217 | Vaults:3 | Reached skill level 15 in Dodging
 55368 | Vaults:3 | Found a staircase to the Crypt.
 55643 | Vaults:3 | Received a gift from Sif Muna
 55644 | Vaults:3 | Got Sutaumia's Catalogue of Entrancing Peregrination {god
                  | gift}
 55652 | Vaults:3 | Learned a level 6 spell: Dispersal
 55808 | Vaults:3 | Reached skill level 15 in Stealth
 56104 | Vaults:3 | HP: 71/160 [yaktaur captain/bolt (20)]
 56111 | Vaults:3 | HP: 37/160 [vault warden/sling bullet (11)]
 56119 | Vaults:3 | HP: 53/160 [/static electricity (2)]
 56575 | Vaults:2 | Learned a level 6 spell: Iron Shot
 56702 | Vaults:3 | Reached XP level 21. HP: 164/166 MP: 12/40
 57891 | Vaults:4 | Reached skill level 16 in Invocations
 58076 | Vaults:4 | Found a magical portal.
 58085 | WizLab   | Entered Doroklohe's Tomb
 58621 | Vaults:3 | Received a gift from Sif Muna
 59516 | Vaults:4 | Found Yrayco's General Store.
 59563 | Vaults:4 | Bought a scroll of enchant armour for 135 gold pieces
 59622 | Vaults:4 | Reached skill level 15 in Fighting
 59622 | Vaults:4 | Reached skill level 15 in Short Blades
 59622 | Vaults:4 | Reached skill level 15 in Long Blades
 59622 | Vaults:4 | Reached skill level 15 in Axes
 59622 | Vaults:4 | Reached skill level 15 in Maces & Flails
 59622 | Vaults:4 | Reached skill level 15 in Polearms
 59622 | Vaults:4 | Reached skill level 15 in Staves
 59622 | Vaults:4 | Reached skill level 15 in Ranged Weapons
 59622 | Vaults:4 | Reached skill level 15 in Throwing
 59622 | Vaults:4 | Reached skill level 15 in Armour
 59622 | Vaults:4 | Reached skill level 15 in Shields
 59622 | Vaults:4 | Reached skill level 15 in Unarmed Combat
 59622 | Vaults:4 | Reached skill level 15 in Evocations
 60007 | Vaults:4 | Received a gift from Sif Muna
 60010 | Vaults:4 | Reached skill level 13 in Conjurations
 60014 | Vaults:4 | Got Sif Muna's Enchiridion on Graupel and the Jaunt {god
                  | gift}
 60024 | Vaults:4 | Learned a level 4 spell: Passage of Golubria
 60501 | Elf:1    | Entered Level 1 of the Elven Halls
 60795 | Elf:1    | Found Optomucy's Armour Boutique.
 60799 | Elf:1    | Found Bung's General Store.
 60799 | Elf:1    | Found Xeigijoi's Jewellery Boutique.
 60804 | Elf:1    | Found Rariaf's Armour Shop.
 60807 | Elf:1    | Bought the ring of Toagib {rN+ rCorr Dex+3 SInv} for 457
                  | gold pieces
 60821 | Elf:1    | Bought a potion of heal wounds for 90 gold pieces
 60944 | Elf:1    | Paralysed by an air elemental for 1 turns
 61365 | Elf:1    | Found Siedgh's Weapon Shoppe.
 62088 | Elf:2    | Reached skill level 14 in Air Magic
 62149 | Elf:2    | Reached skill level 16 in Spellcasting
 62149 | Elf:2    | Reached skill level 13 in Hexes
 62149 | Elf:2    | Reached skill level 13 in Summonings
 62149 | Elf:2    | Reached skill level 13 in Necromancy
 62149 | Elf:2    | Reached skill level 13 in Translocations
 62149 | Elf:2    | Reached skill level 13 in Transmutations
 62149 | Elf:2    | Reached skill level 13 in Fire Magic
 62149 | Elf:2    | Reached skill level 13 in Ice Magic
 62149 | Elf:2    | Reached skill level 13 in Earth Magic
 62149 | Elf:2    | Reached skill level 13 in Poison Magic
 62152 | Elf:2    | Reached XP level 22. HP: 166/175 MP: 25/42
 62210 | Elf:2    | Noticed Louise
 62256 | Elf:2    | Found a crumbling gateway.
 62333 | Desolati | Entered the Desolation of Salt
 62354 | Desolati | Received a gift from Sif Muna
 62360 | Desolati | Got Qinel's Compendium of the Legion and Guile {god gift}
 62725 | Desolati | Reached skill level 16 in Dodging
 62917 | Desolati | Found the +8 orange crystal plate armour {Archmagi, Int+3
                  | Clar}
 62949 | Desolati | Identified the +0 chain mail "Yrgh" {Fly rCorr Str+3
                  | Stlth+}
 63053 | Desolati | Identified the +0 helmet of Okawaru's Vengeance {Str+4
                  | Dex+2}
 63425 | Desolati | Reached skill level 16 in Stealth
 63431 | Desolati | HP: 69/176 [crystal guardian[a halazid warlock] (41)]
 63434 | Desolati | HP: 32/176 [saltling[a halazid warlock] (9)]
 63858 | Desolati | HP: 81/167 [cloud of freezing vapour (7)]
 64030 | Desolati | Got the Precepts of the Venomous Mountains
 64031 | Desolati | Identified the +8 chain mail of Wu Jian's Generosity
                  | {Rampage rF+}
 64130 | Desolati | Identified the +0 cloak "Taotsom" {Will+ Int+2}
 64136 | Desolati | Identified the ring of Devotion {Fire Contam Fly Will+
                  | Dex+5}
 64690 | Elf:2    | Killed Louise
 64894 | Elf:2    | Found Ijirumn's Book Boutique.
 64895 | Elf:2    | Found Haps's Jewellery Shoppe.
 64896 | Elf:2    | Found Seule's Book Boutique.
 65058 | Elf:2    | Found a huge runed translucent gate.
 65058 | Elf:2    | Found a huge runed translucent gate.
 65068 | Elf:2    | Found a huge runed translucent gate.
 65069 | Elf:2    | Found a huge runed translucent gate.
 65070 | Elf:2    | Found a huge runed translucent gate.
 65658 | Elf:2    | Received a gift from Sif Muna
 65659 | Elf:2    | Got Sif Muna's Writings on the Glacier and Leadership {god
                  | gift}
 65856 | Elf:2    | Reached skill level 17 in Invocations
 66248 | Elf:3    | Entered Level 3 of the Elven Halls
 66638 | Elf:3    | Found a radiant altar of Vehumet.
 67023 | Elf:3    | Identified the +3 mace "Butsufan" {protect, rC++ rN+ Str+4
                  | Int-2}
 67542 | Elf:3    | Identified the +4 steam dragon scales of Bitterness {rPois
                  | rN+ MP-9 Dex+2}
 68466 | Elf:3    | Identified the +4 dagger "Puled" {antimagic, Str-3 Int+7}
 68806 | Elf:3    | Identified the +1 leather armour of Parsimonious Liberty
                  | {rC+ Will+ Int+2 Stlth+}
 68821 | Elf:3    | Identified the +1 buckler of the Eight Souls {rPois}
 68827 | Elf:3    | Reached XP level 23. HP: 170/183 MP: 8/43
 69222 | Elf:3    | Got the Almanac of the Ageless Heavens
 69239 | Elf:3    | Identified the +11 flail of Caoseu {holy, Int+3}
 69580 | Crypt:1  | Entered Level 1 of the Crypt
 69901 | Crypt:1  | Reached skill level 16 in Fighting
 69901 | Crypt:1  | Reached skill level 16 in Short Blades
 69901 | Crypt:1  | Reached skill level 16 in Long Blades
 69901 | Crypt:1  | Reached skill level 16 in Axes
 69901 | Crypt:1  | Reached skill level 16 in Maces & Flails
 69901 | Crypt:1  | Reached skill level 16 in Polearms
 69901 | Crypt:1  | Reached skill level 16 in Staves
 69901 | Crypt:1  | Reached skill level 16 in Ranged Weapons
 69901 | Crypt:1  | Reached skill level 16 in Throwing
 69901 | Crypt:1  | Reached skill level 16 in Armour
 69901 | Crypt:1  | Reached skill level 16 in Shields
 69901 | Crypt:1  | Reached skill level 16 in Unarmed Combat
 69901 | Crypt:1  | Reached skill level 16 in Evocations
 70071 | Vaults:3 | Received a gift from Sif Muna
 70072 | Vaults:3 | Got Sif Muna's Quarto of Vexing Combustion {god gift}
 72507 | Crypt:2  | Identified the +0 falchion of Ijudgh {vorpal, Int+5}
 73478 | Crypt:2  | HP: 82/184 [flayed ghost/flay_damage (25)]
 74142 | Crypt:3  | Entered Level 3 of the Crypt
 74337 | Crypt:2  | Received a gift from Sif Muna
 74338 | Crypt:2  | Got Sif Muna's Further Steps in Spellcasting {god gift}
 74425 | Crypt:2  | Reached skill level 14 in Conjurations
 75521 | Crypt:3  | Found a basalt altar of Yredelemnul.
 75526 | Crypt:3  | Reached skill level 17 in Spellcasting
 76653 | Crypt:3  | Reached skill level 17 in Dodging
 76811 | Crypt:3  | Reached skill level 14 in Hexes
 76811 | Crypt:3  | Reached skill level 14 in Summonings
 76811 | Crypt:3  | Reached skill level 14 in Necromancy
 76811 | Crypt:3  | Reached skill level 14 in Translocations
 76811 | Crypt:3  | Reached skill level 14 in Transmutations
 76811 | Crypt:3  | Reached skill level 14 in Fire Magic
 76811 | Crypt:3  | Reached skill level 14 in Ice Magic
 76811 | Crypt:3  | Reached skill level 14 in Earth Magic
 76811 | Crypt:3  | Reached skill level 14 in Poison Magic
 77073 | Crypt:3  | Received a gift from Sif Muna
 77074 | Crypt:3  | Got Deklin's Treatise on Flinty Moulding {god gift}
 77496 | Crypt:3  | Identified the amulet "Cumus" {rC+ Regen+}
 77496 | Crypt:3  | Identified the amulet "Vuylecve" {Regen+ rCorr Str+8 Dex-3
                  | Stlth-}
 77496 | Crypt:3  | Identified the ring "Joz Ba Waab" {rPois rC+ rN+ Dex-5}
 77520 | Crypt:3  | Got the Almanac of the Volcano
 77628 | Crypt:3  | Learned a level 7 spell: Spellforged Servitor
 77890 | Crypt:3  | Reached skill level 15 in Air Magic
 78218 | Crypt:3  | Reached skill level 17 in Stealth
 78502 | Crypt:3  | Found a staircase to the Tomb.
 78502 | Crypt:3  | Noticed Khufu
 78527 | Crypt:3  | HP: 92/185 [??? (47)]
 78530 | Crypt:3  | Killed Khufu
 78530 | Crypt:3  | HP: 35/185 [something (20)]
 78683 | Crypt:3  | Identified the +0 scale mail "Erugud" {Will+}
 79145 | Elf:2    | Bought the ring "Xewiytu" {Str+6 Int+9} for 866 gold pieces
 79448 | Snake:3  | Bought the ring of Disaster {Fire Str+4 Dex+4} for 634 gold
                  | pieces
 79464 | Snake:3  | Learned a level 6 spell: Starburst
 79751 | Depths:1 | Entered Level 1 of the Depths
 79998 | Depths:1 | Reached skill level 18 in Invocations
 79998 | Depths:1 | Reached XP level 24. HP: 151/193 MP: 20/44
 80015 | Depths:1 | HP: 92/193 [centaur warrior/arrow (13)]
 80496 | Depths:1 | HP: 85/193 [deep elf master archer/arrow (31)]
 81482 | Depths:1 | Found a corrupted altar of Lugonu.
 81485 | Depths:1 | Found a one-way gate to the infinite horrors of the Abyss.
 82852 | Depths:2 | Received a gift from Sif Muna
 83722 | Depths:2 | HP: 81/193 [spriggan air mage/the air (21)]
 85437 | Depths:2 | Reached skill level 17 in Fighting
 85437 | Depths:2 | Reached skill level 17 in Short Blades
 85437 | Depths:2 | Reached skill level 17 in Long Blades
 85437 | Depths:2 | Reached skill level 17 in Axes
 85437 | Depths:2 | Reached skill level 17 in Maces & Flails
 85437 | Depths:2 | Reached skill level 17 in Polearms
 85437 | Depths:2 | Reached skill level 17 in Staves
 85437 | Depths:2 | Reached skill level 17 in Ranged Weapons
 85437 | Depths:2 | Reached skill level 17 in Throwing
 85437 | Depths:2 | Reached skill level 17 in Armour
 85437 | Depths:2 | Reached skill level 17 in Shields
 85437 | Depths:2 | Reached skill level 17 in Unarmed Combat
 85437 | Depths:2 | Reached skill level 17 in Evocations
 85551 | Depths:2 | Identified the +2 great sword "Bonuiv" {pain, Fly Will-
                  | rCorr Int+10}
 87499 | Depths:2 | Received a gift from Sif Muna
 88129 | Depths:2 | Reached XP level 25. HP: 188/201 MP: 8/44
 88462 | Depths:2 | Found a one-way gate leading to the halls of Pandemonium.
 88527 | Depths:2 | Identified the +4 spear "Dovan" {vorpal, Str+8}
 89303 | Depths:3 | Reached skill level 18 in Spellcasting
 89754 | Depths:3 | Received a gift from Sif Muna
 89755 | Depths:3 | Reached skill level 15 in Conjurations
 89907 | Depths:3 | Got Sif Muna's Teachings on Icy Variation {god gift}
 90277 | Depths:3 | Reached skill level 18 in Dodging
 90762 | Depths:3 | Found a radiant altar of Vehumet.
 90928 | Depths:3 | CougarLife: bro idk what it is
 90932 | Depths:3 | CougarLife: when i start a mifi
 90938 | Depths:3 | CougarLife: and train my skills in the dumbest fucking way
 90941 | Depths:3 | CougarLife: i make it through orc
 90950 | Depths:3 | CougarLife: without a single fuckin issue
 90988 | Depths:3 | CougarLife: like ill be training fighting axes armor and
                  | shield all at the same time
 90988 | Depths:3 | CougarLife: with a focus on axes
 90988 | Depths:3 | CougarLife: and it somehow just fucking works
 90988 | Depths:3 | sleeves: i usually do that as well
 90988 | Depths:3 | CougarLife: ive NEVER done it like that
 90988 | Depths:3 | sleeves: but first i get my weapon to under 1 swing a turn
 91070 | Depths:3 | CougarLife: why does this depths look weird
 91076 | Depths:3 | CougarLife: looks like a mansion
 91076 | Depths:3 | sleeves: its a vault
 91076 | Depths:3 | sleeves: new one
 91076 | Depths:3 | CougarLife: never seen it before
 91076 | Depths:3 | sleeves: havent seen it
 91076 | Depths:3 | CougarLife: have you?
 91076 | Depths:3 | CougarLife: ah
 91076 | Depths:3 | sleeves: i had to dig
 91127 | Depths:3 | CougarLife: yeah its a gate
 91131 | Depths:3 | CougarLife: this is a mansion bro
 91231 | Depths:3 | Identified the +1 chain mail of the Decaying Barracuda
                  | {Dex+2}
 91259 | Depths:3 | CougarLife: oka gave me +10 randart storm scales lol
 91260 | Depths:3 | CougarLife: so i breezed through orc
 91260 | Depths:3 | sleeves: epic
 91273 | Depths:3 | CougarLife: holy
 91274 | Depths:3 | CougarLife: ur on a gnoll?
 91275 | Depths:3 | sleeves: yeah
 91275 | Depths:3 | CougarLife: what kinda gear u got
 91275 | Depths:3 | sleeves: insane stuff
 91275 | Depths:3 | CougarLife: WHAT IS THAT PLATE LOL
 91275 | Depths:3 | sleeves: cant use it though
 91275 | Depths:3 | sleeves: I can almost use it
 91275 | Depths:3 | CougarLife: dont u need like 24 armor
 91275 | Depths:3 | CougarLife: before u can use plate
 91275 | Depths:3 | sleeves: yeah ima need max stats prolly
 91275 | Depths:3 | sleeves: its cpa too
 91294 | Depths:3 | CougarLife: yeah cpa is nuts
 91345 | Depths:3 | Found an ancient bone altar of Kikubaaqudgha.
 91346 | Depths:3 | CougarLife: i forget how it works but i think cpa reduces
                  | incoming damgae by like 50% or some shit
 91350 | Depths:3 | CougarLife: its crazy
 91353 | Depths:3 | Reached skill level 18 in Stealth
 91353 | Depths:3 | Reached skill level 19 in Invocations
 91534 | Depths:3 | You are sucked into a shaft and drop 1 floor!
 91534 | Depths:4 | Entered Level 4 of the Depths
 91535 | Depths:4 | CougarLife: this vault is sick
 91535 | Depths:4 | CougarLife: was sick
 91535 | Depths:4 | sleeves: yeah..
 91572 | Depths:4 | CougarLife: i think im gonna try to train my axes high
                  | enough to use the exe
 91608 | Depths:4 | Noticed Jory
 91609 | Depths:4 | sleeves: do it
 91609 | Depths:4 | sleeves: this is most un good
 91609 | Depths:4 | CougarLife: i havent ran into any particularly scary
                  | uniques yet prolly gonna get fucked soon in an S branch
 91629 | Depths:4 | Reached skill level 15 in Hexes
 91629 | Depths:4 | Reached skill level 15 in Summonings
 91629 | Depths:4 | Reached skill level 15 in Necromancy
 91629 | Depths:4 | Reached skill level 15 in Translocations
 91629 | Depths:4 | Reached skill level 15 in Transmutations
 91629 | Depths:4 | Reached skill level 15 in Fire Magic
 91629 | Depths:4 | Reached skill level 15 in Ice Magic
 91629 | Depths:4 | Reached skill level 15 in Earth Magic
 91629 | Depths:4 | Reached skill level 15 in Poison Magic
 91629 | Depths:4 | Killed Jory
 91999 | Depths:4 | Found a portal to a secret trove of treasure.
 92001 | Depths:4 | sleeves: I also got the dream amu
 92030 | Depths:4 | CougarLife: which amulet
 92038 | Depths:4 | CougarLife: oh literal dream amulet
 92038 | Depths:4 | CougarLife: whats that do
 92038 | Depths:4 | sleeves: prevents death
 92038 | Depths:4 | sleeves: once
 92038 | Depths:4 | sleeves: and heals you
 92038 | Depths:4 | CougarLife: oh wtf
 92038 | Depths:4 | sleeves: its new
 92038 | Depths:4 | CougarLife: yeah but you have to like
 92038 | Depths:4 | CougarLife: give up ur amulet slot for that
 92038 | Depths:4 | sleeves: yeah it gives nothing
 92038 | Depths:4 | CougarLife: kinda shitty imo
 92038 | Depths:4 | sleeves: but it could be good
 92038 | Depths:4 | CougarLife: naw thats trash
 92038 | Depths:4 | sleeves: if you have everything covered
 92038 | Depths:4 | CougarLife: yeah gl with that
 92038 | Depths:4 | sleeves: lol
 92038 | Depths:4 | CougarLife: just get a rf+++ ring and a rc+++ ring
 92041 | Depths:4 | CougarLife: and willpower elsewhere
 92041 | Depths:4 | CougarLife: its simple lol
 92041 | Depths:4 | sleeves: simple
 92041 | Depths:4 | You paid a toll of 16 potions of curing to enter a treasure
                  | trove
 92042 | Trove    | Entered a treasure trove
 92047 | Trove    | Identified the amulet of Bineer {Reflect Rampage *Slow
                  | +Blink Int+4 SH+5}
 92053 | Trove    | CougarLife: this is the worst trove ive ever seen
 92056 | Trove    | Identified the ring "Jyck" {rF++ rN+ Int+6 Slay+5 Stlth+}
 92058 | Trove    | CougarLife: what did it ask for
 92058 | Trove    | sleeves: lol
 92058 | Trove    | sleeves: wtf
 92058 | Trove    | sleeves: this ring
 92058 | Trove    | sleeves: 16 cure pots
 92058 | Trove    | Identified the ring "Barcharo" {rPois rN+++ Will- Dex+8}
 92063 | Trove    | CougarLife: kinda worth
 92069 | Trove    | CougarLife: for that ring
 92075 | Depths:4 | CougarLife: never seen an item that purely positive
 92075 | Depths:4 | CougarLife: kinda wild
 92075 | Depths:4 | CougarLife: usually they have a -stat on them
 92077 | Depths:4 | CougarLife: is it worth wearing tho thats the question
 92077 | Depths:4 | sleeves: yeah
 92077 | Depths:4 | CougarLife: ok good
 92119 | Depths:4 | sleeves: dang i can almost wear the cpa
 92119 | Depths:4 | sleeves: but i lose willpower and relec
 92497 | Depths:3 | Received a gift from Sif Muna
 92505 | Depths:3 | Got Sif Muna's Quarto of the Incandescent Tesseract {god
                  | gift}
 92685 | Depths:3 | Learned a level 8 spell: Lehudib's Crystal Spear
 92685 | Depths:3 | CougarLife: not worth
 92690 | Depths:3 | Found The Legendary Doguipta's Legendary Smithy.
 92694 | Depths:3 | CougarLife: kinda meh cuz u cant upgrade it either
 92708 | Depths:3 | CougarLife: how much ac will it give you? like 14?
 92708 | Depths:3 | CougarLife: 17
 92708 | Depths:3 | CougarLife: ehh
 92708 | Depths:3 | CougarLife: its really just kinda crazy cuz it has archmagi
                  | and clarity on iut
 92708 | Depths:3 | sleeves: hopefully i can use it
 92708 | Depths:3 | sleeves: yeah
 92708 | Depths:3 | CougarLife: some wild ass plate
 92713 | Depths:3 | CougarLife: LOL
 92713 | Depths:3 | CougarLife: thats a funny shop
 92713 | Depths:3 | sleeves: interesting
 92736 | Depths:3 | Found Gosoavui's General Store.
 92746 | Depths:3 | CougarLife: legendary dogupitas legendary smithy
 92754 | Depths:3 | CougarLife: funny
 92756 | Depths:3 | Reached skill level 16 in Air Magic
 92766 | Depths:3 | CougarLife: whoa
 92766 | Depths:3 | CougarLife: did he just use lcs
 92767 | Depths:3 | sleeves: yeah
 92857 | Depths:3 | CougarLife: that was nuts
 92859 | Depths:3 | CougarLife: he just jabbed him from like 3 squares away
 92859 | Depths:3 | CougarLife: and popped him
 92859 | Depths:3 | CougarLife: lmao
 92926 | Depths:3 | Found a burning altar of Makhleb.
 92932 | Depths:3 | sleeves: why isnt this guy attacking
 93067 | Depths:3 | Found Faenegh's Miraculous Elixirs.
 93080 | Depths:3 | CougarLife: LOL
 93080 | Depths:3 | sleeves: sick
 93080 | Depths:3 | CougarLife: this fucking vault is hilarious
 93181 | Depths:3 | sleeves: i could get some good ass muts
 93631 | Depths:4 | Found a one-way gateway to a ziggurat.
 93638 | Depths:4 | CougarLife: u should save them for cleansing neg muts
 93645 | Depths:4 | sleeves: i almost have necromut
 93645 | Depths:4 | sleeves: so i could just chug em
 93705 | Depths:4 | CougarLife: wild
 93905 | Depths:4 | CougarLife: gnoll looks so fun man
 93908 | Depths:4 | CougarLife: i wish i didnt suck at playing them
 93911 | Depths:4 | sleeves: its ez
 93911 | Depths:4 | CougarLife: i get fuckin rolled
 93911 | Depths:4 | sleeves: just go a caster
 93911 | Depths:4 | sleeves: they get everything online immediately
 94020 | Depths:4 | Noticed a juggernaut
 94317 | Depths:4 | Killed a juggernaut
 94799 | Depths:4 | Reached XP level 26. HP: 211/211 MP: 19/45
 95091 | Depths:4 | Found a gate to the Realm of Zot.
 95434 | Depths:4 | Reached skill level 18 in Fighting
 95434 | Depths:4 | Reached skill level 18 in Short Blades
 95434 | Depths:4 | Reached skill level 18 in Long Blades
 95434 | Depths:4 | Reached skill level 18 in Axes
 95434 | Depths:4 | Reached skill level 18 in Maces & Flails
 95434 | Depths:4 | Reached skill level 18 in Polearms
 95434 | Depths:4 | Reached skill level 18 in Staves
 95434 | Depths:4 | Reached skill level 18 in Ranged Weapons
 95434 | Depths:4 | Reached skill level 18 in Throwing
 95434 | Depths:4 | Reached skill level 18 in Armour
 95434 | Depths:4 | Reached skill level 18 in Shields
 95434 | Depths:4 | Reached skill level 18 in Unarmed Combat
 95434 | Depths:4 | Reached skill level 18 in Evocations
 95502 | Depths:4 | Identified the +1 leather armour of Zin's Brutal Revenge
                  | {Will- Regen+ Int+2 Stlth+}
 95665 | Depths:4 | sleeves: still dont have ignition
 95665 | Depths:4 | sleeves: wtf sif
 95984 | Slime:1  | Entered Level 1 of the Pits of Slime
 96026 | Slime:1  | Received a gift from Sif Muna
 96060 | Slime:1  | Learned a level 8 spell: Ignition
 96107 | Slime:1  | CougarLife: get fuced
 96107 | Slime:1  | CougarLife: fucked
 96107 | Slime:1  | sleeves: he just gave it to me
 96107 | Slime:1  | sleeves: lol
 96107 | Slime:1  | CougarLife: oh
 96107 | Slime:1  | CougarLife: well then
 96107 | Slime:1  | CougarLife: sounds like its zig time
 96107 | Slime:1  | sleeves: not yet
 96107 | Slime:1  | CougarLife: soon
 96107 | Slime:1  | sleeves: i dont have fire storm
 96107 | Slime:1  | sleeves: or necromut online
 96107 | Slime:1  | CougarLife: this is lookin like a 15 rune run at the least
 96107 | Slime:1  | sleeves: i could
 96107 | Slime:1  | sleeves: but i need to get xp
 96107 | Slime:1  | CougarLife: thats what zig is for
 96107 | Slime:1  | sleeves: not yet..
 96107 | Slime:1  | sleeves: cuz if i go in i dont get another
 96107 | Slime:1  | sleeves: until i do tomb
 96107 | Slime:1  | CougarLife: oh geez
 96107 | Slime:1  | CougarLife: you have to do tomb to get more ziggs?
 96112 | Lair:5   | CougarLife: was wondering how that worked
 96112 | Lair:5   | sleeves: also i only have 3 javs
 96112 | Lair:5   | CougarLife: that is not ideal
 96112 | Lair:5   | CougarLife: but u know where you could get more? :)
 96112 | Lair:5   | CougarLife: u should try for 15 this run
 96112 | Lair:5   | CougarLife: looks doable
 96112 | Lair:5   | CougarLife: might need to ditch sif at some point tho
 96112 | Lair:5   | sleeves: not even a lightning rod
 96112 | Lair:5   | sleeves: sif can do zigs
 96112 | Lair:5   | sleeves: ive done a few back to back with him
 96112 | Lair:5   | CougarLife: sif is not a 15 rune god
 96112 | Lair:5   | sleeves: he is
 96112 | Lair:5   | CougarLife: ur on crack
 96112 | Lair:5   | sleeves: free mana is good
 96475 | Vaults:5 | Entered Level 5 of the Vaults
 96674 | Vaults:5 | Identified the +6 halberd of Courage {elec, rF+ rN+ MP+9
                  | Int+2}
 97148 | Vaults:5 | CougarLife: wtf spell is that
 97153 | Vaults:4 | Received a gift from Sif Muna
 97335 | Vaults:4 | CougarLife: ah starburst
 98010 | Vaults:5 | CougarLife: youre a maniac
 98649 | Vaults:5 | Noticed an ancient lich
 98655 | Vaults:5 | Killed an ancient lich
 99125 | Vaults:5 | Got a silver rune of Zot
 99128 | Vaults:5 | Identified the +4 cloak of Life {Harm rC+ rCorr}
 99334 | Vaults:5 | Reached skill level 19 in Spellcasting
100341 | Vaults:5 | Reached skill level 20 in Invocations
100554 | Vaults:5 | Reached skill level 19 in Dodging
100590 | Vaults:5 | Identified the +2 sling of the Onslaught {vorpal, *Slow
                  | Will++ Dex+9}
101050 | Orc:2    | Bought a warped rapier for 288 gold pieces
101050 | Orc:2    | Identified the +2 rapier "Killer Bee's Foe" {elec, Str+4}
                  | (You bought it in a shop on level 2 of the Orcish Mines)
101665 | Snake:3  | Killed Roxanne
101932 | Hell     | Entered the Vestibule of Hell
101932 | Hell     | Noticed Geryon
101984 | Hell     | Reached skill level 19 in Stealth
101984 | Hell     | Reached skill level 16 in Conjurations
101984 | Hell     | HP: 104/213 [???[a doom hound] (82)]
102547 | Hell     | HP: 87/213 [blizzard demon/the air (27)]
102548 | Hell     | sleeves: jesus
102548 | Hell     | sleeves: where did they ocme from
102553 | Lair:5   | HP: 31/213 [???[a doom hound] (19)]
102559 | Lair:5   | CougarLife: BRO
102560 | Lair:5   | CougarLife: BACK THE FUCK UP
102561 | Lair:5   | sleeves: obviously
102561 | Lair:5   | CougarLife: WHAT THE FUCK ARE YOU DOING LOL
102561 | Lair:5   | sleeves: i am gonn do hell
102561 | Lair:5   | sleeves: entrance
102561 | Lair:5   | CougarLife: YEAH OK
102562 | Lair:5   | CougarLife: IF YOU LIVE
102966 | Lair:5   | Reached XP level 27. HP: 185/219 MP: 25/46
102972 | Lair:5   | CougarLife: christ
103057 | Lair:5   | CougarLife: were these fuckers just sitting in lair 5?
103135 | Lair:5   | CougarLife: those dont look like lair 5 monsters
103135 | Lair:5   | sleeves: no
103135 | Lair:5   | sleeves: I got howled
103135 | Lair:5   | sleeves: but those stupid dogs
103187 | Lair:5   | CougarLife: show stats again
103197 | Lair:5   | sleeves: surley the cpa saves me
103208 | Hell     | CougarLife: you are playing with fire
103208 | Hell     | Reached ****** piety under Sif Muna
103211 | Hell     | CougarLife: corr -12
103214 | Lair:5   | CougarLife: jesus christ
103215 | Lair:5   | sleeves: howl is so dumb
103215 | Lair:5   | sleeves: they need to remove it
103216 | Lair:5   | CougarLife: -16
103602 | Lair:5   | CougarLife: spooky
103603 | Lair:5   | CougarLife: i uh
103603 | Lair:5   | CougarLife: dont think hell is worth it im ngl
103603 | Lair:5   | sleeves: i didnt even see the dog
103613 | Lair:5   | CougarLife: do you have all S runes
103613 | Lair:5   | sleeves: i can do slime
103613 | Lair:5   | sleeves: but it wont matter this will be the same
103613 | Lair:5   | CougarLife: might be worth the xp
103615 | Hell     | sleeves: this fucker needs to die
103617 | Lair:5   | CougarLife: whats the ignition chance
103618 | Lair:5   | sleeves: its likr 16
103618 | Lair:5   | CougarLife: could roll some dice
103618 | Lair:5   | sleeves: but they are all fire immune
103618 | Lair:5   | CougarLife: the doomhound is fire immune?
103633 | Lair:5   | CougarLife: unfortunate
103637 | Lair:5   | CougarLife: maybe do slime so you have a chance to get
                  | polar vortex
103639 | Lair:5   | HP: 106/219 [bone dragon[a doom hound] (11)]
103644 | Lair:5   | HP: 99/219 [poisoned by a putrid mouth (dark miasma)]
103645 | Lair:5   | CougarLife: if you get vortex and its online immediately
                  | you will destroy that entrance at the very least
103645 | Lair:5   | sleeves: this retarded ass ai
103645 | Lair:5   | sleeves: wont attack
103645 | Lair:5   | sleeves: cuz its behind me
103645 | Lair:5   | CougarLife: step forward
103649 | Lair:5   | HP: 94/219 [poisoned by a putrid mouth (dark miasma)]
103655 | Lair:5   | sleeves: look how stupid
103655 | Lair:5   | sleeves: it is
103655 | Lair:5   | CougarLife: dont you have rc++
103655 | Lair:5   | CougarLife: rc+++
103655 | Lair:5   | CougarLife: oh you dont
103655 | Lair:5   | CougarLife: ok
103660 | Lair:5   | CougarLife: unlucky
103892 | Lair:5   | CougarLife: wait wtf
103892 | Lair:5   | sleeves: with the weapon
103892 | Lair:5   | sleeves: i do
103892 | Lair:5   | sleeves: i was using the elec
103892 | Lair:5   | CougarLife: ah
103897 | Lair:5   | CougarLife: i think u should do slime to see if you can get
                  | polar vortex
103903 | Lair:5   | HP: 109/219 [iron golem (26)]
103904 | Lair:5   | CougarLife: before you die trying to stair dance hell
104073 | Hell     | sleeves: ok we got the dog
104077 | Lair:5   | CougarLife: youre a god damn freak
104079 | Lair:5   | Reached skill level 16 in Hexes
104079 | Lair:5   | Reached skill level 16 in Summonings
104079 | Lair:5   | Reached skill level 16 in Necromancy
104079 | Lair:5   | Reached skill level 16 in Translocations
104079 | Lair:5   | Reached skill level 16 in Transmutations
104079 | Lair:5   | Reached skill level 16 in Fire Magic
104079 | Lair:5   | Reached skill level 16 in Ice Magic
104079 | Lair:5   | Reached skill level 16 in Earth Magic
104079 | Lair:5   | Reached skill level 16 in Poison Magic
104177 | Lair:5   | CougarLife: go do slime >:(
104184 | Lair:5   | sleeves: anotehr fucking dog
104189 | Lair:5   | HP: 79/219 [???[a doom hound] (40)]
104191 | Lair:5   | sleeves: literally the most broken thing in the game
104340 | Lair:4   | CougarLife: if you have polar vortex these losers wont
                  | matter
104391 | Lair:5   | CougarLife: its 4:30 i gotta go to sleep
104391 | Lair:5   | CougarLife: try not to die in hell
104391 | Lair:5   | sleeves: okay
104406 | Lair:5   | CougarLife: ive only ever seen pan once before and never
                  | seen the iron city or w/e its called
104419 | Lair:5   | CougarLife: i have however seen tomb before
104566 | Lair:5   | HP: 73/212 [???[a doom hound] (46)]
105117 | Slime:1  | Learned a level 8 spell: Necromutation
105117 | Slime:1  | sleeves: hell is even worse now i guess
105117 | Slime:1  | sleeves: only 1 staircase down every floor
105277 | Slime:2  | Noticed Dissolution
105281 | Slime:2  | Killed Dissolution
106616 | Slime:2  | Found a viscous altar of Jiyva.
106752 | Slime:2  | Learned a level 9 spell: Fire Storm
106797 | Slime:3  | Reached skill level 17 in Air Magic
106818 | Slime:3  | Reached skill level 19 in Fighting
106818 | Slime:3  | Reached skill level 19 in Short Blades
106818 | Slime:3  | Reached skill level 19 in Long Blades
106818 | Slime:3  | Reached skill level 19 in Axes
106818 | Slime:3  | Reached skill level 19 in Maces & Flails
106818 | Slime:3  | Reached skill level 19 in Polearms
106818 | Slime:3  | Reached skill level 19 in Staves
106818 | Slime:3  | Reached skill level 19 in Ranged Weapons
106818 | Slime:3  | Reached skill level 19 in Throwing
106818 | Slime:3  | Reached skill level 19 in Armour
106818 | Slime:3  | Reached skill level 19 in Shields
106818 | Slime:3  | Reached skill level 19 in Unarmed Combat
106818 | Slime:3  | Reached skill level 19 in Evocations
107846 | Slime:5  | Entered Level 5 of the Pits of Slime
108423 | Slime:5  | Found a viscous altar of Jiyva.
108424 | Slime:5  | Noticed the Royal Jelly
108452 | Slime:5  | Killed the Royal Jelly
108702 | Slime:5  | Identified the ring of Lenemuywk {rC+ Int+4}
108708 | Slime:5  | Got a slimy rune of Zot
109787 | Zot:1    | Entered Level 1 of the Realm of Zot
110105 | Zot:2    | Noticed an orb of fire
111376 | Zot:2    | Killed an orb of fire
111643 | Zot:2    | Reached skill level 21 in Invocations
112156 | Zot:2    | Reached skill level 20 in Spellcasting
113167 | Zot:3    | Reached skill level 20 in Dodging
113794 | Zot:3    | Reached skill level 20 in Stealth
114012 | Zot:4    | Noticed Parghit
114116 | Zot:4    | Killed Parghit
115120 | Zot:4    | Reached skill level 17 in Conjurations
116075 | Zot:5    | Entered Level 5 of the Realm of Zot
116635 | Zot:5    | Reached skill level 17 in Hexes
116635 | Zot:5    | Reached skill level 17 in Summonings
116635 | Zot:5    | Reached skill level 17 in Necromancy
116635 | Zot:5    | Reached skill level 17 in Translocations
116635 | Zot:5    | Reached skill level 17 in Transmutations
116635 | Zot:5    | Reached skill level 17 in Fire Magic
116635 | Zot:5    | Reached skill level 17 in Ice Magic
116635 | Zot:5    | Reached skill level 17 in Earth Magic
116635 | Zot:5    | Reached skill level 17 in Poison Magic
116967 | Zot:5    | Noticed a dread lich
116979 | Zot:5    | Killed a dread lich
117137 | Zot:5    | Identified the +11 rapier "Iluzet" {drain, rC- Will+ Dex+5}
117168 | Zot:5    | Noticed a dread lich
117171 | Zot:5    | Noticed an orb of fire
117182 | Zot:5    | Gained mutation: You are dopey. (Int -2) [an orb of fire]
117196 | Zot:5    | Killed an orb of fire
117203 | Zot:5    | Noticed an orb of fire
117211 | Zot:5    | Gained mutation: You have large cloven feet. [an orb of
                  | fire]
117363 | Zot:5    | Killed an orb of fire
117364 | Zot:5    | Reached skill level 20 in Fighting
117364 | Zot:5    | Reached skill level 20 in Short Blades
117364 | Zot:5    | Reached skill level 20 in Long Blades
117364 | Zot:5    | Reached skill level 20 in Axes
117364 | Zot:5    | Reached skill level 20 in Maces & Flails
117364 | Zot:5    | Reached skill level 20 in Polearms
117364 | Zot:5    | Reached skill level 20 in Staves
117364 | Zot:5    | Reached skill level 20 in Ranged Weapons
117364 | Zot:5    | Reached skill level 20 in Throwing
117364 | Zot:5    | Reached skill level 20 in Armour
117364 | Zot:5    | Reached skill level 20 in Shields
117364 | Zot:5    | Reached skill level 20 in Unarmed Combat
117364 | Zot:5    | Reached skill level 20 in Evocations
117502 | Zot:5    | Killed a dread lich
117841 | Zot:5    | Noticed an orb of fire
117859 | Zot:5    | Killed an orb of fire
118307 | Zot:5    | Reached skill level 18 in Air Magic
118483 | Zot:5    | Noticed an orb of fire
118506 | Zot:5    | Killed an orb of fire
118670 | Zot:5    | Noticed an ancient lich
118674 | Zot:5    | Noticed an ancient lich
118677 | Zot:5    | Killed an ancient lich
118681 | Zot:5    | HP: 112/224 [ancient lich/crystal spear (82)]
118992 | Zot:5    | Noticed an ancient lich
118997 | Zot:5    | Killed an ancient lich
119148 | Zot:5    | Killed an ancient lich
119545 | Zot:5    | Lost mutation: You have large cloven feet. [potion of
                  | mutation]
119545 | Zot:5    | Lost mutation: You are dopey. (Int -2) [potion of mutation]
119545 | Zot:5    | Gained mutation: Your magical capacity is low. (-10% MP)
                  | [potion of mutation]
119545 | Zot:5    | Gained mutation: You are frail. (-10% HP) [potion of
                  | mutation]
119546 | Zot:5    | Lost mutation: You are frail. (-10% HP) [potion of
                  | mutation]
119546 | Zot:5    | Lost mutation: Your magical capacity is low. (-10% MP)
                  | [potion of mutation]
119546 | Zot:5    | Gained mutation: Your body sometimes deteriorates upon
                  | taking damage. [potion of mutation]
119547 | Zot:5    | Lost mutation: Your body sometimes deteriorates upon taking
                  | damage. [potion of mutation]
119547 | Zot:5    | Gained mutation: You have a pair of small antennae on your
                  | head. [potion of mutation]
119547 | Zot:5    | Gained mutation: You are agile. (Dex +4, Str/Int -1)
                  | [potion of mutation]
119548 | Zot:5    | Lost mutation: You are agile. (Dex +4, Str/Int -1) [potion
                  | of mutation]
119548 | Zot:5    | Lost mutation: You have a pair of small antennae on your
                  | head. [potion of mutation]
119548 | Zot:5    | Gained mutation: You are frail. (-10% HP) [potion of
                  | mutation]
119548 | Zot:5    | Gained mutation: You expend magic power (3 MP) to
                  | strengthen your wands. [potion of mutation]
119548 | Zot:5    | Gained mutation: You occasionally lose the ability to read
                  | scrolls when taking damage. [potion of mutation]
119548 | Zot:5    | Gained mutation: You are strong-willed. (Will+) [potion of
                  | mutation]
119549 | Zot:5    | Lost mutation: You are strong-willed. (Will+) [potion of
                  | mutation]
119549 | Zot:5    | Lost mutation: You are frail. (-10% HP) [potion of
                  | mutation]
119549 | Zot:5    | Gained mutation: You are strong-willed. (Will+) [potion of
                  | mutation]
119549 | Zot:5    | Gained mutation: Your spells are a little harder to cast,
                  | but a little more powerful. [potion of mutation]
119550 | Zot:5    | Lost mutation: You expend magic power (3 MP) to strengthen
                  | your wands. [potion of mutation]
119550 | Zot:5    | Lost mutation: You are strong-willed. (Will+) [potion of
                  | mutation]
119550 | Zot:5    | Lost mutation: Your spells are a little harder to cast, but
                  | a little more powerful. [potion of mutation]
119550 | Zot:5    | Gained mutation: You are frail. (-10% HP) [potion of
                  | mutation]
119550 | Zot:5    | Gained mutation: You are somewhat resistant to further
                  | mutation. [potion of mutation]
119551 | Zot:5    | Lost mutation: You occasionally lose the ability to read
                  | scrolls when taking damage. [potion of mutation]
119551 | Zot:5    | Lost mutation: You are somewhat resistant to further
                  | mutation. [potion of mutation]
119551 | Zot:5    | Gained mutation: You are very frail. (-20% HP) [potion of
                  | mutation]
119551 | Zot:5    | Gained mutation: You have sharp toenails. [potion of
                  | mutation]
119552 | Zot:5    | Lost mutation: You are very frail. (-20% HP) [potion of
                  | mutation]
119552 | Zot:5    | Lost mutation: You are frail. (-10% HP) [potion of
                  | mutation]
119552 | Zot:5    | Gained mutation: You have a somewhat thin skeletal
                  | structure. (Dex +2, Stealth+) [potion of mutation]
119552 | Zot:5    | Gained mutation: You have an increased reservoir of magic.
                  | (+10% MP) [potion of mutation]
119834 | Depths:3 | Voluntarily entered the Abyss.
120322 | Abyss:1  | Reached skill level 22 in Invocations
120816 | Abyss:1  | Noticed a dread lich
120822 | Abyss:1  | Killed a dread lich
120829 | Abyss:1  | Identified the +5 tower shield of the Sun {Str+2}
120858 | Depths:3 | Escaped the Abyss
121013 | Depths:3 | Voluntarily entered the Abyss.
121325 | Abyss:1  | Reached skill level 21 in Spellcasting
121524 | Abyss:2  | Found an opulent altar of Gozag.
121715 | Abyss:2  | Found an opulent altar of Gozag.
121895 | Abyss:2  | Found a sparkling altar of Nemelex Xobeh.
121949 | Abyss:2  | Reached skill level 21 in Dodging
122063 | Abyss:2  | Found a corrupted altar of Lugonu.
122359 | Abyss:2  | Paralysed by accursed screaming for 1 turns
122554 | Abyss:2  | Found a shimmering altar of Xom.
122588 | Abyss:2  | Reached skill level 21 in Stealth
122931 | Depths:3 | Escaped the Abyss
123000 | Depths:3 | Voluntarily entered the Abyss.
123075 | Abyss:2  | Found a corrupted altar of Lugonu.
123420 | Abyss:2  | Found a corrupted altar of Lugonu.
123576 | Abyss:2  | Found a corrupted altar of Lugonu.
123578 | Abyss:2  | Found a transporter.
123597 | Abyss:2  | Found a transporter.
123758 | Abyss:2  | Noticed an ancient lich
123765 | Abyss:2  | Killed an ancient lich
124206 | Abyss:2  | Reached skill level 18 in Conjurations
124747 | Abyss:2  | Found a corrupted altar of Lugonu.
124749 | Abyss:2  | Found a corrupted altar of Lugonu.
124749 | Abyss:2  | Found a corrupted altar of Lugonu.
124854 | Abyss:2  | Reached skill level 21 in Fighting
124854 | Abyss:2  | Reached skill level 21 in Short Blades
124854 | Abyss:2  | Reached skill level 21 in Long Blades
124854 | Abyss:2  | Reached skill level 21 in Axes
124854 | Abyss:2  | Reached skill level 21 in Maces & Flails
124854 | Abyss:2  | Reached skill level 21 in Polearms
124854 | Abyss:2  | Reached skill level 21 in Staves
124854 | Abyss:2  | Reached skill level 21 in Ranged Weapons
124854 | Abyss:2  | Reached skill level 21 in Throwing
124854 | Abyss:2  | Reached skill level 21 in Armour
124854 | Abyss:2  | Reached skill level 21 in Shields
124854 | Abyss:2  | Reached skill level 21 in Unarmed Combat
124854 | Abyss:2  | Reached skill level 21 in Evocations
124949 | Abyss:2  | Reached skill level 18 in Hexes
124949 | Abyss:2  | Reached skill level 18 in Summonings
124949 | Abyss:2  | Reached skill level 18 in Necromancy
124949 | Abyss:2  | Reached skill level 18 in Translocations
124949 | Abyss:2  | Reached skill level 18 in Transmutations
124949 | Abyss:2  | Reached skill level 18 in Fire Magic
124949 | Abyss:2  | Reached skill level 18 in Ice Magic
124949 | Abyss:2  | Reached skill level 18 in Earth Magic
124949 | Abyss:2  | Reached skill level 18 in Poison Magic
125243 | Abyss:2  | HP: 107/228 [starcursed mass/accursed screaming (9)]
125457 | Abyss:2  | Found a corrupted altar of Lugonu.
125490 | Abyss:2  | Found a corrupted altar of Lugonu.
125494 | Abyss:2  | Found a corrupted altar of Lugonu.
125494 | Abyss:2  | Found a corrupted altar of Lugonu.
125514 | Abyss:2  | Found a corrupted altar of Lugonu.
125603 | Abyss:2  | Found a corrupted altar of Lugonu.
125646 | Depths:3 | Escaped the Abyss
125775 | Depths:3 | Voluntarily entered the Abyss.
125775 | Abyss:2  | Found a corrupted altar of Lugonu.
125828 | Abyss:2  | Found a corrupted altar of Lugonu.
126170 | Abyss:2  | Reached skill level 23 in Invocations
126373 | Abyss:2  | Reached skill level 19 in Air Magic
126707 | Abyss:3  | Found a corrupted altar of Lugonu.
126982 | Abyss:3  | Got an abyssal rune of Zot
127105 | Abyss:3  | Reached skill level 22 in Spellcasting
127109 | Abyss:3  | Paralysed by accursed screaming for 1 turns
127114 | Abyss:3  | HP: 113/229 [starcursed mass/accursed screaming (7)]
127119 | Abyss:3  | Noticed a dread lich
127121 | Abyss:3  | HP: 112/229 [starcursed mass/accursed screaming (4)]
127127 | Abyss:3  | HP: 103/229 [something (11)]
127133 | Abyss:3  | HP: 86/229 [balrug/+1 demon whip of flaming[a dread lich]
                  | (6)]
127136 | Abyss:3  | HP: 36/229 [starcursed mass/accursed screaming (10)]
127159 | Depths:3 | Escaped the Abyss
127973 | Hell     | Reached skill level 22 in Dodging
127977 | Hell     | Killed Geryon
128158 | Hell     | Found a gateway to the freezing wastes of Cocytus.
128250 | Hell     | Found a gateway to the decaying netherworld of Tartarus.
128285 | Hell     | Found a gateway to the ashen valley of Gehenna.
128462 | Hell     | Found a gateway to the Iron City of Dis.
128564 | Coc:1    | Entered Level 1 of Cocytus
128737 | Coc:3    | Paralysed by a wendigo for 1 turns
128738 | Coc:3    | Reached skill level 22 in Stealth
128790 | Coc:4    | You are sucked into a shaft and drop 2 floors!
128811 | Coc:7    | Entered Level 7 of Cocytus
129108 | Coc:7    | Paralysed by a wendigo for 1 turns
129115 | Coc:7    | Paralysed by a wendigo for 1 turns
129567 | Coc:7    | Reached skill level 22 in Fighting
129567 | Coc:7    | Reached skill level 22 in Short Blades
129567 | Coc:7    | Reached skill level 22 in Long Blades
129567 | Coc:7    | Reached skill level 22 in Axes
129567 | Coc:7    | Reached skill level 22 in Maces & Flails
129567 | Coc:7    | Reached skill level 22 in Polearms
129567 | Coc:7    | Reached skill level 22 in Staves
129567 | Coc:7    | Reached skill level 22 in Ranged Weapons
129567 | Coc:7    | Reached skill level 22 in Throwing
129567 | Coc:7    | Reached skill level 22 in Armour
129567 | Coc:7    | Reached skill level 22 in Shields
129567 | Coc:7    | Reached skill level 22 in Unarmed Combat
129567 | Coc:7    | Reached skill level 22 in Evocations
129619 | Coc:7    | Reached skill level 19 in Conjurations
130090 | Coc:7    | Identified the +0 pair of gloves of Zin {-Tele Will- Regen+
                  | MP+9}
130169 | Coc:7    | Noticed Antaeus
130170 | Coc:7    | Found the +5 scythe "Finisher" {speed, eviscerate}
130194 | Coc:7    | HP: 114/231 [Antaeus/flash freeze (10)]
130200 | Coc:7    | HP: 102/231 [Antaeus/flash freeze (15)]
130205 | Coc:7    | Killed Antaeus
130255 | Coc:7    | Got an icy rune of Zot
130256 | Coc:7    | Identified the +2 robe of Zothaess {Harm rPois Str+3 Int+3}
130532 | Geh:1    | Entered Level 1 of Gehenna
130556 | Geh:1    | Reached skill level 19 in Hexes
130556 | Geh:1    | Reached skill level 19 in Summonings
130556 | Geh:1    | Reached skill level 19 in Necromancy
130556 | Geh:1    | Reached skill level 19 in Translocations
130556 | Geh:1    | Reached skill level 19 in Transmutations
130556 | Geh:1    | Reached skill level 19 in Fire Magic
130556 | Geh:1    | Reached skill level 19 in Ice Magic
130556 | Geh:1    | Reached skill level 19 in Earth Magic
130556 | Geh:1    | Reached skill level 19 in Poison Magic
130745 | Geh:2    | You are sucked into a shaft and drop 2 floors!
130745 | Geh:4    | Noticed a dread lich
130950 | Geh:7    | Entered Level 7 of Gehenna
131074 | Geh:7    | Reached skill level 24 in Invocations
131577 | Geh:7    | Identified the amulet "Wowabla" {Faith Harm Will+++ Str-5}
132543 | Geh:7    | Found the +7 sceptre of Asmodeus
132543 | Geh:7    | Noticed Asmodeus
132550 | Geh:7    | Killed Asmodeus
132589 | Geh:7    | Got an obsidian rune of Zot
132788 | Tar:1    | Entered Level 1 of Tartarus
132789 | Tar:1    | Noticed an ancient lich
133646 | Tar:6    | Noticed an ancient lich
133654 | Tar:6    | Killed an ancient lich
133762 | Tar:6    | Reached skill level 23 in Spellcasting
133762 | Tar:6    | Reached skill level 20 in Air Magic
134130 | Tar:7    | Entered Level 7 of Tartarus
134486 | Tar:7    | Reached skill level 23 in Dodging
134534 | Tar:7    | Identified the +7 flail "Diero" {flame, *Rage Str+5 Dex+4}
134679 | Tar:7    | Noticed the Serpent of Hell
134697 | Tar:7    | Killed the Serpent of Hell
134750 | Tar:7    | Reached skill level 23 in Stealth
134927 | Tar:7    | Noticed a dread lich
134941 | Tar:7    | Killed a dread lich
135130 | Tar:7    | Noticed an ancient lich
135135 | Tar:7    | Killed an ancient lich
135288 | Tar:7    | Noticed Ereshkigal
135306 | Tar:7    | HP: 104/233 [??? (53)]
135667 | Tar:7    | HP: 101/233 [???[a doom hound] (52)]
135703 | Tar:7    | HP: 76/233 [Tzitzimitl/dispel undead[a doom hound] (34)]
136157 | Tar:7    | Killed Ereshkigal
136979 | Tar:7    | Reached skill level 23 in Fighting
136979 | Tar:7    | Reached skill level 23 in Short Blades
136979 | Tar:7    | Reached skill level 23 in Long Blades
136979 | Tar:7    | Reached skill level 23 in Axes
136979 | Tar:7    | Reached skill level 23 in Maces & Flails
136979 | Tar:7    | Reached skill level 23 in Polearms
136979 | Tar:7    | Reached skill level 23 in Staves
136979 | Tar:7    | Reached skill level 23 in Ranged Weapons
136979 | Tar:7    | Reached skill level 23 in Throwing
136979 | Tar:7    | Reached skill level 23 in Armour
136979 | Tar:7    | Reached skill level 23 in Shields
136979 | Tar:7    | Reached skill level 23 in Unarmed Combat
136979 | Tar:7    | Reached skill level 23 in Evocations
137288 | Tar:7    | Got a bone rune of Zot
137733 | Tar:7    | Noticed a dread lich
137735 | Tar:7    | Noticed a dread lich
137740 | Tar:7    | Killed a dread lich
137743 | Tar:7    | Paralysed by a dread lich for 5 turns
137753 | Tar:7    | Killed a dread lich
137755 | Tar:7    | Identified the +1 leather armour of Narcissism {rPois rC+
                  | Str-2}
137757 | Tar:7    | Identified the amulet "Fuesch" {Acrobat Rampage rN++ Will-
                  | Int+8}
137917 | Dis:1    | Entered Level 1 of the Iron City of Dis
138639 | Dis:1    | Reached skill level 20 in Conjurations
138825 | Dis:1    | Reached skill level 25 in Invocations
139671 | Dis:4    | HP: 61/156 [iron dragon/spray of metal splinters (31)]
140711 | Hell     | HP: 75/151 [iron golem[an iron giant] (6)]
140717 | Hell     | Reached skill level 20 in Hexes
140717 | Hell     | Reached skill level 20 in Summonings
140717 | Hell     | Reached skill level 20 in Necromancy
140717 | Hell     | Reached skill level 20 in Translocations
140717 | Hell     | Reached skill level 20 in Transmutations
140717 | Hell     | Reached skill level 20 in Fire Magic
140717 | Hell     | Reached skill level 20 in Ice Magic
140717 | Hell     | Reached skill level 20 in Earth Magic
140717 | Hell     | Reached skill level 20 in Poison Magic
141036 | Depths:3 | Voluntarily entered the Abyss.
141255 | Abyss:3  | HP: 50/132 [disintegration (47)]
141261 | Abyss:3  | HP: 48/145 [hell hog/fireball (2)]
141266 | Depths:3 | Escaped the Abyss
141567 | Depths:3 | Voluntarily entered the Abyss.
141597 | Abyss:3  | Identified the +10 battleaxe of Fury {flame, Drain rElec
                  | MP+9}
141651 | Abyss:3  | Noticed a dread lich
141656 | Abyss:3  | Killed a dread lich
141969 | Abyss:3  | Noticed an ancient lich
141982 | Abyss:3  | Killed an ancient lich
142015 | Depths:3 | Escaped the Abyss
142166 | Depths:3 | Voluntarily entered the Abyss.
142188 | Abyss:3  | Noticed an ancient lich
142194 | Abyss:3  | Killed an ancient lich
142354 | Depths:3 | Escaped the Abyss
143402 | Dis:5    | HP: 80/199 [iron golem (32)]
143808 | Dis:7    | Entered Level 7 of the Iron City of Dis
143896 | Dis:7    | Reached skill level 24 in Spellcasting
144547 | Dis:7    | Reached skill level 24 in Dodging
144767 | Dis:7    | Found the +4 staff of Dispater
144767 | Dis:7    | Noticed Dispater
144767 | Dis:7    | Noticed a juggernaut
144771 | Dis:7    | Killed a juggernaut
144793 | Dis:7    | HP: 114/237 [Dispater/damnation (22)]
144798 | Dis:7    | Killed Dispater
145057 | Dis:7    | Identified the quicksilver dragon scales of Dishonour
                  | {rElec Will+ Regen+ rCorr Int-4}
145084 | Dis:7    | Identified the +4 broad axe "Tyostriza" {chaos, *Noise
                  | *Corrode +Blink rElec}
145086 | Dis:7    | Got an iron rune of Zot
145235 | Dis:7    | Learned a level 9 spell: Shatter
145246 | Dis:7    | Learned a level 9 spell: Polar Vortex
145256 | Dis:7    | Learned a level 8 spell: Disjunction
145405 | Zig:1    | Entered Level 1 of a ziggurat
145484 | Zig:2    | Entered Level 2 of a ziggurat
145486 | Zig:2    | Reached skill level 24 in Stealth
145509 | Zig:3    | Entered Level 3 of a ziggurat
145611 | Zig:3    | Acquired a manual of Hexes
145642 | Zig:4    | Entered Level 4 of a ziggurat
145666 | Zig:5    | Entered Level 5 of a ziggurat
145763 | Zig:6    | Entered Level 6 of a ziggurat
145768 | Zig:6    | Reached skill level 21 in Air Magic
145870 | Zig:7    | Entered Level 7 of a ziggurat
145878 | Zig:7    | Found the brooch of Shielding {Spirit SH+8}
145977 | Zig:7    | Identified the +4 hand axe "Lema" {drain, Int+3}
146013 | Zig:8    | Entered Level 8 of a ziggurat
146019 | Zig:8    | Noticed a juggernaut
146020 | Zig:8    | Noticed a juggernaut
146024 | Zig:8    | Killed a juggernaut
146024 | Zig:8    | Killed a juggernaut
146117 | Zig:8    | Acquired a manual of Ice Magic
146229 | Zig:9    | Entered Level 9 of a ziggurat
146236 | Zig:9    | Noticed a juggernaut
146239 | Zig:9    | Killed a juggernaut
146339 | Zig:9    | Identified the +4 rapier of the Queen {drain, Drain rC+
                  | Dex+2}
146394 | Zig:10   | Entered Level 10 of a ziggurat
146469 | Zig:10   | Found the +15 Maxwell's patent armour {-Cast -Tele rElec
                  | Will+ rCorr}
146598 | Zig:10   | Identified the ring of Agep {MP+9 Str+4 Dex+3}
146654 | Zig:11   | Entered Level 11 of a ziggurat
146663 | Zig:11   | Found the ring of the Hare {EV+8}
146678 | Zig:11   | Found the +7 Singing Sword {vorpal, sonic wave}
146909 | Zig:12   | Entered Level 12 of a ziggurat
146922 | Zig:12   | Reached skill level 24 in Fighting
146922 | Zig:12   | Reached skill level 24 in Short Blades
146922 | Zig:12   | Reached skill level 24 in Long Blades
146922 | Zig:12   | Reached skill level 24 in Axes
146922 | Zig:12   | Reached skill level 24 in Maces & Flails
146922 | Zig:12   | Reached skill level 24 in Polearms
146922 | Zig:12   | Reached skill level 24 in Staves
146922 | Zig:12   | Reached skill level 24 in Ranged Weapons
146922 | Zig:12   | Reached skill level 24 in Throwing
146922 | Zig:12   | Reached skill level 24 in Armour
146922 | Zig:12   | Reached skill level 24 in Shields
146922 | Zig:12   | Reached skill level 24 in Unarmed Combat
146922 | Zig:12   | Reached skill level 24 in Evocations
147015 | Zig:12   | Identified the +5 short sword of Uncomfortable Rashes
                  | {spect, *Rage Fly rF++}
147020 | Zig:12   | Identified the ring "Lirghocu" {rN++ Slay+3 SInv}
147023 | Zig:12   | Identified the +6 quarterstaff "Mumal" {elec, *Noise Int+3
                  | Stlth+}
147083 | Zig:13   | Entered Level 13 of a ziggurat
147093 | Zig:13   | Found the +1 robe of Vines {NoPotionHeal Regen++++}
147298 | Zig:14   | Entered Level 14 of a ziggurat
147310 | Zig:14   | Noticed a dread lich
147313 | Zig:14   | Reached skill level 21 in Hexes
147316 | Zig:14   | Reached skill level 26 in Invocations
147324 | Zig:14   | Reached skill level 21 in Ice Magic
147324 | Zig:14   | Killed a dread lich
147452 | Zig:14   | Identified the +1 scale mail of Gallantry {rC+ Str+5 Dex+3}
147552 | Zig:15   | Entered Level 15 of a ziggurat
147564 | Zig:15   | Reached skill level 21 in Earth Magic
147565 | Zig:15   | Reached skill level 21 in Conjurations
147680 | Zig:15   | Identified the ring "Xeseiz" {rPois MP+9 Int+3 Stlth+}
147682 | Zig:15   | Identified the +7 trident "Huziekh" {flame, rC- Int+5
                  | Dex+3}
147684 | Zig:15   | Identified the +11 quarterstaff of the Lettuce {protect,
                  | rElec Int+3 Dex-4 Stlth+}
147685 | Zig:15   | Identified the ring of Impatience {Wiz Int+5 Dex+4}
147858 | Zig:16   | Entered Level 16 of a ziggurat
147919 | Zig:16   | Reached skill level 21 in Summonings
147919 | Zig:16   | Reached skill level 21 in Necromancy
147919 | Zig:16   | Reached skill level 21 in Translocations
147919 | Zig:16   | Reached skill level 21 in Transmutations
147919 | Zig:16   | Reached skill level 21 in Fire Magic
147919 | Zig:16   | Reached skill level 21 in Poison Magic
148151 | Zig:16   | Identified the +2 cloak "Fisyeh" {Int+3 Dex+3}
148232 | Zig:17   | Entered Level 17 of a ziggurat
148253 | Zig:17   | Reached skill level 25 in Spellcasting
148394 | Zig:17   | Identified the +6 trident of Linnun {freeze, Str+4}
148395 | Zig:17   | Identified the +7 mace "Gebaluaj" {venom, rC+ Str+3}
148400 | Zig:17   | Identified the amulet "Veuz" {Acrobat +Blink Will++ Int-3
                  | SInv}
148404 | Zig:17   | Identified the +2 ring mail of the Iron City of Dis {rPois
                  | Int+4 Dex+4}
148512 | Zig:18   | Entered Level 18 of a ziggurat
148538 | Zig:18   | Reached skill level 25 in Dodging
148538 | Zig:18   | Reached skill level 22 in Hexes
148544 | Zig:18   | Reached skill level 25 in Stealth
148546 | Zig:18   | Reached skill level 22 in Ice Magic
148679 | Zig:18   | Identified the +0 robe of Cikhomm {Contam Regen+ Int+3}
148687 | Zig:18   | Identified the +5 battleaxe "Killer Bee's Curse" {flame,
                  | rF- Int+4}
148785 | Zig:19   | Entered Level 19 of a ziggurat
148805 | Zig:19   | Noticed Lytio the pandemonium lord
148811 | Zig:19   | Killed Lytio the pandemonium lord
148812 | Zig:19   | Reached skill level 22 in Air Magic
148812 | Zig:19   | Reached skill level 22 in Earth Magic
148812 | Zig:19   | HP: 113/240 [demonspawn blood saint/iceblast (18)]
149076 | Zig:19   | Identified the +3 morningstar "Zubbar" {vorpal, *Noise
                  | Will+ MP+9}
149081 | Zig:19   | Reached skill level 25 in Fighting
149081 | Zig:19   | Reached skill level 25 in Short Blades
149081 | Zig:19   | Reached skill level 25 in Long Blades
149081 | Zig:19   | Reached skill level 25 in Axes
149081 | Zig:19   | Reached skill level 25 in Maces & Flails
149081 | Zig:19   | Reached skill level 25 in Polearms
149081 | Zig:19   | Reached skill level 25 in Staves
149081 | Zig:19   | Reached skill level 25 in Ranged Weapons
149081 | Zig:19   | Reached skill level 25 in Throwing
149081 | Zig:19   | Reached skill level 25 in Armour
149081 | Zig:19   | Reached skill level 25 in Shields
149081 | Zig:19   | Reached skill level 25 in Unarmed Combat
149081 | Zig:19   | Reached skill level 25 in Evocations
149187 | Zig:20   | Entered Level 20 of a ziggurat
149204 | Zig:20   | Reached skill level 27 in Invocations
149358 | Zig:20   | Identified the ring "Houj" {rC+ rN+ Int+6 Dex+6}
149512 | Zig:21   | Entered Level 21 of a ziggurat
149527 | Zig:21   | Noticed Vaithumu the pandemonium lord
149535 | Zig:21   | Reached skill level 23 in Hexes
149538 | Zig:21   | Killed Vaithumu the pandemonium lord
149539 | Zig:21   | Reached skill level 23 in Ice Magic
149719 | Zig:21   | Identified the +4 war axe "Mour" {venom, *Slow rPois rF++
                  | Int+2}
149731 | Zig:21   | Identified the +1 ice dragon scales "Tocwey" {rF- rC++
                  | Str+3 Dex+5}
149732 | Zig:21   | Identified the +8 falchion "Goblinslayer" {vorpal, MP+9
                  | Int-4 Dex+4}
149762 | Zig:22   | Entered Level 22 of a ziggurat
149780 | Zig:22   | Reached skill level 22 in Conjurations
149782 | Zig:22   | Reached skill level 23 in Earth Magic
149789 | Zig:22   | Reached skill level 22 in Summonings
149789 | Zig:22   | Reached skill level 22 in Necromancy
149789 | Zig:22   | Reached skill level 22 in Translocations
149789 | Zig:22   | Reached skill level 22 in Transmutations
149789 | Zig:22   | Reached skill level 22 in Fire Magic
149789 | Zig:22   | Reached skill level 22 in Poison Magic
149957 | Zig:22   | Identified the ring "Jikok" {rC+ Str+3 Int+4 SInv}
149980 | Zig:22   | Identified the amulet "Nonn" {Reflect Rampage rElec Str-5
                  | SH+5 Stlth+}
149990 | Zig:22   | Identified the +3 demon blade of Tender Mercy {venom, rN+
                  | Int+4}
149994 | Zig:22   | Identified the +8 long sword "Xouxton" {flame, rC- rCorr
                  | Str+4 SInv}
150168 | Zig:23   | Entered Level 23 of a ziggurat
150187 | Zig:23   | Paralysed by accursed screaming for 1 turns
150189 | Zig:23   | Reached skill level 26 in Spellcasting
150195 | Zig:23   | Reached skill level 26 in Dodging
150203 | Zig:23   | HP: 119/244 [starcursed mass/accursed screaming (7)]
150205 | Zig:23   | Reached skill level 26 in Stealth
150280 | Zig:23   | Identified the +2 halberd of Hurting Certain Death {speed,
                  | Str+4 Int+2 Dex+3}
150297 | Zig:23   | Identified the +0 chain mail of the Scuffed God {Fly Regen+
                  | SInv}
150301 | Zig:23   | Identified the +8 flail of Gallantry {flame, rElec Dex+2}
150487 | Zig:24   | Entered Level 24 of a ziggurat
150508 | Zig:24   | Paralysed by a wendigo for 1 turns
150511 | Zig:24   | HP: 112/244 [wendigo/seracfall (19)]
150855 | Zig:24   | Identified the ring "Pyash" {Fly Will+ Str+7}
150856 | Zig:24   | Identified the amulet "Nuobboro" {Faith rCorr MP+9}
150886 | Zig:24   | Reached skill level 24 in Hexes
150890 | Zig:24   | Identified the +0 ice dragon scales "Xagofos" {Harm rPois
                  | rF- rC++ Int+3 SInv}
150904 | Zig:24   | Acquired 409 gold pieces
150905 | Zig:24   | Acquired a manual of Ice Magic
150906 | Zig:24   | Acquired a manual of Conjurations
150908 | Zig:24   | Identified the amulet "Orhac" {Fragile rElec Regen+ Dex+4
                  | Slay+2}
151078 | Zig:25   | Entered Level 25 of a ziggurat
151100 | Zig:25   | Reached skill level 24 in Ice Magic
151101 | Zig:25   | Reached skill level 26 in Fighting
151101 | Zig:25   | Reached skill level 26 in Short Blades
151101 | Zig:25   | Reached skill level 26 in Long Blades
151101 | Zig:25   | Reached skill level 26 in Axes
151101 | Zig:25   | Reached skill level 26 in Maces & Flails
151101 | Zig:25   | Reached skill level 26 in Polearms
151101 | Zig:25   | Reached skill level 26 in Staves
151101 | Zig:25   | Reached skill level 26 in Ranged Weapons
151101 | Zig:25   | Reached skill level 26 in Throwing
151101 | Zig:25   | Reached skill level 26 in Armour
151101 | Zig:25   | Reached skill level 26 in Shields
151101 | Zig:25   | Reached skill level 26 in Unarmed Combat
151101 | Zig:25   | Reached skill level 26 in Evocations
151109 | Zig:25   | Reached skill level 23 in Air Magic
151109 | Zig:25   | Reached skill level 24 in Earth Magic
151109 | Zig:25   | HP: 119/245 [balrug/divine providence (10)]
151449 | Zig:25   | Found the +3 crown of Dyrovepreva {rElec Int+2 SInv}
151481 | Zig:25   | Identified the amulet "Gookhlat" {RegenMP rPois Str+3}
151482 | Zig:25   | Identified the +4 flail of the Depths {vorpal, *Rage Will-
                  | Str+10 Int+4}
151548 | Zig:25   | Identified the ring of Dathas {rElec rPois MP+9 Str+2}
151703 | Zig:26   | Entered Level 26 of a ziggurat
151728 | Zig:26   | Reached skill level 23 in Conjurations
151733 | Zig:26   | HP: 123/246 [something/bolt of lightning (11)]
151743 | Zig:26   | Found the +8 mithril axe "Arga" {speed, Will+}
152045 | Zig:26   | Identified the +5 plate armour "Jeetu Asa" {rElec Will-
                  | Str+4 Stlth+}
152139 | Zig:26   | Lost mutation: You have an increased reservoir of magic.
                  | (+10% MP) [potion of mutation]
152139 | Zig:26   | Lost mutation: You have sharp toenails. [potion of
                  | mutation]
152139 | Zig:26   | Lost mutation: You have a somewhat thin skeletal structure.
                  | (Dex +2, Stealth+) [potion of mutation]
152139 | Zig:26   | Gained mutation: You are frail. (-10% HP) [potion of
                  | mutation]
152140 | Zig:26   | Lost mutation: You are frail. (-10% HP) [potion of
                  | mutation]
152140 | Zig:26   | Gained mutation: You expend magic power (3 MP) to
                  | strengthen your wands. [potion of mutation]
152140 | Zig:26   | Gained mutation: You occasionally shout uncontrollably at
                  | your foes. [potion of mutation]
152140 | Zig:26   | Gained mutation: You have hidden genetic potential. [potion
                  | of mutation]
152141 | Zig:26   | Lost mutation: You occasionally shout uncontrollably at
                  | your foes. [potion of mutation]
152141 | Zig:26   | Lost mutation: You expend magic power (3 MP) to strengthen
                  | your wands. [potion of mutation]
152141 | Zig:26   | Lost mutation: You have hidden genetic potential. [potion
                  | of mutation]
152141 | Zig:26   | Gained mutation: Your spells are a little easier to cast,
                  | but a little less powerful. [potion of mutation]
152141 | Zig:26   | Gained mutation: Your flesh is cold resistant. (rC+)
                  | [potion of mutation]
152141 | Zig:26   | Gained mutation: You are partially covered in iridescent
                  | scales. (AC +2) [potion of mutation]
152142 | Zig:26   | Lost mutation: You are partially covered in iridescent
                  | scales. (AC +2) [potion of mutation]
152142 | Zig:26   | Lost mutation: Your flesh is cold resistant. (rC+) [potion
                  | of mutation]
152142 | Zig:26   | Lost mutation: Your spells are a little easier to cast, but
                  | a little less powerful. [potion of mutation]
152142 | Zig:26   | Gained mutation: You are covered in fur. (AC +1) [potion of
                  | mutation]
152142 | Zig:26   | Gained mutation: You are frail. (-10% HP) [potion of
                  | mutation]
152143 | Zig:26   | Lost mutation: You are covered in fur. (AC +1) [potion of
                  | mutation]
152143 | Zig:26   | Lost mutation: You are frail. (-10% HP) [potion of
                  | mutation]
152143 | Zig:26   | Gained mutation: You have hidden genetic defects. [potion
                  | of mutation]
152143 | Zig:26   | Gained mutation: You have a somewhat thin skeletal
                  | structure. (Dex +2, Stealth+) [potion of mutation]
152143 | Zig:26   | Gained mutation: You have a pair of small antennae on your
                  | head. [potion of mutation]
152144 | Zig:26   | Lost mutation: You have a somewhat thin skeletal structure.
                  | (Dex +2, Stealth+) [potion of mutation]
152144 | Zig:26   | Lost mutation: You have a pair of small antennae on your
                  | head. [potion of mutation]
152144 | Zig:26   | Lost mutation: You have hidden genetic defects. [potion of
                  | mutation]
152144 | Zig:26   | Gained mutation: You are partially covered in iridescent
                  | scales. (AC +2) [potion of mutation]
152145 | Zig:26   | Lost mutation: You are partially covered in iridescent
                  | scales. (AC +2) [potion of mutation]
152145 | Zig:26   | Gained mutation: Your skin changes colour to match your
                  | surroundings (Stealth+). [potion of mutation]
152145 | Zig:26   | Gained mutation: Your flesh is cold resistant. (rC+)
                  | [potion of mutation]
152146 | Zig:26   | Lost mutation: Your skin changes colour to match your
                  | surroundings (Stealth+). [potion of mutation]
152146 | Zig:26   | Lost mutation: Your flesh is cold resistant. (rC+) [potion
                  | of mutation]
152147 | Zig:26   | Gained mutation: Armour fits poorly on your strangely
                  | shaped body. [potion of mutation]
152147 | Zig:26   | Gained mutation: Your body sometimes deteriorates upon
                  | taking damage. [potion of mutation]
152148 | Zig:26   | Lost mutation: Your body sometimes deteriorates upon taking
                  | damage. [potion of mutation]
152148 | Zig:26   | Lost mutation: Armour fits poorly on your strangely shaped
                  | body. [potion of mutation]
152148 | Zig:26   | Gained mutation: Armour fits poorly on your strangely
                  | shaped body. [potion of mutation]
152148 | Zig:26   | Gained mutation: Your body sometimes deteriorates upon
                  | taking damage. [potion of mutation]
152149 | Zig:26   | Lost mutation: Your body sometimes deteriorates upon taking
                  | damage. [potion of mutation]
152149 | Zig:26   | Lost mutation: Armour fits poorly on your strangely shaped
                  | body. [potion of mutation]
152149 | Zig:26   | Gained mutation: You are resistant to electric shocks.
                  | (rElec) [potion of mutation]
152149 | Zig:26   | Gained mutation: You are occasionally teleported next to
                  | monsters. [potion of mutation]
152150 | Zig:26   | Lost mutation: You are occasionally teleported next to
                  | monsters. [potion of mutation]
152150 | Zig:26   | Lost mutation: You are resistant to electric shocks.
                  | (rElec) [potion of mutation]
152150 | Zig:26   | Gained mutation: You are partially covered in iridescent
                  | scales. (AC +2) [potion of mutation]
152150 | Zig:26   | Gained mutation: You are mostly covered in iridescent
                  | scales. (AC +4) [potion of mutation]
152150 | Zig:26   | Gained mutation: You are dopey. (Int -2) [potion of
                  | mutation]
152151 | Zig:26   | Lost mutation: You are mostly covered in iridescent scales.
                  | (AC +4) [potion of mutation]
152151 | Zig:26   | Lost mutation: You are dopey. (Int -2) [potion of mutation]
152151 | Zig:26   | Gained mutation: You have hidden genetic defects. [potion
                  | of mutation]
152152 | Zig:26   | Lost mutation: You have hidden genetic defects. [potion of
                  | mutation]
152152 | Zig:26   | Lost mutation: You are partially covered in iridescent
                  | scales. (AC +2) [potion of mutation]
152152 | Zig:26   | Gained mutation: You are resistant to electric shocks.
                  | (rElec) [potion of mutation]
152152 | Zig:26   | Gained mutation: You sometimes lose your temper in combat.
                  | [potion of mutation]
152152 | Zig:26   | Gained mutation: You are partially covered in iridescent
                  | scales. (AC +2) [potion of mutation]
152153 | Zig:26   | Lost mutation: You sometimes lose your temper in combat.
                  | [potion of mutation]
152153 | Zig:26   | Lost mutation: You are partially covered in iridescent
                  | scales. (AC +2) [potion of mutation]
152153 | Zig:26   | Lost mutation: You are resistant to electric shocks.
                  | (rElec) [potion of mutation]
152153 | Zig:26   | Gained mutation: You sometimes lose your temper in combat.
                  | [potion of mutation]
152153 | Zig:26   | Gained mutation: Your spells are a little easier to cast,
                  | but a little less powerful. [potion of mutation]
152153 | Zig:26   | Gained mutation: Your spells are easier to cast, but less
                  | powerful. [potion of mutation]
152153 | Zig:26   | Gained mutation: You are somewhat resistant to further
                  | mutation. [potion of mutation]
152154 | Zig:26   | Lost mutation: You are somewhat resistant to further
                  | mutation. [potion of mutation]
152154 | Zig:26   | Lost mutation: Your spells are easier to cast, but less
                  | powerful. [potion of mutation]
152154 | Zig:26   | Gained mutation: Your muscles are strong. (Str +4, Int/Dex
                  | -1) [potion of mutation]
152157 | Zig:26   | Lost mutation: You sometimes lose your temper in combat.
                  | [potion of mutation]
152157 | Zig:26   | Lost mutation: Your spells are a little easier to cast, but
                  | a little less powerful. [potion of mutation]
152157 | Zig:26   | Lost mutation: Your muscles are strong. (Str +4, Int/Dex
                  | -1) [potion of mutation]
152157 | Zig:26   | Gained mutation: Your magical capacity is low. (-10% MP)
                  | [potion of mutation]
152158 | Zig:26   | Lost mutation: Your magical capacity is low. (-10% MP)
                  | [potion of mutation]
152158 | Zig:26   | Gained mutation: Your movements are slightly less
                  | encumbered by armour. (ER -2) [potion of mutation]
152201 | Zig:27   | Entered Level 27 of a ziggurat
152214 | Zig:27   | Noticed an orb of fire
152218 | Zig:27   | Noticed an orb of fire
152220 | Zig:27   | Noticed an orb of fire
152229 | Zig:27   | Noticed an orb of fire
152231 | Zig:27   | Killed an orb of fire
152232 | Zig:27   | Killed an orb of fire
152232 | Zig:27   | Killed an orb of fire
152232 | Zig:27   | Noticed an orb of fire
152232 | Zig:27   | Noticed an orb of fire
152232 | Zig:27   | Noticed an orb of fire
152233 | Zig:27   | Noticed an orb of fire
152240 | Zig:27   | HP: 115/246 [orb of fire/bolt of fire (12)]
152242 | Zig:27   | Noticed an orb of fire
152244 | Zig:27   | Killed an orb of fire
152245 | Zig:27   | Killed an orb of fire
152245 | Zig:27   | HP: 70/246 [orb of fire/fireball (19)]
152245 | Zig:27   | Noticed an orb of fire
152246 | Zig:27   | Reached skill level 25 in Hexes
152247 | Zig:27   | Killed an orb of fire
152247 | Zig:27   | Killed an orb of fire
152247 | Zig:27   | Noticed an orb of fire
152248 | Zig:27   | HP: 29/246 [orb of fire/bolt of fire (14)]
152259 | Zig:27   | Gained mutation: You sometimes lose your temper in combat.
                  | [an orb of fire]
152260 | Zig:27   | Killed an orb of fire
152264 | Zig:27   | Killed an orb of fire
152265 | Zig:27   | Reached skill level 25 in Ice Magic
152286 | Zig:27   | Killed an orb of fire
152286 | Zig:27   | HP: 115/247 [orb of fire/bolt of fire (12)]
152294 | Zig:27   | HP: 85/247 [fire giant/bolt of fire (5)]
152297 | Zig:27   | Killed an orb of fire
152298 | Zig:27   | Reached skill level 27 in Spellcasting
152743 | Zig:27   | Reached skill level 27 in Dodging
152743 | Zig:27   | Reached skill level 23 in Summonings
152743 | Zig:27   | Reached skill level 23 in Necromancy
152743 | Zig:27   | Reached skill level 23 in Translocations
152743 | Zig:27   | Reached skill level 23 in Transmutations
152743 | Zig:27   | Reached skill level 23 in Fire Magic
152743 | Zig:27   | Reached skill level 23 in Poison Magic
152744 | Zig:27   | Identified the +8 scimitar of Gistoegh {vorpal, rF++ Str+3}
152751 | Zig:27   | Reached skill level 27 in Stealth
152751 | Zig:27   | Reached skill level 25 in Earth Magic
152759 | Zig:27   | Lost mutation: Your movements are slightly less encumbered
                  | by armour. (ER -2) [potion of mutation]
152759 | Zig:27   | Lost mutation: You sometimes lose your temper in combat.
                  | [potion of mutation]
152759 | Zig:27   | Gained mutation: You have sharp toenails. [potion of
                  | mutation]
152777 | Zig:27   | Reached skill level 24 in Conjurations
152916 | Pan      | Entered Pandemonium
153108 | Pan      | Entered the realm of Mnoleg.
153258 | Pan      | Noticed Mnoleg
153262 | Pan      | Paralysed by a floating eye for 2 turns
153266 | Pan      | Killed Mnoleg
153296 | Pan      | Reached skill level 27 in Fighting
153296 | Pan      | Reached skill level 27 in Short Blades
153296 | Pan      | Reached skill level 27 in Long Blades
153296 | Pan      | Reached skill level 27 in Axes
153296 | Pan      | Reached skill level 27 in Maces & Flails
153296 | Pan      | Reached skill level 27 in Polearms
153296 | Pan      | Reached skill level 27 in Staves
153296 | Pan      | Reached skill level 27 in Ranged Weapons
153296 | Pan      | Reached skill level 27 in Throwing
153296 | Pan      | Reached skill level 27 in Armour
153296 | Pan      | Reached skill level 27 in Shields
153296 | Pan      | Reached skill level 27 in Unarmed Combat
153296 | Pan      | Reached skill level 27 in Evocations
153325 | Pan      | Got a glowing rune of Zot
153507 | Pan      | Found an exit through the horrors of the Abyss.
153766 | Pan      | Reached skill level 26 in Hexes
153971 | Pan      | Reached skill level 26 in Ice Magic
154064 | Pan      | Entered the realm of Lom Lobon.
154130 | Pan      | Reached skill level 24 in Air Magic
154354 | Pan      | Reached skill level 26 in Earth Magic
154590 | Pan      | Noticed Lom Lobon
154606 | Pan      | Reached skill level 25 in Conjurations
154620 | Pan      | HP: 117/249 [spore (13)]
154988 | Pan      | Killed Lom Lobon
154988 | Pan      | HP: 124/249 [spore (4)]
155244 | Pan      | Got a magical rune of Zot
155381 | Pan      | Noticed Suloaxaj the pandemonium lord
155791 | Pan      | Reached skill level 24 in Summonings
155791 | Pan      | Reached skill level 24 in Necromancy
155791 | Pan      | Reached skill level 24 in Translocations
155791 | Pan      | Reached skill level 24 in Transmutations
155791 | Pan      | Reached skill level 24 in Fire Magic
155791 | Pan      | Reached skill level 24 in Poison Magic
155792 | Pan      | Reached skill level 27 in Hexes
155875 | Pan      | Reached skill level 27 in Ice Magic
155905 | Pan      | Paralysed by a floating eye for 3 turns
155908 | Pan      | Killed Suloaxaj the pandemonium lord
155953 | Pan      | Got a demonic rune of Zot
156118 | Pan      | Entered the realm of Cerebov.
156162 | Pan      | Identified the ring "Seuroidy" {Fire rN+ rCorr Stlth+}
156205 | Pan      | Reached skill level 27 in Earth Magic
156237 | Pan      | Identified the ring "Ciamo" {Ice Dex+4}
156346 | Pan      | Reached skill level 26 in Conjurations
156384 | Pan      | Identified the ring "Naugomy" {rN+ Str+2}
156438 | Pan      | Found the +6 sword of Cerebov {flame}
156438 | Pan      | Noticed Cerebov
156447 | Pan      | Killed Cerebov
156468 | Pan      | Got a fiery rune of Zot
156495 | Pan      | Identified the +9 spear of Invincibility {freeze, rC+ rCorr
                  | Dex+4}
156550 | Pan      | Entered the realm of Gloorx Vloq.
156695 | Pan      | Noticed Gloorx Vloq
156701 | Pan      | Killed Gloorx Vloq
156702 | Pan      | Reached skill level 25 in Air Magic
156740 | Pan      | Got a dark rune of Zot
156934 | Pan      | HP: 112/249 [hellion/damnation (18)]
157300 | Pan      | Found an exit through the horrors of the Abyss.
157305 | Pan      | Took an exit into the Abyss.
157305 | Abyss:3  | Escaped into the Abyss
157307 | Abyss:3  | Found a corrupted altar of Lugonu.
157318 | Depths:2 | Escaped the Abyss
157610 | Tomb:1   | Entered Level 1 of the Tomb of the Ancients
157640 | Tomb:1   | Reached skill level 27 in Conjurations
158194 | Tomb:3   | Entered Level 3 of the Tomb of the Ancients
158204 | Tomb:3   | Reached skill level 25 in Summonings
158204 | Tomb:3   | Reached skill level 25 in Necromancy
158204 | Tomb:3   | Reached skill level 25 in Translocations
158204 | Tomb:3   | Reached skill level 25 in Transmutations
158204 | Tomb:3   | Reached skill level 25 in Fire Magic
158204 | Tomb:3   | Reached skill level 25 in Poison Magic
158209 | Tomb:3   | Noticed Mennas
158416 | Tomb:3   | Noticed a royal mummy
158418 | Tomb:3   | Killed a royal mummy
158419 | Tomb:3   | Noticed a royal mummy
158419 | Tomb:3   | Noticed a royal mummy
158419 | Tomb:3   | Noticed a royal mummy
158419 | Tomb:3   | Noticed a royal mummy
158419 | Tomb:3   | Noticed a royal mummy
158419 | Tomb:3   | Noticed a royal mummy
158419 | Tomb:3   | Noticed a royal mummy
158420 | Tomb:3   | HP: 120/249 [??? (95)]
158815 | Tomb:3   | Killed a royal mummy
158816 | Tomb:3   | Reached skill level 26 in Air Magic
158816 | Tomb:3   | Killed a royal mummy
158816 | Tomb:3   | Killed a royal mummy
158816 | Tomb:3   | Killed Mennas
158819 | Tomb:3   | Killed a royal mummy
158819 | Tomb:3   | Killed a royal mummy
158819 | Tomb:3   | Killed a royal mummy
158820 | Tomb:3   | Killed a royal mummy
158826 | Tomb:3   | Noticed a royal mummy
158844 | Tomb:3   | Killed a royal mummy
158847 | Tomb:3   | Found the amulet of the Four Winds {rN+ Will+++ Clar}
159058 | Tomb:3   | Identified the +1 dagger of the Feeding Pill Bug {pain,
                  | Int+4}
159074 | Tomb:3   | Identified the ring of Asiwoleh {+Blink rC+ rCorr Str+5
                  | Dex-5}
159078 | Tomb:3   | Identified the ring "Jimue" {rF+ Will+ Int+6 Dex+3 Slay+2}
159100 | Tomb:3   | Identified the amulet of Zohomypo {Regen+ Dex+5}
159179 | Tomb:3   | Got a golden rune of Zot
159791 | Zot:5    | Got the Orb of Zot
160360 | D:$      | Escaped with the Orb!

Illustrated notes

Levels and vault maps discovered:
D:1:      onia_arrival_zoo_common, layout_loops_ring, serial_shops,
          nicolae_shop_waterfront
D:2:      layout_basic, uniq_robin, uniq_jessica, uniq_terence
D:3:      layout_rooms, nicolae_ru_path_of_blood, zin_scriptorium,
          nemelex_xobeh_ov_fountains_minmay,
          hellmonk_ecumenical_altar_leap_of_faith, grunt_ministairs_9,
          minmay_quantized, uniq_crazy_yiuf_cottage
D:4:      layout_loops_cross, uniq_natasha
D:5:      layout_gridville, amcnicky_altar_gilded,
          fedhas_bush_and_centaur_altar, minmay_temple_entry_drinking_statues,
          uniq_duvessa
D:6:      layout_loops_ring, lemuel_doored_altar, serial_shops,
          nicolae_square_shop, ebering_dispersal_statue_hall
D:7:      layout_cave_pools, nicolae_hepliaklqana_hazy_memory,
          mainiacjoe_overflow_24_doors, enter_bailey_3, grunt_ministairs_3
D:8:      due_chaos_kobolds, layout_basic, kennysheep_mini_moat,
          nicolae_wu_jian_immortal_techniques
D:9:      minmay_ornate_pinched, layout_basic, general_overflow_altar,
          lair_entry_dummy, evilmike_minifort
D:10:     layout_basic, serial_ice, serial_ice_i, serial_ice_m, serial_ice_f,
          serial_ice_n, serial_ice_h, uniq_maurice
D:11:     nicolae_whirlpool, layout_rooms
D:12:     minmay_angry_zag, layout_rooms, serial_undead, serial_undead_f,
          serial_undead_a, serial_undead_c, serial_undead_d
D:13:     layout_basic, minivault_27, grunt_ministairs_5
D:14:     layout_irregular_city, ximxim_vaults_locker_room,
          nicolae_benzene_ring, slow_altar_1, uniq_kirke
D:15:     grunt_enter_depths_hoard, layout_rooms, grunt_gozag_statues,
          hangedman_weighted_door, hangedman_feature_mirror
Temple:   hellmonk_temple_of_storms
Lair:1:   layout_hall_layers, portal_ice_cave_entry_imps, hangedman_tree_tricks,
          dreamdust_mushroom_princess, st_stairs_6, uniq_amaemon
Lair:2:   layout_regular_city, minmay_snake_entry_guardpost_small
Lair:3:   layout_regular_city, swamp_mist_pool, minmay_lair_oklob_items,
          pf_torpor_hydra
Lair:4:   cheibrodos_magma_flow, layout_cave_pods, roderic_carrion_pond,
          grunt_megastairs_2
Lair:5:   evil_forest, layout_regular_city, slime_entry_1, grunt_megastairs_3
Swamp:1:  gammafunk_mikee_crab_dinner, layout_basic_swamp,
          hangedman_swamp_diagram, hangedman_swamp_wriggling,
          infiniplex_staircase_pool, uniq_frances, uniq_jorgrun, uniq_mlioglotl
Swamp:2:  layout_basic_swamp, nicolae_swamp_rocky_clearing, swamp_pool5
Swamp:3:  layout_falls_marsh, nicolae_swamp_round_clearing, uniq_nikola,
          uniq_donald
Swamp:4:  swamp_fiery, layout_basic_swamp, nicolae_swamp_trees_clearing
Snake:1:  layout_misc_corridors, basic_altar, uniq_josephine, uniq_aizul
Snake:2:  layout_concentric_octagons
Snake:3:  layout_onion_interference, nicolae_shop_unique_rings,
          nicolae_snake_gridmaze_big_u, uniq_roxanne
Snake:4:  grunt_snake_rune_pools, layout_misc_corridors
Slime:1:  layout_caves
Slime:2:  layout_caves, basic_altar, dissolution_awaits
Slime:3:  layout_caves
Slime:4:  layout_caves
Slime:5
Orc:1:    layout_caves, gammafunk_ghost_necromancy, guppyfry_orc_lava_fort
Orc:2:    st_orc_congregation, layout_diamond_mine, gauntlet_entry_generic,
          uniq_saint_roka
Elf:1:    minmay_elf_arrival_plus, layout_loops_corners, serial_shops, shop,
          minivault_28, minmay_shoptagon
Elf:2:    elven_hall_of_blades_hangedman_alternative
          [nicolae_blade_entry_diamond_columns], layout_rooms,
          portal_desolation_entry_nicolae_slug, minmay_shop_grove, uniq_louise
Elf:3:    elf_hall_gauntlet_wide, layout_onion_city, basic_altar,
          kennysheep_underground_church
Vaults:1: nicolae_vaults_theta, nicolae_vaults_what_the_h, v_rooms_6,
          ontoclasm_vaults_shuriken, nicolae_vaults_little_squares_6,
          hangedman_vaults_slither, nicolae_vaults_mini_display_case, v_misc_9,
          v_rooms_4, vaults_mumra_lcd, ontoclasm_vaults_ring_small,
          layout_vaults_omnibox
Vaults:2: vaults_mumra_hexcomb, v_misc_26, nicolae_vaults_little_squares_1,
          hangedman_vaults_unwind, v_pattern_1, v_misc_32, vaults_room_corners,
          nicolae_vaults_meeting, hangedman_vaults_impose,
          vaults_dpeg_encased_lava, layout_vaults_maze, uniq_margery
Vaults:3: nicolae_vaults_disjoint_gnomons, vaults_room_hallway,
          vaults_standard_mumra_lines, ontoclasm_vaults_loading_screen,
          minmay_crypt_entry_simple_sparse, v_misc_33, v_alt_pattern_2,
          v_misc_27, nicolae_vaults_angled_halls, nicolae_vaults_theta,
          vaults_dpeg_hooks, layout_vaults_omnicross
Vaults:4: mu_enter_wizlab_5, vaults_dpeg_ring, v_misc_5,
          hangedman_vaults_cutoff, hangedman_vaults_stitches,
          dpeg_vaults_hating_casters, ontoclasm_vaults_misaligned,
          nicolae_vaults_puzzle_piece, vaults_room_ringed_pool,
          hangedman_vaults_nails, hangedman_vaults_capsules, layout_vaults_ring,
          serial_shops, nicolae_shop_crystal
Vaults:5
Crypt:1:  layout_misc_corridors, grunt_ministairs_10, grunt_crypt_arrival_webbed
Crypt:2:  layout_gridlike, grunt_megastairs_1
Crypt:3:  grunt_crypt_end_deaths_head
Tomb:1
Tomb:2
Tomb:3:   uniq_mennas
Depths:1: dreamdust_merry_men, layout_gridlike, minmay_misc_feat_ornament,
          abyss_entry_flame_altar, hell_entry, wad_mini_maze
Depths:2: box_level_dp, hell_entry, pan_entry
Depths:3: grated_community_mu [grated_community_mu_vampire_home,
          grated_community_mu_giant_home, grated_community_mu_spellcaster_home,
          grated_community_mu_orcish_home, grated_community_mu_troll_home,
          grated_community_mu_taur_home, grated_community_mu_unbuilt_plot],
          layout_cave_pools, nicolae_vehumet_radiance, hell_entry, abyss_entry
Depths:4: evilmike_zot_entry_basic, layout_gridlike, enter_ziggurat_f,
          corexii_leaking_fountain, nicolae_trove_entry_path_of_doom,
          grunt_hell_horde, uniq_jory
Hell
Dis:1:    lightli_tower_of_babel
Dis:2:    layout_gridville
Dis:3:    layout_regular_city
Dis:4:    layout_regular_city
Dis:5:    layout_subdivisions
Dis:6:    layout_jigsaw, nicolae_dis_grated_feature
Dis:7:    dis_st
Geh:1:    layout_gehenna_pools_basic
Geh:2:    layout_gehenna_lava_caves
Geh:4:    layout_gehenna_pools_basic
Geh:5:    layout_gehenna_lava_caves
Geh:6:    layout_gehenna_pools_basic, nicolae_geh_lava_shack
Geh:7:    geh_grunt_pentagon
Coc:1:    layout_cocytus_delve, nicolae_hells_seeping_fissure
Coc:2:    layout_cocytus_delve
Coc:3:    layout_cocytus_water_paths
Coc:4:    layout_cocytus_delve
Coc:6:    layout_cocytus_delve, nicolae_coc_icebean_singular
          [nicolae_sub_coc_subbean]
Coc:7:    coc_grunt_cove [coc_grunt_cove_antaeus, coc_grunt_cove_fiend,
          coc_grunt_cove_fiend, coc_grunt_cove_fiend, coc_grunt_cove_fiend]
Tar:1:    layout_cathedral_of_symmetry
Tar:2:    layout_catacombs, grunt_tartarus_stairs_gauntlet_trap
Tar:3:    layout_grid_maze
Tar:4:    layout_grid_maze
Tar:5:    layout_cathedral_of_symmetry, nicolae_tar_grid_combs
Tar:6:    layout_honeycomb
Tar:7:    tar_grunt_cathedral
Zot:1:    layout_twisted_circle
Zot:2:    layout_gridlike, uniq_josephina
Zot:3:    layout_misc_corridors
Zot:4:    kennysheep_blocky_hall, layout_cathedral_of_symmetry, uniq_parghit
Zot:5:    layout_gridlike, st_stairs_2, grunt_ministairs_3

Skill      XL: |  1  2  3  4  5  6  7  8  9 10 11 12 13 14 15 16 17 18 19 20 21 22 23 24 25 26 27 |
---------------+----------------------------------------------------------------------------------+-----
Conjurations   | 2 3 4 5 6 7 8 9 10 11 12 13 14 15 16 27 | 27.0
Spellcasting   | 5 6 7 8 9 10 11 12 13 14 15 16 17 18 19 27 | 27.0
Invocations    | 1 2 3 4 5 6 7 8 10 11 12 13 14 15 16 17 18 19 20 27 | 27.0
Fighting       | 1 2 3 5 6 7 8 9 10 11 12 13 14 15 16 17 18 27 | 27.0
Short Blades   | 1 2 3 5 6 7 8 9 10 11 12 13 14 15 16 17 18 27 | 27.0
Long Blades    | 1 2 3 5 6 7 8 9 10 11 12 13 14 15 16 17 18 27 | 27.0
Axes           | 1 2 3 5 6 7 8 9 10 11 12 13 14 15 16 17 18 27 | 27.0
Maces & Flails | 1 2 3 5 6 7 8 9 10 11 12 13 14 15 16 17 18 27 | 27.0
Polearms       | 1 2 3 5 6 7 8 9 10 11 12 13 14 15 16 17 18 27 | 27.0
Staves         | 1 2 3 5 6 7 8 9 10 11 12 13 14 15 16 17 18 27 | 27.0
Ranged Weapons | 1 2 3 5 6 7 8 9 10 11 12 13 14 15 16 17 18 27 | 27.0
Throwing       | 1 2 3 5 6 7 8 9 10 11 12 13 14 15 16 17 18 27 | 27.0
Armour         | 1 2 3 5 6 7 8 9 10 11 12 13 14 15 16 17 18 27 | 27.0
Shields        | 1 2 3 5 6 7 8 9 10 11 12 13 14 15 16 17 18 27 | 27.0
Unarmed Combat | 1 2 3 5 6 7 8 9 10 11 12 13 14 15 16 17 18 27 | 27.0
Evocations     | 1 2 3 5 6 7 8 9 10 11 12 13 14 15 16 17 18 27 | 27.0
Hexes          | 1 2 3 4 5 6 7 8 9 10 11 12 13 14 15 27 | 27.0
Summonings     | 1 2 3 4 5 6 7 8 9 10 11 12 13 14 15 25 | 25.9
Necromancy     | 1 2 3 4 5 6 7 8 9 10 11 12 13 14 15 25 | 25.9
Translocations | 1 2 3 4 5 6 7 8 9 10 11 12 13 14 15 25 | 25.9
Transmutations | 1 2 3 4 5 6 7 8 9 10 11 12 13 14 15 25 | 25.9
Fire Magic     | 1 2 3 4 5 6 7 8 9 10 11 12 13 14 15 25 | 25.9
Ice Magic      | 1 2 3 4 5 6 7 8 9 10 11 12 13 14 15 27 | 27.0
Earth Magic    | 1 2 3 4 5 6 7 8 9 10 11 12 13 14 15 27 | 27.0
Poison Magic   | 1 2 3 4 5 6 7 8 9 10 11 12 13 14 15 25 | 25.9
Dodging        | 5 6 7 8 9 10 11 12 13 14 15 16 17 18 19 27 | 27.0
Stealth        | 5 6 7 8 9 10 11 12 13 14 15 16 17 18 19 27 | 27.0
Air Magic      | 6 7 8 9 10 11 12 13 14 15 16 26 | 26.3

Action                   |  1- 3 |  4- 6 |  7- 9 | 10-12 | 13-15 | 16-18 | 19-21 | 22-24 | 25-27 || total
-------------------------+-------+-------+-------+-------+-------+-------+-------+-------+-------++-------
Melee: Quarterstaff      |       |       |     4 |     3 |       |       |       |       |       ||     7
       Staff             |       |       |       |       |       |    90 |   175 |   213 |  1936 ||  2414
       Bite              |       |       |       |       |       |    16 |    42 |   117 |   757 ||   932
       Eveningstar       |       |       |       |       |       |       |     3 |   367 |       ||   370
       Mace              |       |       |       |       |       |       |       |    43 |  1004 ||  1047
       Flail             |       |       |       |       |       |       |       |       |   263 ||   263
       Rapier            |       |       |       |       |       |       |       |       |    26 ||    26
 Fire: Arbalest          |       |       |       |   103 |   575 |       |       |       |       ||   678
Throw: Javelin           |       |       |       |       |       |       |       |       |     9 ||     9
 Cast: Shock             |    57 |   116 |   178 |   243 |     9 |    17 |       |       |       ||   620
       Static Discharge  |       |     1 |    21 |    87 |   154 |    84 |   205 |   114 |       ||   666
       Swiftness         |       |     1 |     2 |     4 |    19 |     2 |     6 |     6 |    11 ||    51
       Mephitic Cloud    |       |     1 |     3 |    17 |   114 |    29 |     2 |       |       ||   166
       Airstrike         |       |       |    42 |   158 |   129 |   825 |   631 |   551 |       ||  2336
       Ignite Poison     |       |       |     2 |     9 |    78 |    17 |       |       |       ||   106
       Freezing Cloud    |       |       |       |       |    29 |    91 |   102 |    39 |    23 ||   284
       Blink             |       |       |       |       |     2 |     2 |     2 |       |       ||     6
       Lightning Bolt    |       |       |       |       |       |    32 |    32 |    44 |       ||   108
       Fireball          |       |       |       |       |       |       |    11 |   158 |    96 ||   265
       Iron Shot         |       |       |       |       |       |       |    14 |   180 |   186 ||   380
       Passage of Golubr |       |       |       |       |       |       |       |    21 |    34 ||    55
       Dispersal         |       |       |       |       |       |       |       |     4 |    23 ||    27
       Spellforged Servi |       |       |       |       |       |       |       |    56 |   515 ||   571
       Starburst         |       |       |       |       |       |       |       |    41 |    58 ||    99
       Lehudib's Crystal |       |       |       |       |       |       |       |       |   596 ||   596
       Ignition          |       |       |       |       |       |       |       |       |   203 ||   203
       Necromutation     |       |       |       |       |       |       |       |       |   356 ||   356
       Shatter           |       |       |       |       |       |       |       |       |    33 ||    33
       Polar Vortex      |       |       |       |       |       |       |       |       |    32 ||    32
       Fire Storm        |       |       |       |       |       |       |       |       |    24 ||    24
Invok: Channel Magic     |       |       |       |       |       |     1 |     2 |     6 |    42 ||    51
       Forget Spell      |       |       |       |       |       |       |       |       |     2 ||     2
 Abil: End Transformatio |       |       |       |       |       |       |       |       |    12 ||    12
Evoke: Phantom mirror    |       |       |       |     1 |     1 |     1 |       |       |     2 ||     5
       Box of beasts     |       |       |       |     1 |     1 |       |       |       |     3 ||     5
       Wand              |       |       |       |       |       |       |     1 |       |     9 ||    10
       Phial of floods   |       |       |       |       |       |       |       |     1 |     4 ||     5
       Tin of tremorston |       |       |       |       |       |       |       |       |     1 ||     1
  Use: Scroll            |       |       |       |     9 |     9 |    10 |     8 |    10 |    48 ||    94
       Potion            |       |       |       |     1 |       |     1 |     1 |       |    60 ||    63
 Stab: Sleeping          |       |       |     1 |       |       |     2 |     3 |     5 |    20 ||    31
       Distracted        |       |       |       |       |       |     1 |     1 |     3 |   126 ||   131
       Invisible         |       |       |       |       |       |       |       |       |     3 ||     3
       Confused          |       |       |       |       |       |       |       |       |     1 ||     1
Armor: Robe              |       |     8 |     8 |       |       |       |       |       |       ||    16
       Steam dragon scal |       |       |     2 |    43 |    19 |       |       |       |       ||    64
       Quicksilver drago |       |       |       |       |    94 |   119 |    85 |   191 |   789 ||  1278
       Swamp dragon scal |       |       |       |       |       |       |    21 |       |       ||    21
       Crystal plate arm |       |       |       |       |       |       |       |       |   293 ||   293
Dodge: Dodged            |       |    19 |    46 |   141 |   283 |   250 |   227 |   606 |  2846 ||  4418
Block: Buckler           |       |       |       |       |    17 |   148 |       |       |       ||   165
       Kite shield       |       |       |       |       |       |     1 |   283 |   718 |  2490 ||  3492
       Reflection        |       |       |       |       |       |       |    90 |    49 |    79 ||   218
       Tower shield      |       |       |       |       |       |       |       |       |  1058 ||  1058
